Workbook

Sheet Portada
G3: Área de Calidade
C5: Cadro de Mando da Facultade de Comercio
C7: Indicadores do Sistema de Garantía de Calidade
C9: Índice
D10: Datos | F10: Resultados
D11: Indicadores de Centro | F11: Resumo dos Resultados
D12: Anexos do Cadro de Mando | F12: Resultados por procedementos
F13: =+CONCATENATE("Mapa de Procesos do Centro do ",Centro!E4) -> Mapa de Procesos do Centro do Curso X
F14: =+CONCATENATE("Mapa de Procesos do Centro do ",Centro!I4) -> Mapa de Procesos do Centro do Curso X+1
F15: =+CONCATENATE("Mapa de Procesos do Centro do ",Centro!M4) -> Mapa de Procesos do Centro do Curso X+2
D16: Indicadores de Grao en Comercio
D17: Indicadores de Máster Universitario en Dirección de PEMES
D18: Indicadores de Máster Universitario en Comercio Internacional
G20: Maio 2025

Sheet Centro
A2: Panel de indicadores - Cadro de mando da Facultade de Comercio
A4: Indicadores | C4: Procedimientos asociados | E4: Curso X | I4: Curso X+1 | M4: Curso X+2
A5: Cod | B5: Denominación Indicador | C5: Denominación | D5: Descripción e Fonte de Información | E5: Meta | F5: Resultado | G5: Observacións | I5: Meta | J5: Resultado | K5: Observacións | M5: Meta | N5: Resultado | O5: Observacións
A6: Indicadores dos Programas de Calidade | E6: =+COUNTIF(G$7:G$36,"meta Conseguida")+COUNTIF(G$7:G$36,"meta Non Conseguida") -> 0 | F6: =+COUNTIF(G$7:G$36,"meta Conseguida") -> 0 | G6: =+IFERROR(F6/E6,0) -> 0 | I6: =+COUNTIF(K$7:K$36,"meta Conseguida")+COUNTIF(K$7:K$36,"meta Non Conseguida") -> 0 | J6: =+COUNTIF(K$7:K$36,"meta Conseguida") -> 0 | K6: =+IFERROR(J6/I6,0) -> 0 | M6: =+COUNTIF(O$7:O$36,"meta Conseguida")+COUNTIF(O$7:O$36,"meta Non Conseguida") -> 0 | N6: =+COUNTIF(O$7:O$36,"meta Conseguida") -> 0 | O6: =+IFERROR(N6/M6,0) -> 0
A7: I6 | B7: % Participación do PAS do centro en plans de formación | C7: PE-01 Xestión do PAS | D7: Só cubrir o Resultado, é un indicador informativo. Indicar a % do centro da columna "% Formación Si" do documento do "PAS_Formación" do portal de transparencia: https://secretaria.uvigo.gal/uv/web/transparencia/informe/show/5/37/86 Son os resultados do curso 23-24 | E7: ---- | F7: 0.51351351 | G7: =+IF(ISBLANK(F7),"Introducir Resultado","Resultado Introducido") -> Resultado Introducido | I7: ---- | K7: =+IF(ISBLANK(J7),"Introducir Resultado","Resultado Introducido") -> Introducir Resultado | M7: ---- | O7: =+IF(ISBLANK(N7),"Introducir Resultado","Resultado Introducido") -> Introducir Resultado
A9: Indicadores institucionais da Universidade de Vigo
A10: I27 | B10: Nº Queixas recibidas | C10: MC-02: Xestión das queixas, suxestións e parabéns | D10: Cubrir Meta e Resultado. O indicador acádase se o resultado é igual ou inferior á meta. Indicar o Nº de queixas recibidas no curso e que sexan competencia do centro ou das súas titulacións. https://secretaria.uvigo.gal/uv/web/qsp/ | G10: =+IF(AND(ISBLANK(E10),ISBLANK(F10)),"Introducir Meta e Resultado",IF(ISBLANK(E10),"Introducir Meta",IF(ISBLANK(F10),"Introducir Resultado",IF(F10<=E10,"Meta Conseguida","Meta Non Conseguida")))) -> Introducir Meta e Resultado | K10: =+IF(AND(ISBLANK(I10),ISBLANK(J10)),"Introducir Meta e Resultado",IF(ISBLANK(I10),"Introducir Meta",IF(ISBLANK(J10),"Introducir Resultado",IF(J10<=I10,"Meta Conseguida","Meta Non Conseguida")))) -> Introducir Meta e Resultado | O10: =+IF(AND(ISBLANK(M10),ISBLANK(N10)),"Introducir Meta e Resultado",IF(ISBLANK(M10),"Introducir Meta",IF(ISBLANK(N10),"Introducir Resultado",IF(N10<=M10,"Meta Conseguida","Meta Non Conseguida")))) -> Introducir Meta e Resultado
A11: I28 | B11: % de Titulacións que renovaron a súa acreditación | C11: DO-0101: Deseño, verificación, modificación e acreditación das titulacións oficiais | D11: Cubrir Meta e Resultado Indicar a % de titulacións que se imparten no centro que renovaron a súa acreditación sobre o total das titulacións que participaron na renovación da acreditación. Ter en conta únicamente as titulacións que recibiron o informe definitivo neste curso. | G11: =+IF(AND(ISBLANK(E11),ISBLANK(F11)),"Introducir Meta e Resultado",IF(ISBLANK(E11),"Introducir Meta",IF(ISBLANK(F11),"Introducir Resultado",IF(F11>=E11,"Meta Conseguida","Meta Non Conseguida")))) -> Introducir Meta e Resultado | K11: =+IF(AND(ISBLANK(I11),ISBLANK(J11)),"Introducir Meta e Resultado",IF(ISBLANK(I11),"Introducir Meta",IF(ISBLANK(J11),"Introducir Resultado",IF(J11>=I11,"Meta Conseguida","Meta Non Conseguida")))) -> Introducir Meta e Resultado | O11: =+IF(AND(ISBLANK(M11),ISBLANK(N11)),"Introducir Meta e Resultado",IF(ISBLANK(M11),"Introducir Meta",IF(ISBLANK(N11),"Introducir Resultado",IF(N11>=M11,"Meta Conseguida","Meta Non Conseguida")))) -> Introducir Meta e Resultado
A12: I29-1 | B12: Nº Titulacións en proceso de verificación | C12: DO-0101: Deseño, verificación, modificación e acreditación das titulacións oficiais | D12: Só cubrir o Resultado, é un indicador informativo Indicar o Nº de titulacións que se imparten no centro que estan en proceso de verificación. | E12: ---- | G12: =+IF(ISBLANK(F12),"Introducir Resultado","Resultado Introducido") -> Introducir Resultado | I12: ---- | K12: =+IF(ISBLANK(J12),"Introducir Resultado","Resultado Introducido") -> Introducir Resultado | M12: ---- | O12: =+IF(ISBLANK(N12),"Introducir Resultado","Resultado Introducido") -> Introducir Resultado
A13: I29-2 | B13: Nº Titulacións en proceso de modificación substancial | C13: DO-0101: Deseño, verificación, modificación e acreditación das titulacións oficiais | D13: Só cubrir o Resultado, é un indicador informativo Indicar o Nº de titulacións que se imparten no centro que estan en proceso de modificación substancial. | E13: ---- | G13: =+IF(ISBLANK(F13),"Introducir Resultado","Resultado Introducido") -> Introducir Resultado | I13: ---- | K13: =+IF(ISBLANK(J13),"Introducir Resultado","Resultado Introducido") -> Introducir Resultado | M13: ---- | O13: =+IF(ISBLANK(N13),"Introducir Resultado","Resultado Introducido") -> Introducir Resultado
A14: I29-3 | B14: Nº Titulacións en proceso de renovación da acreditación | C14: DO-0101: Deseño, verificación, modificación e acreditación das titulacións oficiais | D14: Só cubrir o Resultado, é un indicador informativo Indicar o Nº de titulacións que se imparten no centro que estan en proceso de renovación da acreditación. | E14: ---- | G14: =+IF(ISBLANK(F14),"Introducir Resultado","Resultado Introducido") -> Introducir Resultado | I14: ---- | K14: =+IF(ISBLANK(J14),"Introducir Resultado","Resultado Introducido") -> Introducir Resultado | M14: ---- | O14: =+IF(ISBLANK(N14),"Introducir Resultado","Resultado Introducido") -> Introducir Resultado
A15: I30 | B15: % Titulacións con avaliación favorable en Seguimento | C15: DO-0102: Seguimento e mellora das titulacións | D15: Cubrir Meta e Resultado Indicar a % de titulacións que se imparten no centro que obtiveron unha avaliación Favorable no Informe de definitivo do Seguimento da ACSUG sobre o total das titulacións que participaron. Incluír únicamente as titulacións que recibiron o informe final neste curso. | G15: =+IF(AND(ISBLANK(E15),ISBLANK(F15)),"Introducir Meta e Resultado",IF(ISBLANK(E15),"Introducir Meta",IF(ISBLANK(F15),"Introducir Resultado",IF(F15>=E15,"Meta Conseguida","Meta Non Conseguida")))) -> Introducir Meta e Resultado | K15: =+IF(AND(ISBLANK(I15),ISBLANK(J15)),"Introducir Meta e Resultado",IF(ISBLANK(I15),"Introducir Meta",IF(ISBLANK(J15),"Introducir Resultado",IF(J15>=I15,"Meta Conseguida","Meta Non Conseguida")))) -> Introducir Meta e Resultado | O15: =+IF(AND(ISBLANK(M15),ISBLANK(N15)),"Introducir Meta e Resultado",IF(ISBLANK(M15),"Introducir Meta",IF(ISBLANK(N15),"Introducir Resultado",IF(N15>=M15,"Meta Conseguida","Meta Non Conseguida")))) -> Introducir Meta e Resultado
A16: I31 | B16: Nº Titulacións en proceso de Seguimento | C16: DO-0102: Seguimento e mellora das titulacións | D16: Só cubrir o Resultado, é un indicador informativo Indicar o Nº de titulacións que se imparten no centro que estan en proceso de seguimento da ACSUG | E16: ---- | G16: =+IF(ISBLANK(F16),"Introducir Resultado","Indicador Completado") -> Introducir Resultado | I16: ---- | K16: =+IF(ISBLANK(J16),"Introducir Resultado","Indicador Completado") -> Introducir Resultado | M16: ---- | O16: =+IF(ISBLANK(N16),"Introducir Resultado","Indicador Completado") -> Introducir Resultado
A17: I32 | B17: Nº Titulacións en proceso de extinción ou suspensión | C17: DO-0103: Suspensión e extinción dunha titulación | D17: Só cubrir o Resultado, é un indicador informativo Indicar o Nº de titulacións que se impartiron no centro no curso pasado, que están nun proceso de suspensión ou extinción | E17: ---- | G17: =+IF(ISBLANK(F17),"Introducir Resultado","Indicador Completado") -> Introducir Resultado | I17: ---- | K17: =+IF(ISBLANK(J17),"Introducir Resultado","Indicador Completado") -> Introducir Resultado | M17: ---- | O17: =+IF(ISBLANK(N17),"Introducir Resultado","Indicador Completado") -> Introducir Resultado
A18: I33 | B18: Nº Accións de promoción realizadas | C18: DO-0202 Promoción das titulacións | D18: Só cubrir o Resultado, é un indicador informativo Indicar o Nº de accións de promoción realizadas segundo o plan de promoción previsto polo centro e as súas titulacións. | E18: ---- | G18: =+IF(ISBLANK(F18),"Introducir Resultado","Indicador Completado") -> Introducir Resultado | I18: ---- | K18: =+IF(ISBLANK(J18),"Introducir Resultado","Indicador Completado") -> Introducir Resultado | M18: ---- | O18: =+IF(ISBLANK(N18),"Introducir Resultado","Indicador Completado") -> Introducir Resultado
A19: I34 | B19: Nº Accións de mellora definidas neste curso | C19: DO-0102: Seguimento e mellora das titulacións | D19: Só cubrir o Resultado, é un indicador informativo Nº de melloras rexistradas asociadas ao centro na aplicación SGIC neste curso | E19: ---- | G19: =+IF(ISBLANK(F19),"Introducir Resultado","Indicador Completado") -> Introducir Resultado | I19: ---- | K19: =+IF(ISBLANK(J19),"Introducir Resultado","Indicador Completado") -> Introducir Resultado | M19: ---- | O19: =+IF(ISBLANK(N19),"Introducir Resultado","Indicador Completado") -> Introducir Resultado
A20: I37 | B20: Grao de Satisfacción do estudantado co PAT | C20: DO-0203: Orientación do estudantado e atención ás NEAE | D20: Cubrir Meta e Resultado Indicar o Grao de satisfacción do estudantado co PAT, mediante unha enquisa vosa. No caso de utilizar a enquisa do Anexo IV-A da "Guía para a elaboración do PAT", incluiríase o valor do ítem 4 " Valore o grao de utilidade do PAT" | G20: =+IF(AND(ISBLANK(E20),ISBLANK(F20)),"Introducir Meta e Resultado",IF(ISBLANK(E20),"Introducir Meta",IF(ISBLANK(F20),"Introducir Resultado",IF(F20>=E20,"Meta Conseguida","Meta Non Conseguida")))) -> Introducir Meta e Resultado | K20: =+IF(AND(ISBLANK(I20),ISBLANK(J20)),"Introducir Meta e Resultado",IF(ISBLANK(I20),"Introducir Meta",IF(ISBLANK(J20),"Introducir Resultado",IF(J20>=I20,"Meta Conseguida","Meta Non Conseguida")))) -> Introducir Meta e Resultado | O20: =+IF(AND(ISBLANK(M20),ISBLANK(N20)),"Introducir Meta e Resultado",IF(ISBLANK(M20),"Introducir Meta",IF(ISBLANK(N20),"Introducir Resultado",IF(N20>=M20,"Meta Conseguida","Meta Non Conseguida")))) -> Introducir Meta e Resultado
A21: I40 | B21: Nº de procedementos actualizados no curso académico | C21: XD-01: Control dos documentos e dos rexistros | D21: Só cubrir o Resultado, é un indicador informativo Indicar o Nº de procedementos actualizados neste curso | E21: ---- | G21: =+IF(ISBLANK(F21),"Introducir Resultado","Indicador Completado") -> Introducir Resultado | I21: ---- | K21: =+IF(ISBLANK(J21),"Introducir Resultado","Indicador Completado") -> Introducir Resultado | M21: ---- | O21: =+IF(ISBLANK(N21),"Introducir Resultado","Indicador Completado") -> Introducir Resultado
A22: I41 | B22: % Rexistros en estado completado na aplicación SGIC | C22: XD-01: Control dos documentos e dos rexistros | D22: Cubrir Meta e Resultado Indicar a % de rexistros co estado "Completado" na aplicación SGIC do curso pasado | G22: =+IF(AND(ISBLANK(E22),ISBLANK(F22)),"Introducir Meta e Resultado",IF(ISBLANK(E22),"Introducir Meta",IF(ISBLANK(F22),"Introducir Resultado",IF(F22>=E22,"Meta Conseguida","Meta Non Conseguida")))) -> Introducir Meta e Resultado | K22: =+IF(AND(ISBLANK(I22),ISBLANK(J22)),"Introducir Meta e Resultado",IF(ISBLANK(I22),"Introducir Meta",IF(ISBLANK(J22),"Introducir Resultado",IF(J22>=I22,"Meta Conseguida","Meta Non Conseguida")))) -> Introducir Meta e Resultado | O22: =+IF(AND(ISBLANK(M22),ISBLANK(N22)),"Introducir Meta e Resultado",IF(ISBLANK(M22),"Introducir Meta",IF(ISBLANK(N22),"Introducir Resultado",IF(N22>=M22,"Meta Conseguida","Meta Non Conseguida")))) -> Introducir Meta e Resultado
A24: Indicadores do programa estratéxico de centro
A26: I50 | B26: Indicadores do programa estratexico do centro | C26: DE-01: Programación e desenvolvemento estratéxico | D26: Só Cubrir a Meta entre os valores [0-10] Nº dos obxectivos I50-1 ata I50-10 que se acadan | E26: =+COUNTA(G27:G36)-COUNTIF(G27:G36,"Non hai indicador")-COUNTIF(G27:G36,"Introducir Meta e Resultado") -> 0 | F26: =+COUNTIF(G27:G36,"Meta Conseguida") -> 0 | G26: =+IF(F26=0,"Ningunha Meta Alcanzada",IF(F26=E26,"Meta Totalmente Alcanzada",IF(F26>0,"Meta Parcialmente Alcanzada"))) -> Ningunha Meta Alcanzada | I26: =+COUNTA(K27:K36)-COUNTIF(K27:K36,"Non hai indicador")-COUNTIF(K27:K36,"Introducir Meta e Resultado") -> 0 | J26: =+COUNTIF(K27:K36,"Meta Conseguida") -> 0 | K26: =+IF(J26=0,"Ningunha Meta Alcanzada",IF(J26=I26,"Meta Totalmente Alcanzada",IF(J26>0,"Meta Parcialmente Alcanzada"))) -> Ningunha Meta Alcanzada | M26: =+COUNTA(O27:O36)-COUNTIF(O27:O36,"Non hai indicador")-COUNTIF(O27:O36,"Introducir Meta e Resultado") -> 0 | N26: =+COUNTIF(O27:O36,"Meta Conseguida") -> 0 | O26: =+IF(N26=0,"Ningunha Meta Alcanzada",IF(N26=M26,"Meta Totalmente Alcanzada",IF(N26>0,"Meta Parcialmente Alcanzada"))) -> Ningunha Meta Alcanzada
A27: I50-1 | B27: Indicador 1 | C27: DE-01: Programación e desenvolvemento estratéxico | D27: Este indicador está establecido polo centro, e está asociado a esta titulación. Indicar o resultado e a meta asociada. | G27: =+IF(AND(ISBLANK(E27),ISBLANK(F27)),"Introducir Meta e Resultado",IF(ISBLANK(E27),"Introducir Meta",IF(ISBLANK(F27),"Introducir Resultado",IF(F27>=E27,"Meta Conseguida","Meta Non Conseguida")))) -> Introducir Meta e Resultado | K27: =+IF(AND(ISBLANK(I27),ISBLANK(J27)),"Introducir Meta e Resultado",IF(ISBLANK(I27),"Introducir Meta",IF(ISBLANK(J27),"Introducir Resultado",IF(J27>=I27,"Meta Conseguida","Meta Non Conseguida")))) -> Introducir Meta e Resultado | O27: =+IF(AND(ISBLANK(M27),ISBLANK(N27)),"Introducir Meta e Resultado",IF(ISBLANK(M27),"Introducir Meta",IF(ISBLANK(N27),"Introducir Resultado",IF(N27>=M27,"Meta Conseguida","Meta Non Conseguida")))) -> Introducir Meta e Resultado
A28: I50-2 | B28: Indicador 2 | C28: DE-01: Programación e desenvolvemento estratéxico | D28: Este indicador está establecido polo centro, e está asociado ao centro. Indicar o resultado e a meta asociada. | G28: =+IF(AND(ISBLANK(E28),ISBLANK(F28)),"Introducir Meta e Resultado",IF(ISBLANK(E28),"Introducir Meta",IF(ISBLANK(F28),"Introducir Resultado",IF(F28>=E28,"Meta Conseguida","Meta Non Conseguida")))) -> Introducir Meta e Resultado | K28: =+IF(AND(ISBLANK(I28),ISBLANK(J28)),"Introducir Meta e Resultado",IF(ISBLANK(I28),"Introducir Meta",IF(ISBLANK(J28),"Introducir Resultado",IF(J28>=I28,"Meta Conseguida","Meta Non Conseguida")))) -> Introducir Meta e Resultado | O28: =+IF(AND(ISBLANK(M28),ISBLANK(N28)),"Introducir Meta e Resultado",IF(ISBLANK(M28),"Introducir Meta",IF(ISBLANK(N28),"Introducir Resultado",IF(N28>=M28,"Meta Conseguida","Meta Non Conseguida")))) -> Introducir Meta e Resultado
A29: I50-3 | B29: Indicador 3 | C29: DE-01: Programación e desenvolvemento estratéxico | D29: Este indicador está establecido polo centro, e está asociado ao centro. Indicar o resultado e a meta asociada. | G29: =+IF(AND(ISBLANK(E29),ISBLANK(F29)),"Introducir Meta e Resultado",IF(ISBLANK(E29),"Introducir Meta",IF(ISBLANK(F29),"Introducir Resultado",IF(F29>=E29,"Meta Conseguida","Meta Non Conseguida")))) -> Introducir Meta e Resultado | K29: =+IF(AND(ISBLANK(I29),ISBLANK(J29)),"Introducir Meta e Resultado",IF(ISBLANK(I29),"Introducir Meta",IF(ISBLANK(J29),"Introducir Resultado",IF(J29>=I29,"Meta Conseguida","Meta Non Conseguida")))) -> Introducir Meta e Resultado | O29: =+IF(AND(ISBLANK(M29),ISBLANK(N29)),"Introducir Meta e Resultado",IF(ISBLANK(M29),"Introducir Meta",IF(ISBLANK(N29),"Introducir Resultado",IF(N29>=M29,"Meta Conseguida","Meta Non Conseguida")))) -> Introducir Meta e Resultado
A30: I50-4 | B30: Indicador 4 | C30: DE-01: Programación e desenvolvemento estratéxico | D30: Este indicador está establecido polo centro, e está asociado ao centro. Indicar o resultado e a meta asociada. | G30: =+IF(AND(ISBLANK(E30),ISBLANK(F30)),"Introducir Meta e Resultado",IF(ISBLANK(E30),"Introducir Meta",IF(ISBLANK(F30),"Introducir Resultado",IF(F30>=E30,"Meta Conseguida","Meta Non Conseguida")))) -> Introducir Meta e Resultado | K30: =+IF(AND(ISBLANK(I30),ISBLANK(J30)),"Introducir Meta e Resultado",IF(ISBLANK(I30),"Introducir Meta",IF(ISBLANK(J30),"Introducir Resultado",IF(J30>=I30,"Meta Conseguida","Meta Non Conseguida")))) -> Introducir Meta e Resultado | O30: =+IF(AND(ISBLANK(M30),ISBLANK(N30)),"Introducir Meta e Resultado",IF(ISBLANK(M30),"Introducir Meta",IF(ISBLANK(N30),"Introducir Resultado",IF(N30>=M30,"Meta Conseguida","Meta Non Conseguida")))) -> Introducir Meta e Resultado
A31: I50-5 | B31: Indicador 5 | C31: DE-01: Programación e desenvolvemento estratéxico | D31: Este indicador está establecido polo centro, e está asociado ao centro. Indicar o resultado e a meta asociada. | G31: =+IF(AND(ISBLANK(E31),ISBLANK(F31)),"Introducir Meta e Resultado",IF(ISBLANK(E31),"Introducir Meta",IF(ISBLANK(F31),"Introducir Resultado",IF(F31>=E31,"Meta Conseguida","Meta Non Conseguida")))) -> Introducir Meta e Resultado | K31: =+IF(AND(ISBLANK(I31),ISBLANK(J31)),"Introducir Meta e Resultado",IF(ISBLANK(I31),"Introducir Meta",IF(ISBLANK(J31),"Introducir Resultado",IF(J31>=I31,"Meta Conseguida","Meta Non Conseguida")))) -> Introducir Meta e Resultado | O31: =+IF(AND(ISBLANK(M31),ISBLANK(N31)),"Introducir Meta e Resultado",IF(ISBLANK(M31),"Introducir Meta",IF(ISBLANK(N31),"Introducir Resultado",IF(N31>=M31,"Meta Conseguida","Meta Non Conseguida")))) -> Introducir Meta e Resultado
A32: I50-6 | B32: Indicador 6 | C32: DE-01: Programación e desenvolvemento estratéxico | D32: Este indicador está establecido polo centro, e está asociado ao centro. Indicar o resultado e a meta asociada. | G32: =+IF(AND(ISBLANK(E32),ISBLANK(F32)),"Introducir Meta e Resultado",IF(ISBLANK(E32),"Introducir Meta",IF(ISBLANK(F32),"Introducir Resultado",IF(F32>=E32,"Meta Conseguida","Meta Non Conseguida")))) -> Introducir Meta e Resultado | K32: =+IF(AND(ISBLANK(I32),ISBLANK(J32)),"Introducir Meta e Resultado",IF(ISBLANK(I32),"Introducir Meta",IF(ISBLANK(J32),"Introducir Resultado",IF(J32>=I32,"Meta Conseguida","Meta Non Conseguida")))) -> Introducir Meta e Resultado | O32: =+IF(AND(ISBLANK(M32),ISBLANK(N32)),"Introducir Meta e Resultado",IF(ISBLANK(M32),"Introducir Meta",IF(ISBLANK(N32),"Introducir Resultado",IF(N32>=M32,"Meta Conseguida","Meta Non Conseguida")))) -> Introducir Meta e Resultado
A33: I50-7 | B33: Indicador 7 | C33: DE-01: Programación e desenvolvemento estratéxico | D33: Este indicador está establecido polo centro, e está asociado ao centro. Indicar o resultado e a meta asociada. | G33: =+IF(AND(ISBLANK(E33),ISBLANK(F33)),"Introducir Meta e Resultado",IF(ISBLANK(E33),"Introducir Meta",IF(ISBLANK(F33),"Introducir Resultado",IF(F33>=E33,"Meta Conseguida","Meta Non Conseguida")))) -> Introducir Meta e Resultado | K33: =+IF(AND(ISBLANK(I33),ISBLANK(J33)),"Introducir Meta e Resultado",IF(ISBLANK(I33),"Introducir Meta",IF(ISBLANK(J33),"Introducir Resultado",IF(J33>=I33,"Meta Conseguida","Meta Non Conseguida")))) -> Introducir Meta e Resultado | O33: =+IF(AND(ISBLANK(M33),ISBLANK(N33)),"Introducir Meta e Resultado",IF(ISBLANK(M33),"Introducir Meta",IF(ISBLANK(N33),"Introducir Resultado",IF(N33>=M33,"Meta Conseguida","Meta Non Conseguida")))) -> Introducir Meta e Resultado
A34: I50-8 | B34: Indicador 8 | C34: DE-01: Programación e desenvolvemento estratéxico | D34: Este indicador está establecido polo centro, e está asociado ao centro. Indicar o resultado e a meta asociada. | G34: =+IF(AND(ISBLANK(E34),ISBLANK(F34)),"Introducir Meta e Resultado",IF(ISBLANK(E34),"Introducir Meta",IF(ISBLANK(F34),"Introducir Resultado",IF(F34>=E34,"Meta Conseguida","Meta Non Conseguida")))) -> Introducir Meta e Resultado | K34: =+IF(AND(ISBLANK(I34),ISBLANK(J34)),"Introducir Meta e Resultado",IF(ISBLANK(I34),"Introducir Meta",IF(ISBLANK(J34),"Introducir Resultado",IF(J34>=I34,"Meta Conseguida","Meta Non Conseguida")))) -> Introducir Meta e Resultado | O34: =+IF(AND(ISBLANK(M34),ISBLANK(N34)),"Introducir Meta e Resultado",IF(ISBLANK(M34),"Introducir Meta",IF(ISBLANK(N34),"Introducir Resultado",IF(N34>=M34,"Meta Conseguida","Meta Non Conseguida")))) -> Introducir Meta e Resultado
A35: I50-9 | B35: Indicador 9 | C35: DE-01: Programación e desenvolvemento estratéxico | D35: Este indicador está establecido polo centro, e está asociado ao centro. Indicar o resultado e a meta asociada. | G35: =+IF(AND(ISBLANK(E35),ISBLANK(F35)),"Introducir Meta e Resultado",IF(ISBLANK(E35),"Introducir Meta",IF(ISBLANK(F35),"Introducir Resultado",IF(F35>=E35,"Meta Conseguida","Meta Non Conseguida")))) -> Introducir Meta e Resultado | K35: =+IF(AND(ISBLANK(I35),ISBLANK(J35)),"Introducir Meta e Resultado",IF(ISBLANK(I35),"Introducir Meta",IF(ISBLANK(J35),"Introducir Resultado",IF(J35>=I35,"Meta Conseguida","Meta Non Conseguida")))) -> Introducir Meta e Resultado | O35: =+IF(AND(ISBLANK(M35),ISBLANK(N35)),"Introducir Meta e Resultado",IF(ISBLANK(M35),"Introducir Meta",IF(ISBLANK(N35),"Introducir Resultado",IF(N35>=M35,"Meta Conseguida","Meta Non Conseguida")))) -> Introducir Meta e Resultado
A36: I50-10 | B36: Indicador 10 | C36: DE-01: Programación e desenvolvemento estratéxico | D36: Este indicador está establecido polo centro, e está asociado ao centro. Indicar o resultado e a meta asociada. | G36: =+IF(AND(ISBLANK(E36),ISBLANK(F36)),"Introducir Meta e Resultado",IF(ISBLANK(E36),"Introducir Meta",IF(ISBLANK(F36),"Introducir Resultado",IF(F36>=E36,"Meta Conseguida","Meta Non Conseguida")))) -> Introducir Meta e Resultado | K36: =+IF(AND(ISBLANK(I36),ISBLANK(J36)),"Introducir Meta e Resultado",IF(ISBLANK(I36),"Introducir Meta",IF(ISBLANK(J36),"Introducir Resultado",IF(J36>=I36,"Meta Conseguida","Meta Non Conseguida")))) -> Introducir Meta e Resultado | O36: =+IF(AND(ISBLANK(M36),ISBLANK(N36)),"Introducir Meta e Resultado",IF(ISBLANK(M36),"Introducir Meta",IF(ISBLANK(N36),"Introducir Resultado",IF(N36>=M36,"Meta Conseguida","Meta Non Conseguida")))) -> Introducir Meta e Resultado

Sheet GComer
A2: Panel de indicadores- Cadro de mando do Grao en Comercio
A4: Indicadores | C4: Procedimientos asociados | E4: =+Centro!E4 -> Curso X | I4: =+Centro!I4 -> Curso X+1 | M4: =+Centro!M4 -> Curso X+2
A5: Cod | B5: Denominación Indicador | C5: Denominación | D5: Descripción e Fonte de Información | E5: Meta | F5: Resultado | G5: Observacións | I5: Meta | J5: Resultado | K5: Observacións | M5: Meta | N5: Resultado | O5: Observacións
A6: Indicadores dos Programas de Calidade
A7: I1-I2 | B7: Nº Estudantes de novo ingreso (Grao e Máster) | C7: AC-01: Acceso, evolución e Expedición de Titulos Oficiais | D7: Cubrir Meta e Resultado Elixir o documento Grao ACC_1 ou Máster ACC_1, segundo o caso: https://secretaria.uvigo.gal/uv/web/transparencia/informe/show/5/51/63 Os resultados son do curso 23/24 | F7: 73 | G7: =+IF(AND(ISBLANK(E7),ISBLANK(F7)),"Introducir Meta e Resultado",IF(ISBLANK(E7),"Introducir Meta",IF(ISBLANK(F7),"Introducir Resultado",IF(F7>=E7,"Meta Conseguida","Meta Non Conseguida")))) -> Introducir Meta | K7: =+IF(AND(ISBLANK(I7),ISBLANK(J7)),"Introducir Meta e Resultado",IF(ISBLANK(I7),"Introducir Meta",IF(ISBLANK(J7),"Introducir Resultado",IF(J7>=I7,"Meta Conseguida","Meta Non Conseguida")))) -> Introducir Meta e Resultado | O7: =+IF(AND(ISBLANK(M7),ISBLANK(N7)),"Introducir Meta e Resultado",IF(ISBLANK(M7),"Introducir Meta",IF(ISBLANK(N7),"Introducir Resultado",IF(N7>=M7,"Meta Conseguida","Meta Non Conseguida")))) -> Introducir Meta e Resultado
A8: I3 | B8: Indicadores de mobilidade do estudantado | C8: DO-0205: Xestión da mobilidade | D8: Nº dos obxectivos I3-1 e I3-2 que se acadan | E8: =+COUNTA(E9:E10) -> 0 | F8: =+COUNTIF(G9:G10,"Meta Conseguida") -> 0 | G8: =+IF(F8=0,"Ningunha Meta Alcanzada",IF(F8>=E8,"Meta Totalmente Alcanzada",IF(F8>0,"Meta Parcialmente Alcanzada"))) -> Ningunha Meta Alcanzada | I8: =+COUNTA(I9:I10) -> 0 | J8: =+COUNTIF(K9:K10,"Meta Conseguida") -> 0 | K8: =+IF(J8=0,"Ningunha Meta Alcanzada",IF(J8>=I8,"Meta Totalmente Alcanzada",IF(J8>0,"Meta Parcialmente Alcanzada"))) -> Ningunha Meta Alcanzada | M8: =+COUNTA(M9:M10) -> 0 | N8: =+COUNTIF(O9:O10,"Meta Conseguida") -> 0 | O8: =+IF(N8=0,"Ningunha Meta Alcanzada",IF(N8>=M8,"Meta Totalmente Alcanzada",IF(N8>0,"Meta Parcialmente Alcanzada"))) -> Ningunha Meta Alcanzada
A9: I3-1 | B9: Nº Estudantes propios que participan en programas de mobilidade | C9: DO-0205: Xestión da mobilidade | D9: Cubrir Meta e Resultado Selecciónar o dato da titulación da columna "Total_SAÍNTE" da Folla Mobilidade_TOTAL do documento "Mobilidade" do portal de transparencia. https://secretaria.uvigo.gal/uv/web/transparencia/informe/show/5/4/19 Os resultados son do curso 23/24 | F9: 22 | G9: =+IF(AND(ISBLANK(E9),ISBLANK(F9)),"Introducir Meta e Resultado",IF(ISBLANK(E9),"Introducir Meta",IF(ISBLANK(F9),"Introducir Resultado",IF(F9>=E9,"Meta Conseguida","Meta Non Conseguida")))) -> Introducir Meta | K9: =+IF(AND(ISBLANK(I9),ISBLANK(J9)),"Introducir Meta e Resultado",IF(ISBLANK(I9),"Introducir Meta",IF(ISBLANK(J9),"Introducir Resultado",IF(J9>=I9,"Meta Conseguida","Meta Non Conseguida")))) -> Introducir Meta e Resultado | O9: =+IF(AND(ISBLANK(M9),ISBLANK(N9)),"Introducir Meta e Resultado",IF(ISBLANK(M9),"Introducir Meta",IF(ISBLANK(N9),"Introducir Resultado",IF(N9>=M9,"Meta Conseguida","Meta Non Conseguida")))) -> Introducir Meta e Resultado
A10: I3-2 | B10: % Estudantes que participan en programas de mobilidade | C10: DO-0205: Xestión da mobilidade | D10: Só Cubrir a Meta. O Resultado calcúlase de xeito automático % Estudantado que participa en programas de mobilidade con relación ao estudantado matriculado. Porcentaxe que se calcula de xeito automático, a partir do indicador I3-1 e I45 | F10: =+IFERROR(F$9/F$87,0) -> 0.068965517 | G10: =+IF(AND(ISBLANK(E10),ISBLANK(F10)),"Introducir Meta e Resultado",IF(ISBLANK(E10),"Introducir Meta",IF(ISBLANK(F10),"Introducir Resultado",IF(F10>=E10,"Meta Conseguida","Meta Non Conseguida")))) -> Introducir Meta | J10: =+IFERROR(J$9/J$87,0) -> 0 | K10: =+IF(AND(ISBLANK(I10),ISBLANK(J10)),"Introducir Meta e Resultado",IF(ISBLANK(I10),"Introducir Meta",IF(ISBLANK(J10),"Introducir Resultado",IF(J10>=I10,"Meta Conseguida","Meta Non Conseguida")))) -> Introducir Meta | N10: =+IFERROR(N$9/N$87,0) -> 0 | O10: =+IF(AND(ISBLANK(M10),ISBLANK(N10)),"Introducir Meta e Resultado",IF(ISBLANK(M10),"Introducir Meta",IF(ISBLANK(N10),"Introducir Resultado",IF(N10>=M10,"Meta Conseguida","Meta Non Conseguida")))) -> Introducir Meta
A11: I4 | B11: Resultados dos indicadores do SGC | C11: DE-02 Seguimento e Medición | D11: Non Cubrir a Meta nin o Resultado. Calcúlanse de xeito automático Este indicador mostra a porcentaxe dos obxectivos que acadan as súas metas establecidas. | E11: =+F11+COUNTIF(G$7:G$10,"Meta non Conseguida")+COUNTIF(G$12:G$102,"Meta non Conseguida") -> 0 | F11: =+COUNTIF(G$6:G$10,"Meta Conseguida")+COUNTIF(G$12:G$102,"Meta Conseguida") -> 0 | G11: =+IFERROR(F11/E11,"Introducir Meta") -> Introducir Meta | I11: =+J11+COUNTIF(K$7:K$10,"Meta non Conseguida")+COUNTIF(K$12:K$102,"Meta non Conseguida") -> 0 | J11: =+COUNTIF(K$6:K$10,"Meta Conseguida")+COUNTIF(K$12:K$102,"Meta Conseguida") -> 0 | K11: =+IFERROR(J11/I11,"Introducir Meta") -> Introducir Meta | M11: =+N11+COUNTIF(O$7:O$10,"Meta non Conseguida")+COUNTIF(O$12:O$102,"Meta non Conseguida") -> 0 | N11: =+COUNTIF(O$6:O$10,"Meta Conseguida")+COUNTIF(O$12:O$102,"Meta Conseguida") -> 0 | O11: =+IFERROR(N11/M11,"Introducir Meta") -> Introducir Meta
A12: I5 | B12: Indicadores de formación do PDI | C12: PE-02 Xestión de PDI | D12: Nº dos obxectivos I5-1 e I5-2 que se acadan | E12: =+COUNTA(E13:E14) -> 0 | F12: =+COUNTIF(G13:G14,"Meta Conseguida") -> 0 | G12: =+IF(F12=0,"Ningunha Meta Alcanzada",IF(F12>=E12,"Meta Totalmente Alcanzada",IF(F12>0,"Meta Parcialmente Alcanzada"))) -> Ningunha Meta Alcanzada | I12: =+COUNTA(I13:I14) -> 0 | J12: =+COUNTIF(K13:K14,"Meta Conseguida") -> 0 | K12: =+IF(J12=0,"Ningunha Meta Alcanzada",IF(J12>=I12,"Meta Totalmente Alcanzada",IF(J12>0,"Meta Parcialmente Alcanzada"))) -> Ningunha Meta Alcanzada | M12: =+COUNTA(M13:M14) -> 0 | N12: =+COUNTIF(O13:O14,"Meta Conseguida") -> 0 | O12: =+IF(N12=0,"Ningunha Meta Alcanzada",IF(N12>=M12,"Meta Totalmente Alcanzada",IF(N12>0,"Meta Parcialmente Alcanzada"))) -> Ningunha Meta Alcanzada
A13: I5-1 | B13: Nº PDI en plans de formación do título | C13: PE-02 Xestión de PDI | D13: Cubrir Meta e Resultado Seleccionar o dato na consulta "FOR.Formación e mobilidade do PDI" do portal de transparencia https://secretaria.uvigo.gal/uv/web/transparencia/informe/show/5/34/68 Os resultados son do curso 23/24 | F13: 16 | G13: =+IF(AND(ISBLANK(E13),ISBLANK(F13)),"Introducir Meta e Resultado",IF(ISBLANK(E13),"Introducir Meta",IF(ISBLANK(F13),"Introducir Resultado",IF(F13>=E13,"Meta Conseguida","Meta Non Conseguida")))) -> Introducir Meta | K13: =+IF(AND(ISBLANK(I13),ISBLANK(J13)),"Introducir Meta e Resultado",IF(ISBLANK(I13),"Introducir Meta",IF(ISBLANK(J13),"Introducir Resultado",IF(J13>=I13,"Meta Conseguida","Meta Non Conseguida")))) -> Introducir Meta e Resultado | O13: =+IF(AND(ISBLANK(M13),ISBLANK(N13)),"Introducir Meta e Resultado",IF(ISBLANK(M13),"Introducir Meta",IF(ISBLANK(N13),"Introducir Resultado",IF(N13>=M13,"Meta Conseguida","Meta Non Conseguida")))) -> Introducir Meta e Resultado
A14: I5-2 | B14: % Participación do PDI do título en plans de formación | C14: PE-02 Xestión de PDI | D14: Cubrir a Meta. O Resultado calcúlase de xeito automático. É a porcentaxe do PDI que participa en plans de formación, que se calcula de xeito automático a partir do indicador I5-1 e I46 | F14: =+IFERROR(F$13/F$88,0) -> 0.26229508 | G14: =+IF(AND(ISBLANK(E14),ISBLANK(F14)),"Introducir Meta e Resultado",IF(ISBLANK(E14),"Introducir Meta",IF(ISBLANK(F14),"Introducir Resultado",IF(F14>=E14,"Meta Conseguida","Meta Non Conseguida")))) -> Introducir Meta | J14: =+IFERROR(J$13/J$88,0) -> 0 | K14: =+IF(AND(ISBLANK(I14),ISBLANK(J14)),"Introducir Meta e Resultado",IF(ISBLANK(I14),"Introducir Meta",IF(ISBLANK(J14),"Introducir Resultado",IF(J14>=I14,"Meta Conseguida","Meta Non Conseguida")))) -> Introducir Meta | N14: =+IFERROR(N$13/N$88,0) -> 0 | O14: =+IF(AND(ISBLANK(M14),ISBLANK(N14)),"Introducir Meta e Resultado",IF(ISBLANK(M14),"Introducir Meta",IF(ISBLANK(N14),"Introducir Resultado",IF(N14>=M14,"Meta Conseguida","Meta Non Conseguida")))) -> Introducir Meta
A15: I6-AI | B15: % Participación do PDI en Grupos de Innovación Docente | C15: PE-02 Xestión de PDI | D15: Só cubrir o Resultado, é un indicador informativo E a porcentaxe do PDI que participa en Grupos de innovación docente | E15: ---- | F15: 0.032786885 | G15: =+IF(ISBLANK(F15),"Introducir Resultado","Resultado Introducido") -> Resultado Introducido | I15: ---- | K15: =+IF(ISBLANK(J15),"Introducir Resultado","Resultado Introducido") -> Introducir Resultado | M15: ---- | O15: =+IF(ISBLANK(N15),"Introducir Resultado","Resultado Introducido") -> Introducir Resultado
A16: I7 | B16: % PDI do título avaliado polo programa DOCENTIA e resultados obtidos | C16: PE-02 Xestión de PDI | D16: Nº dos obxectivos (I7-1 e I7-2) que se acadan | E16: =+COUNTA(E17:E18) -> 0 | F16: =+COUNTIF(G17:G18,"Meta Conseguida") -> 0 | G16: =+IF(F16=0,"Ningunha Meta Alcanzada",IF(F16>=E16,"Meta Totalmente Alcanzada",IF(F16>0,"Meta Parcialmente Alcanzada"))) -> Ningunha Meta Alcanzada | I16: =+COUNTA(I17:I18) -> 0 | J16: =+COUNTIF(K17:K18,"Meta Conseguida") -> 0 | K16: =+IF(J16=0,"Ningunha Meta Alcanzada",IF(J16>=I16,"Meta Totalmente Alcanzada",IF(J16>0,"Meta Parcialmente Alcanzada"))) -> Ningunha Meta Alcanzada | M16: =+COUNTA(M17:M18) -> 0 | N16: =+COUNTIF(O17:O18,"Meta Conseguida") -> 0 | O16: =+IF(N16=0,"Ningunha Meta Alcanzada",IF(N16>=M16,"Meta Totalmente Alcanzada",IF(N16>0,"Meta Parcialmente Alcanzada"))) -> Ningunha Meta Alcanzada
A17: I7-1 | B17: Nº PDI avaliado en DOCENTIA | C17: PE-02 Xestión de PDI | D17: Cubrir Meta e Resultado Nº acumulado do PDI avaliado en todas as convocatorias do Docentia. Sumar o PDI avaliado do conxunto das convocatorias de avaliación (Suma das 4 convocatorias) | F17: 16 | G17: =+IF(AND(ISBLANK(E17),ISBLANK(F17)),"Introducir Meta e Resultado",IF(ISBLANK(E17),"Introducir Meta",IF(ISBLANK(F17),"Introducir Resultado",IF(F17>=E17,"Meta Conseguida","Meta Non Conseguida")))) -> Introducir Meta | K17: =+IF(AND(ISBLANK(I17),ISBLANK(J17)),"Introducir Meta e Resultado",IF(ISBLANK(I17),"Introducir Meta",IF(ISBLANK(J17),"Introducir Resultado",IF(J17>=I17,"Meta Conseguida","Meta Non Conseguida")))) -> Introducir Meta e Resultado | O17: =+IF(AND(ISBLANK(M17),ISBLANK(N17)),"Introducir Meta e Resultado",IF(ISBLANK(M17),"Introducir Meta",IF(ISBLANK(N17),"Introducir Resultado",IF(N17>=M17,"Meta Conseguida","Meta Non Conseguida")))) -> Introducir Meta e Resultado
A18: I7-2 | B18: % PDI que participa en DOCENTIA | C18: PE-02 Xestión de PDI | D18: Só Cubrir a Meta. O Resultado calcúlase de xeito automático. % do PDI avaliado entre o Nº total de PDI que imparte docencia na titulación, que se calcula a partir do indicador I7-1 e I46. | F18: =+IFERROR(F$17/F$88,0) -> 0.26229508 | G18: =+IF(AND(ISBLANK(E18),ISBLANK(F18)),"Introducir Meta e Resultado",IF(ISBLANK(E18),"Introducir Meta",IF(ISBLANK(F18),"Introducir Resultado",IF(F18>=E18,"Meta Conseguida","Meta Non Conseguida")))) -> Introducir Meta | J18: =+IFERROR(J$17/J$88,0) -> 0 | K18: =+IF(AND(ISBLANK(I18),ISBLANK(J18)),"Introducir Meta e Resultado",IF(ISBLANK(I18),"Introducir Meta",IF(ISBLANK(J18),"Introducir Resultado",IF(J18>=I18,"Meta Conseguida","Meta Non Conseguida")))) -> Introducir Meta | N18: =+IFERROR(N$17/N$88,0) -> 0 | O18: =+IF(AND(ISBLANK(M18),ISBLANK(N18)),"Introducir Meta e Resultado",IF(ISBLANK(M18),"Introducir Meta",IF(ISBLANK(N18),"Introducir Resultado",IF(N18>=M18,"Meta Conseguida","Meta Non Conseguida")))) -> Introducir Meta
A19: I7-3 | B19: Resultados do PDI avaliado | C19: PE-02 Xestión de PDI | D19: Engadir a información da titulación da táboa "2.7 Resultados por centro" do informe institucional de resultados na folla de anexos https://www.uvigo.gal/universidade/calidade/programas-calidade/docencia/programa-docentia | E19: ---- | F19: ---- | G19: ---- | I19: ---- | J19: ---- | K19: ---- | M19: ---- | N19: ---- | O19: ----
A20: I8 | B20: Indicadores de mobilidade do PDI | C20: PE-02 Xestión de PDI | D20: Nº dos obxectivos (I8-1 e I8-2) que se acadan | E20: =+COUNTA(E21:E22) -> 0 | F20: =+COUNTIF(G21:G22,"Meta Conseguida") -> 0 | G20: =+IF(F20=0,"Ningunha Meta Alcanzada",IF(F20>=E20,"Meta Totalmente Alcanzada",IF(F20>0,"Meta Parcialmente Alcanzada"))) -> Ningunha Meta Alcanzada | I20: =+COUNTA(I21:I22) -> 0 | J20: =+COUNTIF(K21:K22,"Meta Conseguida") -> 0 | K20: =+IF(J20=0,"Ningunha Meta Alcanzada",IF(J20>=I20,"Meta Totalmente Alcanzada",IF(J20>0,"Meta Parcialmente Alcanzada"))) -> Ningunha Meta Alcanzada | M20: =+COUNTA(M21:M22) -> 0 | N20: =+COUNTIF(O21:O22,"Meta Conseguida") -> 0 | O20: =+IF(N20=0,"Ningunha Meta Alcanzada",IF(N20>=M20,"Meta Totalmente Alcanzada",IF(N20>0,"Meta Parcialmente Alcanzada"))) -> Ningunha Meta Alcanzada
A21: I8-1 | B21: Nº PDI propio que participa en programas de mobilidade | C21: PE-02 Xestión de PDI | D21: Cubrir Meta e Resultado Seleccionar o dato na consulta "FOR. Formación e mobilidade do PDI" do portal de transparencia https://secretaria.uvigo.gal/uv/web/transparencia/informe/show/5/34/68 Os resultados son do curso 23/24 | F21: 3 | G21: =+IF(AND(ISBLANK(E21),ISBLANK(F21)),"Introducir Meta e Resultado",IF(ISBLANK(E21),"Introducir Meta",IF(ISBLANK(F21),"Introducir Resultado",IF(F21>=E21,"Meta Conseguida","Meta Non Conseguida")))) -> Introducir Meta | K21: =+IF(AND(ISBLANK(I21),ISBLANK(J21)),"Introducir Meta e Resultado",IF(ISBLANK(I21),"Introducir Meta",IF(ISBLANK(J21),"Introducir Resultado",IF(J21>=I21,"Meta Conseguida","Meta Non Conseguida")))) -> Introducir Meta e Resultado | O21: =+IF(AND(ISBLANK(M21),ISBLANK(N21)),"Introducir Meta e Resultado",IF(ISBLANK(M21),"Introducir Meta",IF(ISBLANK(N21),"Introducir Resultado",IF(N21>=M21,"Meta Conseguida","Meta Non Conseguida")))) -> Introducir Meta e Resultado
A22: I8-2 | B22: % de PDI que participa en programas de mobilidade | C22: PE-02 Xestión de PDI | D22: Só Cubrir a Meta. O Resultado calcúlase de xeito automático. % de PDI que participa en programas de mobilidade con relación ao PDI total, que se calcula a partir dos indicadores I8-1 e I46 | F22: =+IFERROR(F$21/F$88,0) -> 0.049180328 | G22: =+IF(AND(ISBLANK(E22),ISBLANK(F22)),"Introducir Meta e Resultado",IF(ISBLANK(E22),"Introducir Meta",IF(ISBLANK(F22),"Introducir Resultado",IF(F22>=E22,"Meta Conseguida","Meta Non Conseguida")))) -> Introducir Meta | J22: =+IFERROR(J$21/J$88,0) -> 0 | K22: =+IF(AND(ISBLANK(I22),ISBLANK(J22)),"Introducir Meta e Resultado",IF(ISBLANK(I22),"Introducir Meta",IF(ISBLANK(J22),"Introducir Resultado",IF(J22>=I22,"Meta Conseguida","Meta Non Conseguida")))) -> Introducir Meta | N22: =+IFERROR(N$21/N$88,0) -> 0 | O22: =+IF(AND(ISBLANK(M22),ISBLANK(N22)),"Introducir Meta e Resultado",IF(ISBLANK(M22),"Introducir Meta",IF(ISBLANK(N22),"Introducir Resultado",IF(N22>=M22,"Meta Conseguida","Meta Non Conseguida")))) -> Introducir Meta
A23: I9 | B23: Distribución de alumnado por centros de prácticas | C23: DO-0204 Xestión de prácticas | D23: Este indicador atópase no rexistro "R1 DO-0204" na aplicación SGIC da secretaría virtual: https://secretaria.uvigo.gal/uv/web/sgic/admin/evidencias/list | E23: ---- | F23: ---- | G23: ---- | I23: ---- | J23: ---- | K23: ---- | M23: ---- | N23: ---- | O23: ----
A24: I10 | B24: Indicadores de resultados | C24: DE-02 Seguimento e Medición; DE-03 Revisión do sistema pola dirección | D24: Nº dos obxectivos (I10-1 ata I10-12) que se acadan | E24: =+COUNTA(E25:E30)+COUNTA(E32:E33)+COUNTA(E35:E36) -> 0 | F24: =+COUNTIF(G25:G36,"Meta Conseguida") -> 0 | G24: =+IF(F24=0,"Ningunha Meta Alcanzada",IF(F24>=E24,"Meta Totalmente Alcanzada",IF(F24>0,"Meta Parcialmente Alcanzada"))) -> Ningunha Meta Alcanzada | I24: =+COUNTA(I25:I30)+COUNTA(I32:I33)+COUNTA(I35:I36) -> 0 | J24: =+COUNTIF(K25:K36,"Meta Conseguida") -> 0 | K24: =+IF(J24=0,"Ningunha Meta Alcanzada",IF(J24>=I24,"Meta Totalmente Alcanzada",IF(J24>0,"Meta Parcialmente Alcanzada"))) -> Ningunha Meta Alcanzada | M24: =+COUNTA(M25:M30)+COUNTA(M32:M33)+COUNTA(M35:M36) -> 0 | N24: =+COUNTIF(O25:O36,"Meta Conseguida") -> 0 | O24: =+IF(N24=0,"Ningunha Meta Alcanzada",IF(N24>=M24,"Meta Totalmente Alcanzada",IF(N24>0,"Meta Parcialmente Alcanzada"))) -> Ningunha Meta Alcanzada
A25: I10-1 | B25: Taxa de graduación da titulación | C25: DE-02 Seguimento e Medición; DE-03 Revisión do sistema pola dirección | D25: Cubrir Meta e Resultado Escoller o documento excel do grao ou máster segundo o caso, do menú de GRA. Graduación https://secretaria.uvigo.gal/uv/web/transparencia/informe/show/5/51/66 Os resultados son do curso 22/23 | F25: 0.3220339 | G25: =+IF(AND(ISBLANK(E25),ISBLANK(F25)),"Introducir Meta e Resultado",IF(ISBLANK(E25),"Introducir Meta",IF(ISBLANK(F25),"Introducir Resultado",IF(F25>=E25,"Meta Conseguida","Meta Non Conseguida")))) -> Introducir Meta | K25: =+IF(AND(ISBLANK(I25),ISBLANK(J25)),"Introducir Meta e Resultado",IF(ISBLANK(I25),"Introducir Meta",IF(ISBLANK(J25),"Introducir Resultado",IF(J25>=I25,"Meta Conseguida","Meta Non Conseguida")))) -> Introducir Meta e Resultado | O25: =+IF(AND(ISBLANK(M25),ISBLANK(N25)),"Introducir Meta e Resultado",IF(ISBLANK(M25),"Introducir Meta",IF(ISBLANK(N25),"Introducir Resultado",IF(N25>=M25,"Meta Conseguida","Meta Non Conseguida")))) -> Introducir Meta e Resultado
A26: I10-2 | B26: Taxa de abandono da titulación (CURSA) | C26: DE-02 Seguimento e Medición; DE-03 Revisión do sistema pola dirección | D26: Cubrir Meta e Resultado. O indicador acádase se o resultado é igual ou inferior á meta Escoller o documento excel do grao ou máster segundo o caso, do menú ABA: abandono https://secretaria.uvigo.gal/uv/web/transparencia/informe/show/5/51/65 Os resultados son do curso 23/24 | F26: 0.37209302 | G26: =+IF(AND(ISBLANK(E26),ISBLANK(F26)),"Introducir Meta e Resultado",IF(ISBLANK(E26),"Introducir Meta",IF(ISBLANK(F26),"Introducir Resultado",IF(F26<=E26,"Meta Conseguida","Meta Non Conseguida")))) -> Introducir Meta | K26: =+IF(AND(ISBLANK(I26),ISBLANK(J26)),"Introducir Meta e Resultado",IF(ISBLANK(I26),"Introducir Meta",IF(ISBLANK(J26),"Introducir Resultado",IF(J26<=I26,"Meta Conseguida","Meta Non Conseguida")))) -> Introducir Meta e Resultado | O26: =+IF(AND(ISBLANK(M26),ISBLANK(N26)),"Introducir Meta e Resultado",IF(ISBLANK(M26),"Introducir Meta",IF(ISBLANK(N26),"Introducir Resultado",IF(N26<=M26,"Meta Conseguida","Meta Non Conseguida")))) -> Introducir Meta e Resultado
A27: I10-3 | B27: Taxa de eficiencia | C27: DE-02 Seguimento e Medición; DE-03 Revisión do sistema pola dirección | D27: Cubrir Meta e Resultado Escoller o documento excel do grao ou máster segundo o caso, do menú de GRA. Graduación https://secretaria.uvigo.gal/uv/web/transparencia/informe/show/5/51/66 Os resultados son do curso 22/23 | F27: 0.83242059 | G27: =+IF(AND(ISBLANK(E27),ISBLANK(F27)),"Introducir Meta e Resultado",IF(ISBLANK(E27),"Introducir Meta",IF(ISBLANK(F27),"Introducir Resultado",IF(F27>=E27,"Meta Conseguida","Meta Non Conseguida")))) -> Introducir Meta | K27: =+IF(AND(ISBLANK(I27),ISBLANK(J27)),"Introducir Meta e Resultado",IF(ISBLANK(I27),"Introducir Meta",IF(ISBLANK(J27),"Introducir Resultado",IF(J27>=I27,"Meta Conseguida","Meta Non Conseguida")))) -> Introducir Meta e Resultado | O27: =+IF(AND(ISBLANK(M27),ISBLANK(N27)),"Introducir Meta e Resultado",IF(ISBLANK(M27),"Introducir Meta",IF(ISBLANK(N27),"Introducir Resultado",IF(N27>=M27,"Meta Conseguida","Meta Non Conseguida")))) -> Introducir Meta e Resultado
A28: I10-4 | B28: Taxa de Rendemento | C28: DE-02 Seguimento e Medición; DE-03 Revisión do sistema pola dirección | D28: Cubrir Meta e Resultado Elixir o documento excel do grao ou máster segundo o caso, do menú REN Rendemento https://secretaria.uvigo.gal/uv/web/transparencia/informe/show/5/51/64 Os resultados son do curso 23/24 | F28: 0.63748191 | G28: =+IF(AND(ISBLANK(E28),ISBLANK(F28)),"Introducir Meta e Resultado",IF(ISBLANK(E28),"Introducir Meta",IF(ISBLANK(F28),"Introducir Resultado",IF(F28>=E28,"Meta Conseguida","Meta Non Conseguida")))) -> Introducir Meta | K28: =+IF(AND(ISBLANK(I28),ISBLANK(J28)),"Introducir Meta e Resultado",IF(ISBLANK(I28),"Introducir Meta",IF(ISBLANK(J28),"Introducir Resultado",IF(J28>=I28,"Meta Conseguida","Meta Non Conseguida")))) -> Introducir Meta e Resultado | O28: =+IF(AND(ISBLANK(M28),ISBLANK(N28)),"Introducir Meta e Resultado",IF(ISBLANK(M28),"Introducir Meta",IF(ISBLANK(N28),"Introducir Resultado",IF(N28>=M28,"Meta Conseguida","Meta Non Conseguida")))) -> Introducir Meta e Resultado
A29: I10-5 | B29: Taxa de éxito | C29: DE-02 Seguimento e Medición; DE-03 Revisión do sistema pola dirección | D29: Cubrir Meta e Resultado Elixir o documento excel do grao ou máster segundo o caso, do menú REN Rendemento https://secretaria.uvigo.gal/uv/web/transparencia/informe/show/5/51/64 Os resultados son do curso 23/24 | F29: 0.79084381 | G29: =+IF(AND(ISBLANK(E29),ISBLANK(F29)),"Introducir Meta e Resultado",IF(ISBLANK(E29),"Introducir Meta",IF(ISBLANK(F29),"Introducir Resultado",IF(F29>=E29,"Meta Conseguida","Meta Non Conseguida")))) -> Introducir Meta | K29: =+IF(AND(ISBLANK(I29),ISBLANK(J29)),"Introducir Meta e Resultado",IF(ISBLANK(I29),"Introducir Meta",IF(ISBLANK(J29),"Introducir Resultado",IF(J29>=I29,"Meta Conseguida","Meta Non Conseguida")))) -> Introducir Meta e Resultado | O29: =+IF(AND(ISBLANK(M29),ISBLANK(N29)),"Introducir Meta e Resultado",IF(ISBLANK(M29),"Introducir Meta",IF(ISBLANK(N29),"Introducir Resultado",IF(N29>=M29,"Meta Conseguida","Meta Non Conseguida")))) -> Introducir Meta e Resultado
A30: I10-6 | B30: Taxa de avaliación | C30: DE-02 Seguimento e Medición; DE-03 Revisión do sistema pola dirección | D30: Cubrir Meta e Resultado Elixir o documento excel do grao ou máster segundo o caso, do menú REN Rendemento https://secretaria.uvigo.gal/uv/web/transparencia/informe/show/5/51/64 Os resultados son do curso 23/24 | F30: 0.80607815 | G30: =+IF(AND(ISBLANK(E30),ISBLANK(F30)),"Introducir Meta e Resultado",IF(ISBLANK(E30),"Introducir Meta",IF(ISBLANK(F30),"Introducir Resultado",IF(F30>=E30,"Meta Conseguida","Meta Non Conseguida")))) -> Introducir Meta | K30: =+IF(AND(ISBLANK(I30),ISBLANK(J30)),"Introducir Meta e Resultado",IF(ISBLANK(I30),"Introducir Meta",IF(ISBLANK(J30),"Introducir Resultado",IF(J30>=I30,"Meta Conseguida","Meta Non Conseguida")))) -> Introducir Meta e Resultado | O30: =+IF(AND(ISBLANK(M30),ISBLANK(N30)),"Introducir Meta e Resultado",IF(ISBLANK(M30),"Introducir Meta",IF(ISBLANK(N30),"Introducir Resultado",IF(N30>=M30,"Meta Conseguida","Meta Non Conseguida")))) -> Introducir Meta e Resultado
A31: I10-7 | B31: Taxa de Rendemento por materia | C31: DE-02 Seguimento e Medición; DE-03 Revisión do sistema pola dirección | D31: Engadir a información na Folla Anexos do Cadro de Mando, sobre as taxas de rendemento das titulación que se pode obter na consulta REN. Rendemento por materia https://secretaria.uvigo.gal/uv/web/transparencia/informe/show/5/51/64 | E31: ---- | F31: ---- | G31: ---- | I31: ---- | J31: ---- | K31: ---- | M31: ---- | N31: ---- | O31: ----
A32: I10-8 | B32: Valor mínimo das taxas de Rendemento dunha materia da titulación | C32: DE-02 Seguimento e Medición; DE-03 Revisión do sistema pola dirección | D32: Só Cubrir a Meta. O Resultado calcúlase de xeito automático. Indicar o valor mínimo das taxas de rendemento das materias da titulación, do indicador I10-7 | F32: =+MIN(Anexos!$R$6:$R$100) -> 0.16107383 | G32: =+IF(AND(ISBLANK(E32),ISBLANK(F32)),"Introducir Meta e Resultado",IF(ISBLANK(E32),"Introducir Meta",IF(ISBLANK(F32),"Introducir Resultado",IF(F32>=E32,"Meta Conseguida","Meta Non Conseguida")))) -> Introducir Meta | J32: =+MIN(Anexos!$AR$6:$AR$100) -> 0 | K32: =+IF(AND(ISBLANK(I32),ISBLANK(J32)),"Introducir Meta e Resultado",IF(ISBLANK(I32),"Introducir Meta",IF(ISBLANK(J32),"Introducir Resultado",IF(J32>=I32,"Meta Conseguida","Meta Non Conseguida")))) -> Introducir Meta | N32: =+MIN(Anexos!$BR$6:$BR$100) -> 0 | O32: =+IF(AND(ISBLANK(M32),ISBLANK(N32)),"Introducir Meta e Resultado",IF(ISBLANK(M32),"Introducir Meta",IF(ISBLANK(N32),"Introducir Resultado",IF(N32>=M32,"Meta Conseguida","Meta Non Conseguida")))) -> Introducir Meta
A33: I10-9 | B33: % de materias que acadan unha Taxa de Rendemento de XX% | C33: DE-02 Seguimento e Medición; DE-03 Revisión do sistema pola dirección | D33: Só Cubrir a Meta. O Resultado calcúlase de xeito automático. Indicar a % de materias cunha taxa de rendemento igual ou superior a un valor establecido (Por exemplo o 50%). O Resultado calcúlase de xeito automático, indicando na columna T da folla "Anexos" o valor establecido da taxa de cada materia | F33: =Anexos!$V$3 -> 1 | G33: =+IF(AND(ISBLANK(E33),ISBLANK(F33)),"Introducir Meta e Resultado",IF(ISBLANK(E33),"Introducir Meta",IF(ISBLANK(F33),"Introducir Resultado",IF(F33>=E33,"Meta Conseguida","Meta Non Conseguida")))) -> Introducir Meta | J33: =Anexos!$AV$3 -> 0 | K33: =+IF(AND(ISBLANK(I33),ISBLANK(J33)),"Introducir Meta e Resultado",IF(ISBLANK(I33),"Introducir Meta",IF(ISBLANK(J33),"Introducir Resultado",IF(J33>=I33,"Meta Conseguida","Meta Non Conseguida")))) -> Introducir Meta | N33: =Anexos!$BV$3 -> 0 | O33: =+IF(AND(ISBLANK(M33),ISBLANK(N33)),"Introducir Meta e Resultado",IF(ISBLANK(M33),"Introducir Meta",IF(ISBLANK(N33),"Introducir Resultado",IF(N33>=M33,"Meta Conseguida","Meta Non Conseguida")))) -> Introducir Meta
A34: I10-10 | B34: Taxa de éxito por materia | C34: DE-02 Seguimento e Medición; DE-03 Revisión do sistema pola dirección | D34: Engadir a información na Folla Anexos do Cadro de Mando, sobre as taxas de Éxito das titulación que se pode obter na consulta REN. Rendemento por materia https://secretaria.uvigo.gal/uv/web/transparencia/informe/show/5/51/64 | E34: ---- | F34: ---- | G34: ---- | I34: ---- | J34: ---- | K34: ---- | M34: ---- | N34: ---- | O34: ----
A35: I10-11 | B35: Valor mínimo das taxas de Éxito dunha materia da titulación | C35: DE-02 Seguimento e Medición; DE-03 Revisión do sistema pola dirección | D35: Só Cubrir a Meta. O Resultado calcúlase de xeito automático. Indicar o valor mínimo das taxas de Éxito das materias da titulación, do indicador I10-10 | F35: =+MIN(Anexos!$Q$6:$Q$100) -> 0.30379747 | G35: =+IF(AND(ISBLANK(E35),ISBLANK(F35)),"Introducir Meta e Resultado",IF(ISBLANK(E35),"Introducir Meta",IF(ISBLANK(F35),"Introducir Resultado",IF(F35>=E35,"Meta Conseguida","Meta Non Conseguida")))) -> Introducir Meta | J35: =+MIN(Anexos!$AQ$6:$AQ$100) -> 0 | K35: =+IF(AND(ISBLANK(I35),ISBLANK(J35)),"Introducir Meta e Resultado",IF(ISBLANK(I35),"Introducir Meta",IF(ISBLANK(J35),"Introducir Resultado",IF(J35>=I35,"Meta Conseguida","Meta Non Conseguida")))) -> Introducir Meta | N35: =+MIN(Anexos!$BQ$6:$BQ$100) -> 0 | O35: =+IF(AND(ISBLANK(M35),ISBLANK(N35)),"Introducir Meta e Resultado",IF(ISBLANK(M35),"Introducir Meta",IF(ISBLANK(N35),"Introducir Resultado",IF(N35>=M35,"Meta Conseguida","Meta Non Conseguida")))) -> Introducir Meta
A36: I10-12 | B36: Xº de materias que acadan unha Taxa de Éxito de XX% | C36: DE-02 Seguimento e Medición; DE-03 Revisión do sistema pola dirección | D36: Só Cubrir a Meta. O Resultado calcúlase de xeito automático. Indicar a % de materias cunha taxa de Éxito igual ou superior a un valor establecido (Por exemplo o 50%). O Resultado calcúlase de xeito automático, indicando na columna S da folla "Anexos" o valor establecido da taxa de cada materia | F36: =Anexos!$U$3 -> 1 | G36: =+IF(AND(ISBLANK(E36),ISBLANK(F36)),"Introducir Meta e Resultado",IF(ISBLANK(E36),"Introducir Meta",IF(ISBLANK(F36),"Introducir Resultado",IF(F36>=E36,"Meta Conseguida","Meta Non Conseguida")))) -> Introducir Meta | J36: =Anexos!$AU$3 -> 0 | K36: =+IF(AND(ISBLANK(I36),ISBLANK(J36)),"Introducir Meta e Resultado",IF(ISBLANK(I36),"Introducir Meta",IF(ISBLANK(J36),"Introducir Resultado",IF(J36>=I36,"Meta Conseguida","Meta Non Conseguida")))) -> Introducir Meta | N36: =Anexos!$BU$3 -> 0 | O36: =+IF(AND(ISBLANK(M36),ISBLANK(N36)),"Introducir Meta e Resultado",IF(ISBLANK(M36),"Introducir Meta",IF(ISBLANK(N36),"Introducir Resultado",IF(N36>=M36,"Meta Conseguida","Meta Non Conseguida")))) -> Introducir Meta
A37: I11 | B37: Relación de Oferta / Demanda de prazas | C37: AC-01: Acceso, evolución e Expedición de Titulos Oficiais | D37: Nº dos obxectivos (I11-1, I11-2 e I11-3) que se acadan | E37: =+COUNTA(E38:E40) -> 0 | F37: =+COUNTIF(G38:G40,"Meta Conseguida") -> 0 | G37: =+IF(F37=0,"Ningunha Meta Alcanzada",IF(F37>=E37,"Meta Totalmente Alcanzada",IF(F37>0,"Meta Parcialmente Alcanzada"))) -> Ningunha Meta Alcanzada | I37: =+COUNTA(I38:I40) -> 0 | J37: =+COUNTIF(K38:K40,"Meta Conseguida") -> 0 | K37: =+IF(J37=0,"Ningunha Meta Alcanzada",IF(J37>=I37,"Meta Totalmente Alcanzada",IF(J37>0,"Meta Parcialmente Alcanzada"))) -> Ningunha Meta Alcanzada | M37: =+COUNTA(M38:M40) -> 0 | N37: =+COUNTIF(O38:O40,"Meta Conseguida") -> 0 | O37: =+IF(N37=0,"Ningunha Meta Alcanzada",IF(N37>=M37,"Meta Totalmente Alcanzada",IF(N37>0,"Meta Parcialmente Alcanzada"))) -> Ningunha Meta Alcanzada
A38: I11-1 | B38: Taxa de Ocupación | C38: AC-01: Acceso, evolución e Expedición de Titulos Oficiais | D38: Cubrir Meta e Resultado (só Graos) Acceder á consulta de PRE.GRA Admisión de Grao, https://secretaria.uvigo.gal/uv/web/transparencia/informe/show/5/51/3 Posteriormente elixir a folla de Taxas de ocupación, preferencia e adecuación Son os resultados do curso 23-24 | F38: 0.87777778 | G38: =+IF(AND(ISBLANK(E38),ISBLANK(F38)),"Introducir Meta e Resultado",IF(ISBLANK(E38),"Introducir Meta",IF(ISBLANK(F38),"Introducir Resultado",IF(F38>=E38,"Meta Conseguida","Meta Non Conseguida")))) -> Introducir Meta | K38: =+IF(AND(ISBLANK(I38),ISBLANK(J38)),"Introducir Meta e Resultado",IF(ISBLANK(I38),"Introducir Meta",IF(ISBLANK(J38),"Introducir Resultado",IF(J38>=I38,"Meta Conseguida","Meta Non Conseguida")))) -> Introducir Meta e Resultado | O38: =+IF(AND(ISBLANK(M38),ISBLANK(N38)),"Introducir Meta e Resultado",IF(ISBLANK(M38),"Introducir Meta",IF(ISBLANK(N38),"Introducir Resultado",IF(N38>=M38,"Meta Conseguida","Meta Non Conseguida")))) -> Introducir Meta e Resultado
A39: I11-2 | B39: Taxa de Preferencia (só Graos) | C39: AC-01: Acceso, evolución e Expedición de Titulos Oficiais | D39: Cubrir Meta e Resultado (só Graos) Acceder á consulta de PRE.GRA Admisión de Grao, https://secretaria.uvigo.gal/uv/web/transparencia/informe/show/5/51/3 Posteriormente elixir a folla de Taxas de ocupación, preferencia e adecuación Son os resultados do curso 23-24 | F39: 1.0444444 | G39: =+IF(AND(ISBLANK(E39),ISBLANK(F39)),"Introducir Meta e Resultado",IF(ISBLANK(E39),"Introducir Meta",IF(ISBLANK(F39),"Introducir Resultado",IF(F39>=E39,"Meta Conseguida","Meta Non Conseguida")))) -> Introducir Meta | K39: =+IF(AND(ISBLANK(I39),ISBLANK(J39)),"Introducir Meta e Resultado",IF(ISBLANK(I39),"Introducir Meta",IF(ISBLANK(J39),"Introducir Resultado",IF(J39>=I39,"Meta Conseguida","Meta Non Conseguida")))) -> Introducir Meta e Resultado | O39: =+IF(AND(ISBLANK(M39),ISBLANK(N39)),"Introducir Meta e Resultado",IF(ISBLANK(M39),"Introducir Meta",IF(ISBLANK(N39),"Introducir Resultado",IF(N39>=M39,"Meta Conseguida","Meta Non Conseguida")))) -> Introducir Meta e Resultado
A40: I11-3 | B40: Taxa de Adecuación (só Graos) | C40: AC-01: Acceso, evolución e Expedición de Titulos Oficiais | D40: Cubrir Meta e Resultado (só Graos) Acceder á consulta de PRE.GRA Admisión de Grao, https://secretaria.uvigo.gal/uv/web/transparencia/informe/show/5/51/3 Posteriormente elixir a folla de Taxas de ocupación, preferencia e adecuación Son os resultados do curso 23-24 | F40: 0.91139241 | G40: =+IF(AND(ISBLANK(E40),ISBLANK(F40)),"Introducir Meta e Resultado",IF(ISBLANK(E40),"Introducir Meta",IF(ISBLANK(F40),"Introducir Resultado",IF(F40>=E40,"Meta Conseguida","Meta Non Conseguida")))) -> Introducir Meta | K40: =+IF(AND(ISBLANK(I40),ISBLANK(J40)),"Introducir Meta e Resultado",IF(ISBLANK(I40),"Introducir Meta",IF(ISBLANK(J40),"Introducir Resultado",IF(J40>=I40,"Meta Conseguida","Meta Non Conseguida")))) -> Introducir Meta e Resultado | O40: =+IF(AND(ISBLANK(M40),ISBLANK(N40)),"Introducir Meta e Resultado",IF(ISBLANK(M40),"Introducir Meta",IF(ISBLANK(N40),"Introducir Resultado",IF(N40>=M40,"Meta Conseguida","Meta Non Conseguida")))) -> Introducir Meta e Resultado
A41: I12 | B41: Resultados de inserción laboral | C41: DE-02 Seguimento e Medición; DE-03 Revisión do sistema pola dirección | D41: Só cubrir o Resultado, é un indicador informativo Introducir a inserción laboral da da titulación da secretaría virtual https://secretaria.uvigo.gal/uv/web/transparencia/grupo/show/5/69 Son os resultados do informe da UVIGO do 2020/21 | E41: ---- | F41: 0.5 | G41: =+IF(ISBLANK(F41),"Introducir Resultado","Indicador Completado") -> Indicador Completado | I41: ---- | K41: =+IF(ISBLANK(J41),"Introducir Resultado","Indicador Completado") -> Introducir Resultado | M41: ---- | O41: =+IF(ISBLANK(N41),"Introducir Resultado","Indicador Completado") -> Introducir Resultado
A42: I13 | B42: Media alumnos por grupo de docencia ou PDA | C42: DO-0201 Planificación e desenvolvemento da ensinanza | D42: Este indicador atópase no rexistro "R1 DO-0201 PDA" na aplicación SGIC da secretaría virtual: https://secretaria.uvigo.gal/uv/web/sgic/admin/evidencias/list | E42: ---- | F42: ---- | G42: ---- | I42: ---- | J42: ---- | K42: ---- | M42: ---- | N42: ---- | O42: ----
A44: Indicadores institucionais da Universidade de Vigo
A46: I20 | B46: Índice das enquisas de satisfacción coas titulacións | C46: MC-05 Medición satisfacción | D46: Nº dos obxectivos (I20-1, I20-2, I20-3 e I20-4) que se acadan | E46: =+COUNTA(E47:E51) -> 0 | F46: =+COUNTIF(G47:G51,"Meta Conseguida") -> 0 | G46: =+IF(F46=0,"Ningunha Meta Alcanzada",IF(F46>=E46,"Meta Totalmente Alcanzada",IF(F46>0,"Meta Parcialmente Alcanzada"))) -> Ningunha Meta Alcanzada | I46: =+COUNTA(I47:I51) -> 0 | J46: =+COUNTIF(K47:K51,"Meta Conseguida") -> 0 | K46: =+IF(J46=0,"Ningunha Meta Alcanzada",IF(J46>=I46,"Meta Totalmente Alcanzada",IF(J46>0,"Meta Parcialmente Alcanzada"))) -> Ningunha Meta Alcanzada | M46: =+COUNTA(M47:M51) -> 0 | N46: =+COUNTIF(O47:O51,"Meta Conseguida") -> 0 | O46: =+IF(N46=0,"Ningunha Meta Alcanzada",IF(N46>=M46,"Meta Totalmente Alcanzada",IF(N46>0,"Meta Parcialmente Alcanzada"))) -> Ningunha Meta Alcanzada
A47: I20-1 | B47: Índice de satisfacción do Estudantado coas titulacións | C47: MC-05 Medición satisfacción | D47: Cubrir Meta e Resultado. A meta poderá estar entre os valores [1-5] Introducir o Grao de satisfacción do estudantado coa titulación, que se atopa na folla "Titulación", na columna "Resultado" na fila de "ValoraciónTotal" da titulación do informe do portal de transparencia. https://secretaria.uvigo.gal/uv/web/transparencia/grupo/show/5/28 Os resultados son do curso 23-24 | F47: 3.5121951 | G47: =+IF(AND(ISBLANK(E47),ISBLANK(F47)),"Introducir Meta e Resultado",IF(ISBLANK(E47),"Introducir Meta",IF(ISBLANK(F47),"Introducir Resultado",IF(F47>=E47,"Meta Conseguida","Meta Non Conseguida")))) -> Introducir Meta | K47: =+IF(AND(ISBLANK(I47),ISBLANK(J47)),"Introducir Meta e Resultado",IF(ISBLANK(I47),"Introducir Meta",IF(ISBLANK(J47),"Introducir Resultado",IF(J47>=I47,"Meta Conseguida","Meta Non Conseguida")))) -> Introducir Meta e Resultado | O47: =+IF(AND(ISBLANK(M47),ISBLANK(N47)),"Introducir Meta e Resultado",IF(ISBLANK(M47),"Introducir Meta",IF(ISBLANK(N47),"Introducir Resultado",IF(N47>=M47,"Meta Conseguida","Meta Non Conseguida")))) -> Introducir Meta e Resultado
A48: I20-2 | B48: Índice de satisfacción do Profesorado coas titulacións | C48: MC-05 Medición satisfacción | D48: Cubrir Meta e Resultado. A meta poderá estar entre os valores [1-5] Introducir o Grao de satisfacción do PDI coa titulación, que se atopa na folla "Titulación", na columna "Resultado" na fila de "Valoración Total" da titulación do informe do portal de transparencia. https://secretaria.uvigo.gal/uv/web/transparencia/grupo/show/5/28 No caso que no curso de referencia non houbera resultados, seleccionar o índice do curso pasado Os resultados son do curso 22-23 | F48: 4.3646288 | G48: =+IF(AND(ISBLANK(E48),ISBLANK(F48)),"Introducir Meta e Resultado",IF(ISBLANK(E48),"Introducir Meta",IF(ISBLANK(F48),"Introducir Resultado",IF(F48>=E48,"Meta Conseguida","Meta Non Conseguida")))) -> Introducir Meta | K48: =+IF(AND(ISBLANK(I48),ISBLANK(J48)),"Introducir Meta e Resultado",IF(ISBLANK(I48),"Introducir Meta",IF(ISBLANK(J48),"Introducir Resultado",IF(J48>=I48,"Meta Conseguida","Meta Non Conseguida")))) -> Introducir Meta e Resultado | O48: =+IF(AND(ISBLANK(M48),ISBLANK(N48)),"Introducir Meta e Resultado",IF(ISBLANK(M48),"Introducir Meta",IF(ISBLANK(N48),"Introducir Resultado",IF(N48>=M48,"Meta Conseguida","Meta Non Conseguida")))) -> Introducir Meta e Resultado
A49: I20-3 | B49: Índice de satisfacción das Persoas tituladas coas titulacións | C49: MC-05 Medición satisfacción | D49: Cubrir Meta e Resultado. A meta poderá estar entre os valores [1-5] Introducir o Grao de satisfacción das Persoas Tituladas coa titulación, que se atopa na folla "Titulación", na columna "Resultado" na fila de "Valoración Total" da titulación do informe do portal de transparencia. https://secretaria.uvigo.gal/uv/web/transparencia/grupo/show/5/28 Os resultados son do curso 23-24 | F49: 3.7613636 | G49: =+IF(AND(ISBLANK(E49),ISBLANK(F49)),"Introducir Meta e Resultado",IF(ISBLANK(E49),"Introducir Meta",IF(ISBLANK(F49),"Introducir Resultado",IF(F49>=E49,"Meta Conseguida","Meta Non Conseguida")))) -> Introducir Meta | K49: =+IF(AND(ISBLANK(I49),ISBLANK(J49)),"Introducir Meta e Resultado",IF(ISBLANK(I49),"Introducir Meta",IF(ISBLANK(J49),"Introducir Resultado",IF(J49>=I49,"Meta Conseguida","Meta Non Conseguida")))) -> Introducir Meta e Resultado | O49: =+IF(AND(ISBLANK(M49),ISBLANK(N49)),"Introducir Meta e Resultado",IF(ISBLANK(M49),"Introducir Meta",IF(ISBLANK(N49),"Introducir Resultado",IF(N49>=M49,"Meta Conseguida","Meta Non Conseguida")))) -> Introducir Meta e Resultado
A50: I20-4 | B50: Índice de satisfacción do PTXAS coas titulacións | C50: MC-05 Medición satisfacción | D50: Cubrir Meta e Resultado. A meta poderá estar entre os valores [1-5] Introducir o Grao de satisfacción do PTXAS coa titulación, que se atopa na folla "Titulación", na columna "Resultado" na fila de "Valoración Total" da titulación do informe do portal de transparencia. https://secretaria.uvigo.gal/uv/web/transparencia/grupo/show/5/28 No caso que no curso de referencia non houbera resultados, seleccionar o índice do curso pasado Os resultados son do curso 22-23 | F50: 4.1052632 | G50: =+IF(AND(ISBLANK(E50),ISBLANK(F50)),"Introducir Meta e Resultado",IF(ISBLANK(E50),"Introducir Meta",IF(ISBLANK(F50),"Introducir Resultado",IF(F50>=E50,"Meta Conseguida","Meta Non Conseguida")))) -> Introducir Meta | K50: =+IF(AND(ISBLANK(I50),ISBLANK(J50)),"Introducir Meta e Resultado",IF(ISBLANK(I50),"Introducir Meta",IF(ISBLANK(J50),"Introducir Resultado",IF(J50>=I50,"Meta Conseguida","Meta Non Conseguida")))) -> Introducir Meta e Resultado | O50: =+IF(AND(ISBLANK(M50),ISBLANK(N50)),"Introducir Meta e Resultado",IF(ISBLANK(M50),"Introducir Meta",IF(ISBLANK(N50),"Introducir Resultado",IF(N50>=M50,"Meta Conseguida","Meta Non Conseguida")))) -> Introducir Meta e Resultado
A51: I20-5 | B51: Índice de satisfacción de entidades empregadoras coas titulacións | C51: MC-05 Medición satisfacción | D51: Cubrir Meta e Resultado. A meta poderá estar entre os valores [1-5] Introducir o Grao de satisfacción das entidades empregadoras coa titulación, que se atopa na folla "Titulación", na columna "Resultado" do informe achegado pola Área de Calidade. No caso que no curso de referencia non houbera resultados, seleccionar o índice do curso pasado Os resultados son do curso 23-24 | F51: ---- | G51: =+IF(AND(ISBLANK(E51),ISBLANK(F51)),"Introducir Meta e Resultado",IF(ISBLANK(E51),"Introducir Meta",IF(ISBLANK(F51),"Introducir Resultado",IF(F51>=E51,"Meta Conseguida","Meta Non Conseguida")))) -> Introducir Meta | K51: =+IF(AND(ISBLANK(I51),ISBLANK(J51)),"Introducir Meta e Resultado",IF(ISBLANK(I51),"Introducir Meta",IF(ISBLANK(J51),"Introducir Resultado",IF(J51>=I51,"Meta Conseguida","Meta Non Conseguida")))) -> Introducir Meta e Resultado | O51: =+IF(AND(ISBLANK(M51),ISBLANK(N51)),"Introducir Meta e Resultado",IF(ISBLANK(M51),"Introducir Meta",IF(ISBLANK(N51),"Introducir Resultado",IF(N51>=M51,"Meta Conseguida","Meta Non Conseguida")))) -> Introducir Meta e Resultado
A52: I21 | B52: Taxa de abandono (Egreso) | C52: DE-02 Seguimento e Medición; DE-03 Revisión do sistema pola dirección | D52: Cubrir Meta e Resultado. O indicador acádase se o resultado é igual ou inferior á meta Elixir o documento excel do grao ou máster segundo o caso, do menú ABA. abandono https://secretaria.uvigo.gal/uv/web/transparencia/informe/show/5/51/65 Os resultados son do curso 23-24 | F52: 0.37209302 | G52: =+IF(AND(ISBLANK(E52),ISBLANK(F52)),"Introducir Meta e Resultado",IF(ISBLANK(E52),"Introducir Meta",IF(ISBLANK(F52),"Introducir Resultado",IF(F52<=E52,"Meta Conseguida","Meta Non Conseguida")))) -> Introducir Meta | K52: =+IF(AND(ISBLANK(I52),ISBLANK(J52)),"Introducir Meta e Resultado",IF(ISBLANK(I52),"Introducir Meta",IF(ISBLANK(J52),"Introducir Resultado",IF(J52<=I52,"Meta Conseguida","Meta Non Conseguida")))) -> Introducir Meta e Resultado | O52: =+IF(AND(ISBLANK(M52),ISBLANK(N52)),"Introducir Meta e Resultado",IF(ISBLANK(M52),"Introducir Meta",IF(ISBLANK(N52),"Introducir Resultado",IF(N52<=M52,"Meta Conseguida","Meta Non Conseguida")))) -> Introducir Meta e Resultado
A53: I22 | B53: Taxa de cambio de estudo | C53: DE-02 Seguimento e Medición; DE-03 Revisión do sistema pola dirección | D53: Cubrir Meta e Resultado. O indicador acádase se o resultado é igual ou inferior á meta Elixir o documento excel do grao ou máster segundo o caso, do menú ABA. abandono https://secretaria.uvigo.gal/uv/web/transparencia/informe/show/5/51/65 Os resultados son do curso 23-24 | F53: 0.058139535 | G53: =+IF(AND(ISBLANK(E53),ISBLANK(F53)),"Introducir Meta e Resultado",IF(ISBLANK(E53),"Introducir Meta",IF(ISBLANK(F53),"Introducir Resultado",IF(F53<=E53,"Meta Conseguida","Meta Non Conseguida")))) -> Introducir Meta | K53: =+IF(AND(ISBLANK(I53),ISBLANK(J53)),"Introducir Meta e Resultado",IF(ISBLANK(I53),"Introducir Meta",IF(ISBLANK(J53),"Introducir Resultado",IF(J53<=I53,"Meta Conseguida","Meta Non Conseguida")))) -> Introducir Meta e Resultado | O53: =+IF(AND(ISBLANK(M53),ISBLANK(N53)),"Introducir Meta e Resultado",IF(ISBLANK(M53),"Introducir Meta",IF(ISBLANK(N53),"Introducir Resultado",IF(N53<=M53,"Meta Conseguida","Meta Non Conseguida")))) -> Introducir Meta e Resultado
A54: I23 | B54: Índice de satisfacción cos recursos materiais e servizos | C54: IA-01: Xestión dos recursos materiais e dos servizos | D54: Nº dos obxectivos (I23-1, I23-2, I23-3 e I23-4) que se acadan | E54: =+COUNTA(E55:E58) -> 0 | F54: =+COUNTIF(G55:G58,"Meta Conseguida") -> 0 | G54: =+IF(F54=0,"Ningunha Meta Alcanzada",IF(F54>=E54,"Meta Totalmente Alcanzada",IF(F54>0,"Meta Parcialmente Alcanzada"))) -> Ningunha Meta Alcanzada | I54: =+COUNTA(I55:I58) -> 0 | J54: =+COUNTIF(K55:K58,"Meta Conseguida") -> 0 | K54: =+IF(J54=0,"Ningunha Meta Alcanzada",IF(J54>=I54,"Meta Totalmente Alcanzada",IF(J54>0,"Meta Parcialmente Alcanzada"))) -> Ningunha Meta Alcanzada | M54: =+COUNTA(M55:M58) -> 0 | N54: =+COUNTIF(O55:O58,"Meta Conseguida") -> 0 | O54: =+IF(N54=0,"Ningunha Meta Alcanzada",IF(N54>=M54,"Meta Totalmente Alcanzada",IF(N54>0,"Meta Parcialmente Alcanzada"))) -> Ningunha Meta Alcanzada
A55: I23-1 | B55: Satisfacción do Estudantado cos recursos materiais e servizos | C55: IA-01: Xestión dos recursos materiais e dos servizos | D55: Cubrir Meta e Resultado. A meta poderá estar entre os valores [1-5] Introducir o valor que se atopa na folla de "Bloque", na columna "Resultado" na fila "Valoración Total" do "Bloque 5 Recursos materiais e servizos" da titulación do informe de "Enquisas de Satisfacción de estudantado" do portal de transparencia. https://secretaria.uvigo.gal/uv/web/transparencia/grupo/show/5/28 Os resultados son do curso 23-24 | F55: 4.2777778 | G55: =+IF(AND(ISBLANK(E55),ISBLANK(F55)),"Introducir Meta e Resultado",IF(ISBLANK(E55),"Introducir Meta",IF(ISBLANK(F55),"Introducir Resultado",IF(F55>=E55,"Meta Conseguida","Meta Non Conseguida")))) -> Introducir Meta | K55: =+IF(AND(ISBLANK(I55),ISBLANK(J55)),"Introducir Meta e Resultado",IF(ISBLANK(I55),"Introducir Meta",IF(ISBLANK(J55),"Introducir Resultado",IF(J55>=I55,"Meta Conseguida","Meta Non Conseguida")))) -> Introducir Meta e Resultado | O55: =+IF(AND(ISBLANK(M55),ISBLANK(N55)),"Introducir Meta e Resultado",IF(ISBLANK(M55),"Introducir Meta",IF(ISBLANK(N55),"Introducir Resultado",IF(N55>=M55,"Meta Conseguida","Meta Non Conseguida")))) -> Introducir Meta e Resultado
A56: I23-2 | B56: Satisfacción do Profesorado cos recursos materiais e servizos | C56: IA-01: Xestión dos recursos materiais e dos servizos | D56: Cubrir Meta e Resultado. A meta poderá estar entre os valores [1-5] Introducir o valor que se atopa na folla de "Bloque", na columna "Resultado" na fila "Valoración Total" do "Bloque 5 Recursos materiais e servizos" da titulación do informe de "Enquisas de Satisfacción do Profesorado" do portal de transparencia. https://secretaria.uvigo.gal/uv/web/transparencia/grupo/show/5/28 No caso que no curso de referencia non houbera resultados, seleccionar o índice do curso pasado Os resultados son do curso 22-23 | F56: 4.47 | G56: =+IF(AND(ISBLANK(E56),ISBLANK(F56)),"Introducir Meta e Resultado",IF(ISBLANK(E56),"Introducir Meta",IF(ISBLANK(F56),"Introducir Resultado",IF(F56>=E56,"Meta Conseguida","Meta Non Conseguida")))) -> Introducir Meta | K56: =+IF(AND(ISBLANK(I56),ISBLANK(J56)),"Introducir Meta e Resultado",IF(ISBLANK(I56),"Introducir Meta",IF(ISBLANK(J56),"Introducir Resultado",IF(J56>=I56,"Meta Conseguida","Meta Non Conseguida")))) -> Introducir Meta e Resultado | O56: =+IF(AND(ISBLANK(M56),ISBLANK(N56)),"Introducir Meta e Resultado",IF(ISBLANK(M56),"Introducir Meta",IF(ISBLANK(N56),"Introducir Resultado",IF(N56>=M56,"Meta Conseguida","Meta Non Conseguida")))) -> Introducir Meta e Resultado
A57: I23-3 | B57: Satisfacción das Persoas tituladas cos recursos materiais e servizos | C57: IA-01: Xestión dos recursos materiais e dos servizos | D57: Cubrir Meta e Resultado. A meta poderá estar entre os valores [1-5] Introducir o valor que se atopa na folla de "Bloque", na columna "Resultado" na fila "Valoración Total" do "Bloque 5 Recursos materiais e servizos" da titulación do informe de "Enquisas de Satisfacción dos/das egresados/as " do portal de transparencia. https://secretaria.uvigo.gal/uv/web/transparencia/grupo/show/5/28 Os resultados son do curso 23-24 | F57: 4 | G57: =+IF(AND(ISBLANK(E57),ISBLANK(F57)),"Introducir Meta e Resultado",IF(ISBLANK(E57),"Introducir Meta",IF(ISBLANK(F57),"Introducir Resultado",IF(F57>=E57,"Meta Conseguida","Meta Non Conseguida")))) -> Introducir Meta | K57: =+IF(AND(ISBLANK(I57),ISBLANK(J57)),"Introducir Meta e Resultado",IF(ISBLANK(I57),"Introducir Meta",IF(ISBLANK(J57),"Introducir Resultado",IF(J57>=I57,"Meta Conseguida","Meta Non Conseguida")))) -> Introducir Meta e Resultado | O57: =+IF(AND(ISBLANK(M57),ISBLANK(N57)),"Introducir Meta e Resultado",IF(ISBLANK(M57),"Introducir Meta",IF(ISBLANK(N57),"Introducir Resultado",IF(N57>=M57,"Meta Conseguida","Meta Non Conseguida")))) -> Introducir Meta e Resultado
A58: I23-4 | B58: Satisfacción do PTXAS cos recursos materiais e servizos | C58: IA-01: Xestión dos recursos materiais e dos servizos | D58: Cubrir Meta e Resultado. A meta poderá estar entre os valores [1-5] Introducir o valor que se atopa na folla de "Bloque", na columna "Resultado" na fila "Valoración Total" do "Bloque 4 Recursos materiais e servizos" da titulación do informe de "Enquisas de Satisfacción do PTXAS" do portal de transparencia. https://secretaria.uvigo.gal/uv/web/transparencia/grupo/show/5/28 No caso que no curso de referencia non houbera resultados, seleccionar o índice do curso pasado Os resultados son do curso 22-23 | F58: 4.125 | G58: =+IF(AND(ISBLANK(E58),ISBLANK(F58)),"Introducir Meta e Resultado",IF(ISBLANK(E58),"Introducir Meta",IF(ISBLANK(F58),"Introducir Resultado",IF(F58>=E58,"Meta Conseguida","Meta Non Conseguida")))) -> Introducir Meta | K58: =+IF(AND(ISBLANK(I58),ISBLANK(J58)),"Introducir Meta e Resultado",IF(ISBLANK(I58),"Introducir Meta",IF(ISBLANK(J58),"Introducir Resultado",IF(J58>=I58,"Meta Conseguida","Meta Non Conseguida")))) -> Introducir Meta e Resultado | O58: =+IF(AND(ISBLANK(M58),ISBLANK(N58)),"Introducir Meta e Resultado",IF(ISBLANK(M58),"Introducir Meta",IF(ISBLANK(N58),"Introducir Resultado",IF(N58>=M58,"Meta Conseguida","Meta Non Conseguida")))) -> Introducir Meta e Resultado
A59: I24 | B59: Índice de satisfacción coa orientación recibida no centro | C59: DO-0203: Orientación do estudantado e atención ás NEAE | D59: Nº dos obxectivos (I24-1, I24-2, I24-3 e I24-4) que se acadan | E59: =+COUNTA(E60:E63) -> 0 | F59: =+COUNTIF(G60:G63,"Meta Conseguida") -> 0 | G59: =+IF(F59=0,"Ningunha Meta Alcanzada",IF(F59=E59,"Meta Totalmente Alcanzada",IF(F59>0,"Meta Parcialmente Alcanzada"))) -> Ningunha Meta Alcanzada | I59: =+COUNTA(I60:I63) -> 0 | J59: =+COUNTIF(K60:K63,"Meta Conseguida") -> 0 | K59: =+IF(J59=0,"Ningunha Meta Alcanzada",IF(J59=I59,"Meta Totalmente Alcanzada",IF(J59>0,"Meta Parcialmente Alcanzada"))) -> Ningunha Meta Alcanzada | M59: =+COUNTA(M60:M63) -> 0 | N59: =+COUNTIF(O60:O63,"Meta Conseguida") -> 0 | O59: =+IF(N59=0,"Ningunha Meta Alcanzada",IF(N59=M59,"Meta Totalmente Alcanzada",IF(N59>0,"Meta Parcialmente Alcanzada"))) -> Ningunha Meta Alcanzada
A60: I24-1 | B60: Satisfacción do Estudantado coa orientación recibida no centro | C60: DO-0203: Orientación do estudantado e atención ás NEAE | D60: Cubrir Meta e Resultado. A meta poderá estar entre os valores [1-5] Introducir o Valor que se atopa na folla "Preguntas", na columna "Resultado" na fila "Valoración Total" da pregunta Nº 6 "Orientación académica recibida no PAT"do informe "Enquisas de Satisfacción de estudantado", do portal de transparencia. https://secretaria.uvigo.gal/uv/web/transparencia/grupo/show/5/28 Os resultados son do curso 23-24 | F60: 3 | G60: =+IF(AND(ISBLANK(E60),ISBLANK(F60)),"Introducir Meta e Resultado",IF(ISBLANK(E60),"Introducir Meta",IF(ISBLANK(F60),"Introducir Resultado",IF(F60>=E60,"Meta Conseguida","Meta Non Conseguida")))) -> Introducir Meta | K60: =+IF(AND(ISBLANK(I60),ISBLANK(J60)),"Introducir Meta e Resultado",IF(ISBLANK(I60),"Introducir Meta",IF(ISBLANK(J60),"Introducir Resultado",IF(J60>=I60,"Meta Conseguida","Meta Non Conseguida")))) -> Introducir Meta e Resultado | O60: =+IF(AND(ISBLANK(M60),ISBLANK(N60)),"Introducir Meta e Resultado",IF(ISBLANK(M60),"Introducir Meta",IF(ISBLANK(N60),"Introducir Resultado",IF(N60>=M60,"Meta Conseguida","Meta Non Conseguida")))) -> Introducir Meta e Resultado
A61: I24-2 | B61: Satisfacción do Profesorado coa orientación académica recibida no centro | C61: DO-0203: Orientación do estudantado e atención ás NEAE | D61: Cubrir Meta e Resultado. A meta poderá estar entre os valores [1-5] Introducir o Valor que se atopa na folla "Preguntas", na columna "Resultado" na fila "Valoración Total" da pregunta Nº 6 "Orientación académica programada no PAT"do informe "Enquisas de Satisfacción de profesorado do portal de transparencia. https://secretaria.uvigo.gal/uv/web/transparencia/grupo/show/5/28 Os resultados son do curso 22-23 | F61: 4.47 | G61: =+IF(AND(ISBLANK(E61),ISBLANK(F61)),"Introducir Meta e Resultado",IF(ISBLANK(E61),"Introducir Meta",IF(ISBLANK(F61),"Introducir Resultado",IF(F61>=E61,"Meta Conseguida","Meta Non Conseguida")))) -> Introducir Meta | K61: =+IF(AND(ISBLANK(I61),ISBLANK(J61)),"Introducir Meta e Resultado",IF(ISBLANK(I61),"Introducir Meta",IF(ISBLANK(J61),"Introducir Resultado",IF(J61>=I61,"Meta Conseguida","Meta Non Conseguida")))) -> Introducir Meta e Resultado | O61: =+IF(AND(ISBLANK(M61),ISBLANK(N61)),"Introducir Meta e Resultado",IF(ISBLANK(M61),"Introducir Meta",IF(ISBLANK(N61),"Introducir Resultado",IF(N61>=M61,"Meta Conseguida","Meta Non Conseguida")))) -> Introducir Meta e Resultado
A62: I24-3 | B62: Satisfacción das Persoas tituladas coa orientación académica recibida no centro | C62: DO-0203: Orientación do estudantado e atención ás NEAE | D62: Cubrir Meta e Resultado. A meta poderá estar entre os valores [1-5] Introducir o valor que se atopa na folla "Preguntas", na columna "Resultado" nas filas "Valoración Total da pregunta Nº4 "Orientación académica recibida" do informe "Enquisas de Satisfacción dos/das egresados/as", do portal de transparencia. https://secretaria.uvigo.gal/uv/web/transparencia/grupo/show/5/28 Os resultados son do curso 23-24 | F62: 4.1111111 | G62: =+IF(AND(ISBLANK(E62),ISBLANK(F62)),"Introducir Meta e Resultado",IF(ISBLANK(E62),"Introducir Meta",IF(ISBLANK(F62),"Introducir Resultado",IF(F62>=E62,"Meta Conseguida","Meta Non Conseguida")))) -> Introducir Meta | K62: =+IF(AND(ISBLANK(I62),ISBLANK(J62)),"Introducir Meta e Resultado",IF(ISBLANK(I62),"Introducir Meta",IF(ISBLANK(J62),"Introducir Resultado",IF(J62>=I62,"Meta Conseguida","Meta Non Conseguida")))) -> Introducir Meta e Resultado | O62: =+IF(AND(ISBLANK(M62),ISBLANK(N62)),"Introducir Meta e Resultado",IF(ISBLANK(M62),"Introducir Meta",IF(ISBLANK(N62),"Introducir Resultado",IF(N62>=M62,"Meta Conseguida","Meta Non Conseguida")))) -> Introducir Meta e Resultado
A63: I24-4 | B63: Satisfacción das Persoas tituladas coa orientación profesional e laboral recibida no centro | C63: DO-0203: Orientación do estudantado e atención ás NEAE | D63: Cubrir Meta e Resultado Introducir o valor que se atopa na folla "Preguntas", na columna "Resultado" nas filas "Valoración Total da pregunta Nº5 "Orientación profesional e laboral recibida", do informe "Enquisas de Satisfacción dos/das egresados/as", do portal de transparencia" https://secretaria.uvigo.gal/uv/web/transparencia/grupo/show/5/28 Os resultados son do curso 23-24 | F63: 3.5555556 | G63: =+IF(AND(ISBLANK(E63),ISBLANK(F63)),"Introducir Meta e Resultado",IF(ISBLANK(E63),"Introducir Meta",IF(ISBLANK(F63),"Introducir Resultado",IF(F63>=E63,"Meta Conseguida","Meta Non Conseguida")))) -> Introducir Meta | K63: =+IF(AND(ISBLANK(I63),ISBLANK(J63)),"Introducir Meta e Resultado",IF(ISBLANK(I63),"Introducir Meta",IF(ISBLANK(J63),"Introducir Resultado",IF(J63>=I63,"Meta Conseguida","Meta Non Conseguida")))) -> Introducir Meta e Resultado | O63: =+IF(AND(ISBLANK(M63),ISBLANK(N63)),"Introducir Meta e Resultado",IF(ISBLANK(M63),"Introducir Meta",IF(ISBLANK(N63),"Introducir Resultado",IF(N63>=M63,"Meta Conseguida","Meta Non Conseguida")))) -> Introducir Meta e Resultado
A64: I25 | B64: % Alumnado en prácticas académicas | C64: DO-0204: Xestión das prácticas académicas | D64: Cubrir Meta e Resultado % estudantes en prácticas sobre matrícula da titulación do documentos "prácticas" https://secretaria.uvigo.gal/uv/web/transparencia/informe/show/5/5/9 | G64: =+IF(AND(ISBLANK(E64),ISBLANK(F64)),"Introducir Meta e Resultado",IF(ISBLANK(E64),"Introducir Meta",IF(ISBLANK(F64),"Introducir Resultado",IF(F64>=E64,"Meta Conseguida","Meta Non Conseguida")))) -> Introducir Meta e Resultado | K64: =+IF(AND(ISBLANK(I64),ISBLANK(J64)),"Introducir Meta e Resultado",IF(ISBLANK(I64),"Introducir Meta",IF(ISBLANK(J64),"Introducir Resultado",IF(J64>=I64,"Meta Conseguida","Meta Non Conseguida")))) -> Introducir Meta e Resultado | O64: =+IF(AND(ISBLANK(M64),ISBLANK(N64)),"Introducir Meta e Resultado",IF(ISBLANK(M64),"Introducir Meta",IF(ISBLANK(N64),"Introducir Resultado",IF(N64>=M64,"Meta Conseguida","Meta Non Conseguida")))) -> Introducir Meta e Resultado
A65: I26 | B65: Índice de satisfacción coa promoción da titulación e a información pública na web | C65: DO-0301 Información Pública | D65: Nº dos obxectivos (I26-1, I26-2, I26-3 e I26-4) que se acadan | E65: =+COUNTA(E66:E69) -> 0 | F65: =+COUNTIF(G66:G69,"Meta Conseguida") -> 0 | G65: =+IF(F65=0,"Ningunha Meta Alcanzada",IF(F65=E65,"Meta Totalmente Alcanzada",IF(F65>0,"Meta Parcialmente Alcanzada"))) -> Ningunha Meta Alcanzada | I65: =+COUNTA(I66:I69) -> 0 | J65: =+COUNTIF(K66:K69,"Meta Conseguida") -> 0 | K65: =+IF(J65=0,"Ningunha Meta Alcanzada",IF(J65=I65,"Meta Totalmente Alcanzada",IF(J65>0,"Meta Parcialmente Alcanzada"))) -> Ningunha Meta Alcanzada | M65: =+COUNTA(M66:M69) -> 0 | N65: =+COUNTIF(O66:O69,"Meta Conseguida") -> 0 | O65: =+IF(N65=0,"Ningunha Meta Alcanzada",IF(N65=M65,"Meta Totalmente Alcanzada",IF(N65>0,"Meta Parcialmente Alcanzada"))) -> Ningunha Meta Alcanzada
A66: I26-1 | B66: Satisfacción do Estudantado coa promoción da titulación e a información pública na web | C66: DO-0301 Información Pública | D66: Cubrir Meta e Resultado. A meta poderá estar entre os valores [1-5] Indicar o Valor que se atopa na folla de "Bloque", na columna "Resultado" na fila "Valoración Total" do "Bloque 2 Información e Transparencia" da titulación correspondente do informe de "Enquisas de Satisfacción de estudantado" do portal de transparencia. https://secretaria.uvigo.gal/uv/web/transparencia/grupo/show/5/28 Os resultados son do curso 23-24 | F66: 3.2142857 | G66: =+IF(AND(ISBLANK(E66),ISBLANK(F66)),"Introducir Meta e Resultado",IF(ISBLANK(E66),"Introducir Meta",IF(ISBLANK(F66),"Introducir Resultado",IF(F66>=E66,"Meta Conseguida","Meta Non Conseguida")))) -> Introducir Meta | K66: =+IF(AND(ISBLANK(I66),ISBLANK(J66)),"Introducir Meta e Resultado",IF(ISBLANK(I66),"Introducir Meta",IF(ISBLANK(J66),"Introducir Resultado",IF(J66>=I66,"Meta Conseguida","Meta Non Conseguida")))) -> Introducir Meta e Resultado | O66: =+IF(AND(ISBLANK(M66),ISBLANK(N66)),"Introducir Meta e Resultado",IF(ISBLANK(M66),"Introducir Meta",IF(ISBLANK(N66),"Introducir Resultado",IF(N66>=M66,"Meta Conseguida","Meta Non Conseguida")))) -> Introducir Meta e Resultado
A67: I26-2 | B67: Satisfacción do Profesorado coa promoción da titulación e a información pública na web | C67: DO-0301 Información Pública | D67: Cubrir Meta e Resultado. A meta poderá estar entre os valores [1-5] Indicar o Valor que se atopa na folla de "Bloque", na columna "Resultado" na fila "Valoración Total" do "Bloque 2 Información e Transparencia" da titulación correspondente do informe de "Enquisas de Satisfacción do Profesorado" do portal de transparencia. https://secretaria.uvigo.gal/uv/web/transparencia/grupo/show/5/28 No caso que no curso de referencia non houbera resultados, seleccionar o índice do curso pasado Os resultados son do curso 22-23 | F67: 4.393617 | G67: =+IF(AND(ISBLANK(E67),ISBLANK(F67)),"Introducir Meta e Resultado",IF(ISBLANK(E67),"Introducir Meta",IF(ISBLANK(F67),"Introducir Resultado",IF(F67>=E67,"Meta Conseguida","Meta Non Conseguida")))) -> Introducir Meta | K67: =+IF(AND(ISBLANK(I67),ISBLANK(J67)),"Introducir Meta e Resultado",IF(ISBLANK(I67),"Introducir Meta",IF(ISBLANK(J67),"Introducir Resultado",IF(J67>=I67,"Meta Conseguida","Meta Non Conseguida")))) -> Introducir Meta e Resultado | O67: =+IF(AND(ISBLANK(M67),ISBLANK(N67)),"Introducir Meta e Resultado",IF(ISBLANK(M67),"Introducir Meta",IF(ISBLANK(N67),"Introducir Resultado",IF(N67>=M67,"Meta Conseguida","Meta Non Conseguida")))) -> Introducir Meta e Resultado
A68: I26-3 | B68: Satisfacción das Persoas tituladas coa promoción da titulación e a información pública na web | C68: DO-0301 Información Pública | D68: Cubrir Meta e Resultado. A meta poderá estar entre os valores [1-5] Indicar o Valor que se atopa na folla de "Bloque", na columna "Resultado" na fila "Valoración Total" do "Bloque 2 Información e Transparencia" da titulación correspondente do informe de "Enquisas de Satisfacción dos/das egresados/as " do portal de transparencia. https://secretaria.uvigo.gal/uv/web/transparencia/grupo/show/5/28 Os resultados son do curso 23-24 | F68: 3.7777778 | G68: =+IF(AND(ISBLANK(E68),ISBLANK(F68)),"Introducir Meta e Resultado",IF(ISBLANK(E68),"Introducir Meta",IF(ISBLANK(F68),"Introducir Resultado",IF(F68>=E68,"Meta Conseguida","Meta Non Conseguida")))) -> Introducir Meta | K68: =+IF(AND(ISBLANK(I68),ISBLANK(J68)),"Introducir Meta e Resultado",IF(ISBLANK(I68),"Introducir Meta",IF(ISBLANK(J68),"Introducir Resultado",IF(J68>=I68,"Meta Conseguida","Meta Non Conseguida")))) -> Introducir Meta e Resultado | O68: =+IF(AND(ISBLANK(M68),ISBLANK(N68)),"Introducir Meta e Resultado",IF(ISBLANK(M68),"Introducir Meta",IF(ISBLANK(N68),"Introducir Resultado",IF(N68>=M68,"Meta Conseguida","Meta Non Conseguida")))) -> Introducir Meta e Resultado
A69: I26-4 | B69: Satisfacción do PTXAS coa promoción da titulación e a información pública na web | C69: DO-0301 Información Pública | D69: Cubrir Meta e Resultado. A meta poderá estar entre os valores [1-5] Indicar o Valor que se atopa na folla de "Bloque", na columna "Resultado" na fila "Valoración Total" do "Bloque 1 Información Xeral" da titulación do informe de "Enquisas de Satisfacción do PAS" do portal de transparencia. https://secretaria.uvigo.gal/uv/web/transparencia/grupo/show/5/28 No caso que no curso de referencia non houbera resultados, seleccionar o índice do curso pasado Os resultados son do curso 22-23 | F69: 4.25 | G69: =+IF(AND(ISBLANK(E69),ISBLANK(F69)),"Introducir Meta e Resultado",IF(ISBLANK(E69),"Introducir Meta",IF(ISBLANK(F69),"Introducir Resultado",IF(F69>=E69,"Meta Conseguida","Meta Non Conseguida")))) -> Introducir Meta | K69: =+IF(AND(ISBLANK(I69),ISBLANK(J69)),"Introducir Meta e Resultado",IF(ISBLANK(I69),"Introducir Meta",IF(ISBLANK(J69),"Introducir Resultado",IF(J69>=I69,"Meta Conseguida","Meta Non Conseguida")))) -> Introducir Meta e Resultado | O69: =+IF(AND(ISBLANK(M69),ISBLANK(N69)),"Introducir Meta e Resultado",IF(ISBLANK(M69),"Introducir Meta",IF(ISBLANK(N69),"Introducir Resultado",IF(N69>=M69,"Meta Conseguida","Meta Non Conseguida")))) -> Introducir Meta e Resultado
A70: I34 | B70: Nº Accións de mellora definidas neste curso | C70: DO-0102: Seguimento e mellora das titulacións | D70: Só cubrir o Resultado, é un indicador informativo Nº de melloras rexistradas asociadas á titulación na aplicación SGIC neste curso | E70: ---- | G70: =+IF(ISBLANK(F70),"Introducir Resultado","Indicador Completado") -> Introducir Resultado | I70: ---- | K70: =+IF(ISBLANK(J70),"Introducir Resultado","Indicador Completado") -> Introducir Resultado | M70: ---- | O70: =+IF(ISBLANK(N70),"Introducir Resultado","Indicador Completado") -> Introducir Resultado
A71: I35 | B71: Nota media do acceso | C71: DO-0202 Promoción das titulacións | D71: Cubrir Meta e Resultado Escoller o documento de Nota Media dos graos ou másters segundo o caso: https://secretaria.uvigo.gal/uv/web/transparencia/informe/show/5/51/63 Posteriormente elixir a columna "Nota media de acceso" da fila "Título de Bacharelato do Sistema Educativo Español" da titulación. Son os resultados do curso 23-24 | F71: 8.2036786 | G71: =+IF(AND(ISBLANK(E71),ISBLANK(F71)),"Introducir Meta e Resultado",IF(ISBLANK(E71),"Introducir Meta",IF(ISBLANK(F71),"Introducir Resultado",IF(F71>=E71,"Meta Conseguida","Meta Non Conseguida")))) -> Introducir Meta | K71: =+IF(AND(ISBLANK(I71),ISBLANK(J71)),"Introducir Meta e Resultado",IF(ISBLANK(I71),"Introducir Meta",IF(ISBLANK(J71),"Introducir Resultado",IF(J71>=I71,"Meta Conseguida","Meta Non Conseguida")))) -> Introducir Meta e Resultado | O71: =+IF(AND(ISBLANK(M71),ISBLANK(N71)),"Introducir Meta e Resultado",IF(ISBLANK(M71),"Introducir Meta",IF(ISBLANK(N71),"Introducir Resultado",IF(N71>=M71,"Meta Conseguida","Meta Non Conseguida")))) -> Introducir Meta e Resultado
A72: I36 | B72: Nº Estudantado titorizado | C72: DO-0203: Orientación do estudantado e atención ás NEAE | D72: Só cubrir o Resultado, é un indicador informativo Nº de estudantado incluído no PAT | E72: ---- | G72: =+IF(ISBLANK(F72),"Introducir Resultado","Indicador Completado") -> Introducir Resultado | I72: ---- | K72: =+IF(ISBLANK(J72),"Introducir Resultado","Indicador Completado") -> Introducir Resultado | M72: ---- | O72: =+IF(ISBLANK(N72),"Introducir Resultado","Indicador Completado") -> Introducir Resultado
A73: I37 | B73: Grao de Satisfacción do estudantado co PAT | C73: DO-0203: Orientación do estudantado e atención ás NEAE | D73: Cubrir Meta e Resultado. Introducir o Grao de satisfacción do estudantado co PAT, mediante unha enquisa de realización propia. No caso de utilizar a enquisa do Anexo IV-A da "Guía para a elaboración do PAT", incluiríase o valor do ítem 4 " Valore o grao de utilidade do PAT" | G73: =+IF(AND(ISBLANK(E73),ISBLANK(F73)),"Introducir Meta e Resultado",IF(ISBLANK(E73),"Introducir Meta",IF(ISBLANK(F73),"Introducir Resultado",IF(F73>=E73,"Meta Conseguida","Meta Non Conseguida")))) -> Introducir Meta e Resultado | K73: =+IF(AND(ISBLANK(I73),ISBLANK(J73)),"Introducir Meta e Resultado",IF(ISBLANK(I73),"Introducir Meta",IF(ISBLANK(J73),"Introducir Resultado",IF(J73>=I73,"Meta Conseguida","Meta Non Conseguida")))) -> Introducir Meta e Resultado | O73: =+IF(AND(ISBLANK(M73),ISBLANK(N73)),"Introducir Meta e Resultado",IF(ISBLANK(M73),"Introducir Meta",IF(ISBLANK(N73),"Introducir Resultado",IF(N73>=M73,"Meta Conseguida","Meta Non Conseguida")))) -> Introducir Meta e Resultado
A74: I38 | B74: Grao de satisfacción das Persoas Tituladas coas Prácticas | C74: DO-0204: Xestión das prácticas académicas | D74: Cubrir Meta e Resultado. A meta poderá estar entre os valores [1-5] Indicar o Valor que se atopa na Folla de "Bloque", na columna "Resultado" na fila "Valoración Total" do "Bloque 7 Prácticas Externas" da titulación correspondente do informe de "Enquisas de satisfacción de egresados/as" do portal de transparencia https://secretaria.uvigo.gal/uv/web/transparencia/grupo/show/5/28 Son os resultados do curso 23-24 | F74: 3.5925926 | G74: =+IF(AND(ISBLANK(E74),ISBLANK(F74)),"Introducir Meta e Resultado",IF(ISBLANK(E74),"Introducir Meta",IF(ISBLANK(F74),"Introducir Resultado",IF(F74>=E74,"Meta Conseguida","Meta Non Conseguida")))) -> Introducir Meta | K74: =+IF(AND(ISBLANK(I74),ISBLANK(J74)),"Introducir Meta e Resultado",IF(ISBLANK(I74),"Introducir Meta",IF(ISBLANK(J74),"Introducir Resultado",IF(J74>=I74,"Meta Conseguida","Meta Non Conseguida")))) -> Introducir Meta e Resultado | O74: =+IF(AND(ISBLANK(M74),ISBLANK(N74)),"Introducir Meta e Resultado",IF(ISBLANK(M74),"Introducir Meta",IF(ISBLANK(N74),"Introducir Resultado",IF(N74>=M74,"Meta Conseguida","Meta Non Conseguida")))) -> Introducir Meta e Resultado
A75: I39 | B75: Grao de satisfacción cos RRHH | C75: PE-01 Xestión do PAS | D75: Nº dos obxectivos (I39-1, I39-2, I39-3 e I39-4) que se acadan | E75: =+COUNTA(E76:E79) -> 0 | F75: =+COUNTIF(G76:G79,"Meta Conseguida") -> 0 | G75: =+IF(F75=0,"Ningunha Meta Alcanzada",IF(F75=E75,"Meta Totalmente Alcanzada",IF(F75>0,"Meta Parcialmente Alcanzada"))) -> Ningunha Meta Alcanzada | I75: =+COUNTA(I76:I79) -> 0 | J75: =+COUNTIF(K76:K79,"Meta Conseguida") -> 0 | K75: =+IF(J75=0,"Ningunha Meta Alcanzada",IF(J75=I75,"Meta Totalmente Alcanzada",IF(J75>0,"Meta Parcialmente Alcanzada"))) -> Ningunha Meta Alcanzada | M75: =+COUNTA(M76:M79) -> 0 | N75: =+COUNTIF(O76:O79,"Meta Conseguida") -> 0 | O75: =+IF(N75=0,"Ningunha Meta Alcanzada",IF(N75=M75,"Meta Totalmente Alcanzada",IF(N75>0,"Meta Parcialmente Alcanzada"))) -> Ningunha Meta Alcanzada
A76: I39-1 | B76: Satisfacción do Estudantado cos RRHH da titulación | C76: PE-01 Xestión do PAS | D76: Cubrir Meta e Resultado. A meta poderá estar entre os valores [1-5] Introducir o Valor que se atopa na folla de "Bloque", na columna "Resultado" na fila "Valoración Total" do "Bloque 4 Recursos Humanos" da titulación de "Enquisas de Satisfacción de estudantado" do portal de transparencia. https://secretaria.uvigo.gal/uv/web/transparencia/grupo/show/5/28 Os resultados son do curso 23-24 | F76: 4 | G76: =+IF(AND(ISBLANK(E76),ISBLANK(F76)),"Introducir Meta e Resultado",IF(ISBLANK(E76),"Introducir Meta",IF(ISBLANK(F76),"Introducir Resultado",IF(F76>=E76,"Meta Conseguida","Meta Non Conseguida")))) -> Introducir Meta | K76: =+IF(AND(ISBLANK(I76),ISBLANK(J76)),"Introducir Meta e Resultado",IF(ISBLANK(I76),"Introducir Meta",IF(ISBLANK(J76),"Introducir Resultado",IF(J76>=I76,"Meta Conseguida","Meta Non Conseguida")))) -> Introducir Meta e Resultado | O76: =+IF(AND(ISBLANK(M76),ISBLANK(N76)),"Introducir Meta e Resultado",IF(ISBLANK(M76),"Introducir Meta",IF(ISBLANK(N76),"Introducir Resultado",IF(N76>=M76,"Meta Conseguida","Meta Non Conseguida")))) -> Introducir Meta e Resultado
A77: I39-2 | B77: Satisfacción do Profesorado cos RRHH da titulación | C77: PE-01 Xestión do PAS | D77: Cubrir Meta e Resultado. A meta poderá estar entre os valores [1-5] Introducir o valor que se atopa na folla de "Bloque", na columna "Resultado" na fila "Valoración Total" do "Bloque 4 Recursos Humanos" da titulación de "Enquisas de Satisfacción do Profesorado" do portal de transparencia. https://secretaria.uvigo.gal/uv/web/transparencia/grupo/show/5/28 Os resultados son do curso 22-23 | F77: 4.3673469 | G77: =+IF(AND(ISBLANK(E77),ISBLANK(F77)),"Introducir Meta e Resultado",IF(ISBLANK(E77),"Introducir Meta",IF(ISBLANK(F77),"Introducir Resultado",IF(F77>=E77,"Meta Conseguida","Meta Non Conseguida")))) -> Introducir Meta | K77: =+IF(AND(ISBLANK(I77),ISBLANK(J77)),"Introducir Meta e Resultado",IF(ISBLANK(I77),"Introducir Meta",IF(ISBLANK(J77),"Introducir Resultado",IF(J77>=I77,"Meta Conseguida","Meta Non Conseguida")))) -> Introducir Meta e Resultado | O77: =+IF(AND(ISBLANK(M77),ISBLANK(N77)),"Introducir Meta e Resultado",IF(ISBLANK(M77),"Introducir Meta",IF(ISBLANK(N77),"Introducir Resultado",IF(N77>=M77,"Meta Conseguida","Meta Non Conseguida")))) -> Introducir Meta e Resultado
A78: I39-3 | B78: Satisfacción das Persoas tituladas cos RRHH da titulación | C78: PE-01 Xestión do PAS | D78: Cubrir Meta e Resultado. A meta poderá estar entre os valores [1-5] Introducir o valor que se atopa na folla de "Bloque", na columna "Resultado" na fila "Valoración Total" do "Bloque 4 Recursos Humanos" da titulación de "Enquisas de Satisfacción dos/das egresados/as " do portal de transparencia. https://secretaria.uvigo.gal/uv/web/transparencia/grupo/show/5/28 Os resultados son do curso 23-24 | F78: 4.1111111 | G78: =+IF(AND(ISBLANK(E78),ISBLANK(F78)),"Introducir Meta e Resultado",IF(ISBLANK(E78),"Introducir Meta",IF(ISBLANK(F78),"Introducir Resultado",IF(F78>=E78,"Meta Conseguida","Meta Non Conseguida")))) -> Introducir Meta | K78: =+IF(AND(ISBLANK(I78),ISBLANK(J78)),"Introducir Meta e Resultado",IF(ISBLANK(I78),"Introducir Meta",IF(ISBLANK(J78),"Introducir Resultado",IF(J78>=I78,"Meta Conseguida","Meta Non Conseguida")))) -> Introducir Meta e Resultado | O78: =+IF(AND(ISBLANK(M78),ISBLANK(N78)),"Introducir Meta e Resultado",IF(ISBLANK(M78),"Introducir Meta",IF(ISBLANK(N78),"Introducir Resultado",IF(N78>=M78,"Meta Conseguida","Meta Non Conseguida")))) -> Introducir Meta e Resultado
A79: I39-4 | B79: Satisfacción do PTXAS cos RRHH da titulación | C79: PE-01 Xestión do PAS | D79: Cubrir Meta e Resultado. A meta poderá estar entre os valores [1-5] Introducir o valor que se atopa na folla de "Bloque", na columna "Resultado" na fila "Valoración Total" do "Bloque 3 Recursos Humanos " da titulación de "Enquisas de Satisfacción do PTXAS" do portal de transparencia. https://secretaria.uvigo.gal/uv/web/transparencia/grupo/show/5/28 Os resultados son do curso 22-23 | F79: 3.875 | G79: =+IF(AND(ISBLANK(E79),ISBLANK(F79)),"Introducir Meta e Resultado",IF(ISBLANK(E79),"Introducir Meta",IF(ISBLANK(F79),"Introducir Resultado",IF(F79>=E79,"Meta Conseguida","Meta Non Conseguida")))) -> Introducir Meta | K79: =+IF(AND(ISBLANK(I79),ISBLANK(J79)),"Introducir Meta e Resultado",IF(ISBLANK(I79),"Introducir Meta",IF(ISBLANK(J79),"Introducir Resultado",IF(J79>=I79,"Meta Conseguida","Meta Non Conseguida")))) -> Introducir Meta e Resultado | O79: =+IF(AND(ISBLANK(M79),ISBLANK(N79)),"Introducir Meta e Resultado",IF(ISBLANK(M79),"Introducir Meta",IF(ISBLANK(N79),"Introducir Resultado",IF(N79>=M79,"Meta Conseguida","Meta Non Conseguida")))) -> Introducir Meta e Resultado
A80: I42 | B80: % Accións de Mellora finalizadas en prazo | C80: XD-01: Control dos documentos e dos rexistros | D80: Cubrir Meta e Resultado Porcentaxe das accións de mellora que está prevista a súa finalización neste curso, e efectivamente están finalizadas, sobre o total das accións de mellora que finalizaban o curso de referencia. | G80: =+IF(AND(ISBLANK(E80),ISBLANK(F80)),"Introducir Meta e Resultado",IF(ISBLANK(E80),"Introducir Meta",IF(ISBLANK(F80),"Introducir Resultado",IF(F80>=E80,"Meta Conseguida","Meta Non Conseguida")))) -> Introducir Meta e Resultado | K80: =+IF(AND(ISBLANK(I80),ISBLANK(J80)),"Introducir Meta e Resultado",IF(ISBLANK(I80),"Introducir Meta",IF(ISBLANK(J80),"Introducir Resultado",IF(J80>=I80,"Meta Conseguida","Meta Non Conseguida")))) -> Introducir Meta e Resultado | O80: =+IF(AND(ISBLANK(M80),ISBLANK(N80)),"Introducir Meta e Resultado",IF(ISBLANK(M80),"Introducir Meta",IF(ISBLANK(N80),"Introducir Resultado",IF(N80>=M80,"Meta Conseguida","Meta Non Conseguida")))) -> Introducir Meta e Resultado
A81: I43 | B81: Resultados EAD | C81: PE-02 Xestión de PDI | D81: Cubrir Meta e Resultado. A meta poderá estar entre os valores [1-5] Indicar o valor que se atopa na columna "Global" e na filla "GLOBAL", do informe de avaliación docente por titulación que se atopa na secretaría virtual. https://secretaria.uvigo.gal/uvigo.sv/index.php?modulo=informes&accion=InformeEadTitulacion Os resultados son do curso 22-23 | F81: 3.96 | G81: =+IF(AND(ISBLANK(E81),ISBLANK(F81)),"Introducir Meta e Resultado",IF(ISBLANK(E81),"Introducir Meta",IF(ISBLANK(F81),"Introducir Resultado",IF(F81>=E81,"Meta Conseguida","Meta Non Conseguida")))) -> Introducir Meta | K81: =+IF(AND(ISBLANK(I81),ISBLANK(J81)),"Introducir Meta e Resultado",IF(ISBLANK(I81),"Introducir Meta",IF(ISBLANK(J81),"Introducir Resultado",IF(J81>=I81,"Meta Conseguida","Meta Non Conseguida")))) -> Introducir Meta e Resultado | O81: =+IF(AND(ISBLANK(M81),ISBLANK(N81)),"Introducir Meta e Resultado",IF(ISBLANK(M81),"Introducir Meta",IF(ISBLANK(N81),"Introducir Resultado",IF(N81>=M81,"Meta Conseguida","Meta Non Conseguida")))) -> Introducir Meta e Resultado
A82: I44 | B82: Índice de satisfacción coa organización e o desenvolvemento | C82: DO-0201 Planificación e desenvolvemento da ensinanza | D82: Nº dos obxectivos (I44-1, I44-2, I44-3 e I44-4) que se acadan | E82: =+COUNTA(E83:E86) -> 0 | F82: =+COUNTIF(G83:G86,"Meta Conseguida") -> 0 | G82: =+IF(F82=0,"Ningunha Meta Alcanzada",IF(F82=E82,"Meta Totalmente Alcanzada",IF(F82>0,"Meta Parcialmente Alcanzada"))) -> Ningunha Meta Alcanzada | I82: =+COUNTA(I83:I86) -> 0 | J82: =+COUNTIF(K83:K86,"Meta Conseguida") -> 0 | K82: =+IF(J82=0,"Ningunha Meta Alcanzada",IF(J82=I82,"Meta Totalmente Alcanzada",IF(J82>0,"Meta Parcialmente Alcanzada"))) -> Ningunha Meta Alcanzada | M82: =+COUNTA(M83:M86) -> 0 | N82: =+COUNTIF(O83:O86,"Meta Conseguida") -> 0 | O82: =+IF(N82=0,"Ningunha Meta Alcanzada",IF(N82=M82,"Meta Totalmente Alcanzada",IF(N82>0,"Meta Parcialmente Alcanzada"))) -> Ningunha Meta Alcanzada
A83: I44-1 | B83: Satisfacción do Estudantado coa organización e o desenvolvemento | C83: DO-0201 Planificación e desenvolvemento da ensinanza | D83: Cubrir Meta e Resultado. A meta poderá estar entre os valores [1-5] Introducir o Valor que se atopa na folla de "Bloque", na columna "Resultado" na fila "Valoración Total" do "Bloque 1 Organización e Desenvolvemento" da titulación do informe de "Enquisas de Satisfacción de estudantado" do portal de transparencia. https://secretaria.uvigo.gal/uv/web/transparencia/grupo/show/5/28 Os resultados son do curso 23-24 | F83: 3.3928571 | G83: =+IF(AND(ISBLANK(E83),ISBLANK(F83)),"Introducir Meta e Resultado",IF(ISBLANK(E83),"Introducir Meta",IF(ISBLANK(F83),"Introducir Resultado",IF(F83>=E83,"Meta Conseguida","Meta Non Conseguida")))) -> Introducir Meta | K83: =+IF(AND(ISBLANK(I83),ISBLANK(J83)),"Introducir Meta e Resultado",IF(ISBLANK(I83),"Introducir Meta",IF(ISBLANK(J83),"Introducir Resultado",IF(J83>=I83,"Meta Conseguida","Meta Non Conseguida")))) -> Introducir Meta e Resultado | O83: =+IF(AND(ISBLANK(M83),ISBLANK(N83)),"Introducir Meta e Resultado",IF(ISBLANK(M83),"Introducir Meta",IF(ISBLANK(N83),"Introducir Resultado",IF(N83>=M83,"Meta Conseguida","Meta Non Conseguida")))) -> Introducir Meta e Resultado
A84: I44-2 | B84: Satisfacción do Profesorado coa organización e o desenvolvemento | C84: DO-0201 Planificación e desenvolvemento da ensinanza | D84: Cubrir Meta e Resultado. A meta poderá estar entre os valores [1-5] Introducir o Valor que se atopa na folla de "Bloque", na columna "Resultado" na fila "Valoración Total" do "Bloque 1 Organización e Desenvolvemento" da titulación do informe de "Enquisas de Satisfacción do Profesorado" do portal de transparencia. https://secretaria.uvigo.gal/uv/web/transparencia/grupo/show/5/28 Os resultados son do curso 22-23 | F84: 4.3469388 | G84: =+IF(AND(ISBLANK(E84),ISBLANK(F84)),"Introducir Meta e Resultado",IF(ISBLANK(E84),"Introducir Meta",IF(ISBLANK(F84),"Introducir Resultado",IF(F84>=E84,"Meta Conseguida","Meta Non Conseguida")))) -> Introducir Meta | K84: =+IF(AND(ISBLANK(I84),ISBLANK(J84)),"Introducir Meta e Resultado",IF(ISBLANK(I84),"Introducir Meta",IF(ISBLANK(J84),"Introducir Resultado",IF(J84>=I84,"Meta Conseguida","Meta Non Conseguida")))) -> Introducir Meta e Resultado | O84: =+IF(AND(ISBLANK(M84),ISBLANK(N84)),"Introducir Meta e Resultado",IF(ISBLANK(M84),"Introducir Meta",IF(ISBLANK(N84),"Introducir Resultado",IF(N84>=M84,"Meta Conseguida","Meta Non Conseguida")))) -> Introducir Meta e Resultado
A85: I44-3 | B85: Satisfacción das Persoas tituladas coa organización e o desenvolvemento | C85: DO-0201 Planificación e desenvolvemento da ensinanza | D85: Cubrir Meta e Resultado. A meta poderá estar entre os valores [1-5] Introducir o Valor que se atopa na folla de "Bloque", na columna "Resultado" na fila "Valoración Total" do "Bloque 1 Organización e Desenvolvemento" da titulación corresponden do informe de "Enquisas de Satisfacción dos/das egresados/as " do portal de transparencia. https://secretaria.uvigo.gal/uv/web/transparencia/grupo/show/5/28 Os resultados son do curso 23-24 | F85: 3.5294118 | G85: =+IF(AND(ISBLANK(E85),ISBLANK(F85)),"Introducir Meta e Resultado",IF(ISBLANK(E85),"Introducir Meta",IF(ISBLANK(F85),"Introducir Resultado",IF(F85>=E85,"Meta Conseguida","Meta Non Conseguida")))) -> Introducir Meta | K85: =+IF(AND(ISBLANK(I85),ISBLANK(J85)),"Introducir Meta e Resultado",IF(ISBLANK(I85),"Introducir Meta",IF(ISBLANK(J85),"Introducir Resultado",IF(J85>=I85,"Meta Conseguida","Meta Non Conseguida")))) -> Introducir Meta e Resultado | O85: =+IF(AND(ISBLANK(M85),ISBLANK(N85)),"Introducir Meta e Resultado",IF(ISBLANK(M85),"Introducir Meta",IF(ISBLANK(N85),"Introducir Resultado",IF(N85>=M85,"Meta Conseguida","Meta Non Conseguida")))) -> Introducir Meta e Resultado
A86: I44-3 | B86: Satisfacción do PTXAS coa organización e o desenvolvemento | C86: DO-0201 Planificación e desenvolvemento da ensinanza | D86: Cubrir Meta e Resultado. A meta poderá estar entre os valores [1-5] Introducir o Valor que se atopa na folla de "Preguntas", na columna "Resultado" na fila "Valoración Total" da "Pregunta 15 a xestión das titulacións" da titulación correspondente do informe de "Enquisas de Satisfacción do PTXAS" do portal de transparencia. https://secretaria.uvigo.gal/uv/web/transparencia/grupo/show/5/28 Os resultados son do curso 22-23 | F86: 4 | G86: =+IF(AND(ISBLANK(E86),ISBLANK(F86)),"Introducir Meta e Resultado",IF(ISBLANK(E86),"Introducir Meta",IF(ISBLANK(F86),"Introducir Resultado",IF(F86>=E86,"Meta Conseguida","Meta Non Conseguida")))) -> Introducir Meta | K86: =+IF(AND(ISBLANK(I86),ISBLANK(J86)),"Introducir Meta e Resultado",IF(ISBLANK(I86),"Introducir Meta",IF(ISBLANK(J86),"Introducir Resultado",IF(J86>=I86,"Meta Conseguida","Meta Non Conseguida")))) -> Introducir Meta e Resultado | O86: =+IF(AND(ISBLANK(M86),ISBLANK(N86)),"Introducir Meta e Resultado",IF(ISBLANK(M86),"Introducir Meta",IF(ISBLANK(N86),"Introducir Resultado",IF(N86>=M86,"Meta Conseguida","Meta Non Conseguida")))) -> Introducir Meta e Resultado
A87: I45 | B87: Nº Estudantado matriculado | C87: AC-01: Acceso, evolución e Expedición de Titulos Oficiais | D87: Só Cubrir o Resultado. Este indicador utilizase para calcular outros indicadores Elixir o documento estudantes matriculados de Grao ou Máster segundo sea o caso. https://secretaria.uvigo.gal/uv/web/transparencia/informe/show/5/51/61 Indicar o Nº total de Estudantes matriculados da titulación e neste curso Os resultados son do curso 23-24 | E87: ---- | F87: 319 | G87: =+IF(ISBLANK(F87),"Introducir Resultado","Indicador Completado") -> Indicador Completado | I87: ---- | K87: =+IF(ISBLANK(J87),"Introducir Resultado","Indicador Completado") -> Introducir Resultado | M87: ---- | O87: =+IF(ISBLANK(N87),"Introducir Resultado","Indicador Completado") -> Introducir Resultado
A88: I46 | B88: Nº PDI que imparte docencia en titulación | C88: PE-02 Xestión de PDI | D88: Só Cubrir o Resultado. Este indicador utilizase para calcular outros indicadores Acceder á consulta DOC. Profesorado con Docencia, do portal de transparencia. https://secretaria.uvigo.gal/uv/web/transparencia/informe/show/5/34/25 Posteriormente indicar o Nº de profesorado da titulación e neste curso. Os resultados son do curso 23-24 | E88: ---- | F88: 61 | G88: =+IF(ISBLANK(F88),"Introducir Resultado","Indicador Completado") -> Indicador Completado | I88: ---- | K88: =+IF(ISBLANK(J88),"Introducir Resultado","Indicador Completado") -> Introducir Resultado | M88: ---- | O88: =+IF(ISBLANK(N88),"Introducir Resultado","Indicador Completado") -> Introducir Resultado
A90: Indicadores do programa estratéxico de centro
A92: I50 | B92: Indicadores do programa estratexico do centro asociado á Titulación | C92: DE-01: Programación e desenvolvemento estratéxico | D92: Nº dos obxectivos I50-11 ata I50-20 que se acadan | E92: =+COUNTA(G93:G102)-COUNTIF(G93:G102,"Non hai indicador")-COUNTIF(G93:G102,"Introducir Meta e Resultado") -> 0 | F92: =+COUNTIF(G93:G102,"Meta Conseguida") -> 0 | G92: =+IF(F92=0,"Ningunha Meta Alcanzada",IF(F92=E92,"Meta Totalmente Alcanzada",IF(F92>0,"Meta Parcialmente Alcanzada"))) -> Ningunha Meta Alcanzada | I92: =+COUNTA(K93:K102)-COUNTIF(K93:K102,"Non hai indicador")-COUNTIF(K93:K102,"Introducir Meta e Resultado") -> 0 | J92: =+COUNTIF(K93:K102,"Meta Conseguida") -> 0 | K92: =+IF(J92=0,"Ningunha Meta Alcanzada",IF(J92=I92,"Meta Totalmente Alcanzada",IF(J92>0,"Meta Parcialmente Alcanzada"))) -> Ningunha Meta Alcanzada | M92: =+COUNTA(O93:O102)-COUNTIF(O93:O102,"Non hai indicador")-COUNTIF(O93:O102,"Introducir Meta e Resultado") -> 0 | N92: =+COUNTIF(O93:O102,"Meta Conseguida") -> 0 | O92: =+IF(N92=0,"Ningunha Meta Alcanzada",IF(N92=M92,"Meta Totalmente Alcanzada",IF(N92>0,"Meta Parcialmente Alcanzada"))) -> Ningunha Meta Alcanzada
A93: I50-11 | B93: Indicador 11 | C93: DE-01: Programación e desenvolvemento estratéxico | D93: Cubrir Meta e Resultado Este indicador está establecido polo centro, e está asociado a esta titulación. | G93: =+IF(AND(ISBLANK(E93),ISBLANK(F93)),"Introducir Meta e Resultado",IF(ISBLANK(E93),"Introducir Meta",IF(ISBLANK(F93),"Introducir Resultado",IF(F93>=E93,"Meta Conseguida","Meta Non Conseguida")))) -> Introducir Meta e Resultado | K93: =+IF(AND(ISBLANK(I93),ISBLANK(J93)),"Introducir Meta e Resultado",IF(ISBLANK(I93),"Introducir Meta",IF(ISBLANK(J93),"Introducir Resultado",IF(J93>=I93,"Meta Conseguida","Meta Non Conseguida")))) -> Introducir Meta e Resultado | O93: =+IF(AND(ISBLANK(M93),ISBLANK(N93)),"Introducir Meta e Resultado",IF(ISBLANK(M93),"Introducir Meta",IF(ISBLANK(N93),"Introducir Resultado",IF(N93>=M93,"Meta Conseguida","Meta Non Conseguida")))) -> Introducir Meta e Resultado
A94: I50-12 | B94: Indicador 12 | C94: DE-01: Programación e desenvolvemento estratéxico | D94: Cubrir Meta e Resultado Este indicador está establecido polo centro, e está asociado a esta titulación. | G94: =+IF(AND(ISBLANK(E94),ISBLANK(F94)),"Introducir Meta e Resultado",IF(ISBLANK(E94),"Introducir Meta",IF(ISBLANK(F94),"Introducir Resultado",IF(F94>=E94,"Meta Conseguida","Meta Non Conseguida")))) -> Introducir Meta e Resultado | K94: =+IF(AND(ISBLANK(I94),ISBLANK(J94)),"Introducir Meta e Resultado",IF(ISBLANK(I94),"Introducir Meta",IF(ISBLANK(J94),"Introducir Resultado",IF(J94>=I94,"Meta Conseguida","Meta Non Conseguida")))) -> Introducir Meta e Resultado | O94: =+IF(AND(ISBLANK(M94),ISBLANK(N94)),"Introducir Meta e Resultado",IF(ISBLANK(M94),"Introducir Meta",IF(ISBLANK(N94),"Introducir Resultado",IF(N94>=M94,"Meta Conseguida","Meta Non Conseguida")))) -> Introducir Meta e Resultado
A95: I50-13 | B95: Indicador 13 | C95: DE-01: Programación e desenvolvemento estratéxico | D95: Cubrir Meta e Resultado Este indicador está establecido polo centro, e está asociado a esta titulación. | G95: =+IF(AND(ISBLANK(E95),ISBLANK(F95)),"Introducir Meta e Resultado",IF(ISBLANK(E95),"Introducir Meta",IF(ISBLANK(F95),"Introducir Resultado",IF(F95>=E95,"Meta Conseguida","Meta Non Conseguida")))) -> Introducir Meta e Resultado | K95: =+IF(AND(ISBLANK(I95),ISBLANK(J95)),"Introducir Meta e Resultado",IF(ISBLANK(I95),"Introducir Meta",IF(ISBLANK(J95),"Introducir Resultado",IF(J95>=I95,"Meta Conseguida","Meta Non Conseguida")))) -> Introducir Meta e Resultado | O95: =+IF(AND(ISBLANK(M95),ISBLANK(N95)),"Introducir Meta e Resultado",IF(ISBLANK(M95),"Introducir Meta",IF(ISBLANK(N95),"Introducir Resultado",IF(N95>=M95,"Meta Conseguida","Meta Non Conseguida")))) -> Introducir Meta e Resultado
A96: I50-14 | B96: Indicador 14 | C96: DE-01: Programación e desenvolvemento estratéxico | D96: Cubrir Meta e Resultado Este indicador está establecido polo centro, e está asociado a esta titulación. | G96: =+IF(AND(ISBLANK(E96),ISBLANK(F96)),"Introducir Meta e Resultado",IF(ISBLANK(E96),"Introducir Meta",IF(ISBLANK(F96),"Introducir Resultado",IF(F96>=E96,"Meta Conseguida","Meta Non Conseguida")))) -> Introducir Meta e Resultado | K96: =+IF(AND(ISBLANK(I96),ISBLANK(J96)),"Introducir Meta e Resultado",IF(ISBLANK(I96),"Introducir Meta",IF(ISBLANK(J96),"Introducir Resultado",IF(J96>=I96,"Meta Conseguida","Meta Non Conseguida")))) -> Introducir Meta e Resultado | O96: =+IF(AND(ISBLANK(M96),ISBLANK(N96)),"Introducir Meta e Resultado",IF(ISBLANK(M96),"Introducir Meta",IF(ISBLANK(N96),"Introducir Resultado",IF(N96>=M96,"Meta Conseguida","Meta Non Conseguida")))) -> Introducir Meta e Resultado
A97: I50-15 | B97: Indicador 15 | C97: DE-01: Programación e desenvolvemento estratéxico | D97: Cubrir Meta e Resultado Este indicador está establecido polo centro, e está asociado a esta titulación. | G97: =+IF(AND(ISBLANK(E97),ISBLANK(F97)),"Introducir Meta e Resultado",IF(ISBLANK(E97),"Introducir Meta",IF(ISBLANK(F97),"Introducir Resultado",IF(F97>=E97,"Meta Conseguida","Meta Non Conseguida")))) -> Introducir Meta e Resultado | K97: =+IF(AND(ISBLANK(I97),ISBLANK(J97)),"Introducir Meta e Resultado",IF(ISBLANK(I97),"Introducir Meta",IF(ISBLANK(J97),"Introducir Resultado",IF(J97>=I97,"Meta Conseguida","Meta Non Conseguida")))) -> Introducir Meta e Resultado | O97: =+IF(AND(ISBLANK(M97),ISBLANK(N97)),"Introducir Meta e Resultado",IF(ISBLANK(M97),"Introducir Meta",IF(ISBLANK(N97),"Introducir Resultado",IF(N97>=M97,"Meta Conseguida","Meta Non Conseguida")))) -> Introducir Meta e Resultado
A98: I50-16 | B98: Indicador 16 | C98: DE-01: Programación e desenvolvemento estratéxico | D98: Cubrir Meta e Resultado Este indicador está establecido polo centro, e está asociado a esta titulación. | G98: =+IF(AND(ISBLANK(E98),ISBLANK(F98)),"Introducir Meta e Resultado",IF(ISBLANK(E98),"Introducir Meta",IF(ISBLANK(F98),"Introducir Resultado",IF(F98>=E98,"Meta Conseguida","Meta Non Conseguida")))) -> Introducir Meta e Resultado | K98: =+IF(AND(ISBLANK(I98),ISBLANK(J98)),"Introducir Meta e Resultado",IF(ISBLANK(I98),"Introducir Meta",IF(ISBLANK(J98),"Introducir Resultado",IF(J98>=I98,"Meta Conseguida","Meta Non Conseguida")))) -> Introducir Meta e Resultado | O98: =+IF(AND(ISBLANK(M98),ISBLANK(N98)),"Introducir Meta e Resultado",IF(ISBLANK(M98),"Introducir Meta",IF(ISBLANK(N98),"Introducir Resultado",IF(N98>=M98,"Meta Conseguida","Meta Non Conseguida")))) -> Introducir Meta e Resultado
A99: I50-17 | B99: Indicador 17 | C99: DE-01: Programación e desenvolvemento estratéxico | D99: Cubrir Meta e Resultado Este indicador está establecido polo centro, e está asociado a esta titulación. | G99: =+IF(AND(ISBLANK(E99),ISBLANK(F99)),"Introducir Meta e Resultado",IF(ISBLANK(E99),"Introducir Meta",IF(ISBLANK(F99),"Introducir Resultado",IF(F99>=E99,"Meta Conseguida","Meta Non Conseguida")))) -> Introducir Meta e Resultado | K99: =+IF(AND(ISBLANK(I99),ISBLANK(J99)),"Introducir Meta e Resultado",IF(ISBLANK(I99),"Introducir Meta",IF(ISBLANK(J99),"Introducir Resultado",IF(J99>=I99,"Meta Conseguida","Meta Non Conseguida")))) -> Introducir Meta e Resultado | O99: =+IF(AND(ISBLANK(M99),ISBLANK(N99)),"Introducir Meta e Resultado",IF(ISBLANK(M99),"Introducir Meta",IF(ISBLANK(N99),"Introducir Resultado",IF(N99>=M99,"Meta Conseguida","Meta Non Conseguida")))) -> Introducir Meta e Resultado
A100: I50-18 | B100: Indicador 18 | C100: DE-01: Programación e desenvolvemento estratéxico | D100: Cubrir Meta e Resultado Este indicador está establecido polo centro, e está asociado a esta titulación. | G100: =+IF(AND(ISBLANK(E100),ISBLANK(F100)),"Introducir Meta e Resultado",IF(ISBLANK(E100),"Introducir Meta",IF(ISBLANK(F100),"Introducir Resultado",IF(F100>=E100,"Meta Conseguida","Meta Non Conseguida")))) -> Introducir Meta e Resultado | K100: =+IF(AND(ISBLANK(I100),ISBLANK(J100)),"Introducir Meta e Resultado",IF(ISBLANK(I100),"Introducir Meta",IF(ISBLANK(J100),"Introducir Resultado",IF(J100>=I100,"Meta Conseguida","Meta Non Conseguida")))) -> Introducir Meta e Resultado | O100: =+IF(AND(ISBLANK(M100),ISBLANK(N100)),"Introducir Meta e Resultado",IF(ISBLANK(M100),"Introducir Meta",IF(ISBLANK(N100),"Introducir Resultado",IF(N100>=M100,"Meta Conseguida","Meta Non Conseguida")))) -> Introducir Meta e Resultado
A101: I50-19 | B101: Indicador 19 | C101: DE-01: Programación e desenvolvemento estratéxico | D101: Cubrir Meta e Resultado Este indicador está establecido polo centro, e está asociado a esta titulación. | G101: =+IF(AND(ISBLANK(E101),ISBLANK(F101)),"Introducir Meta e Resultado",IF(ISBLANK(E101),"Introducir Meta",IF(ISBLANK(F101),"Introducir Resultado",IF(F101>=E101,"Meta Conseguida","Meta Non Conseguida")))) -> Introducir Meta e Resultado | K101: =+IF(AND(ISBLANK(I101),ISBLANK(J101)),"Introducir Meta e Resultado",IF(ISBLANK(I101),"Introducir Meta",IF(ISBLANK(J101),"Introducir Resultado",IF(J101>=I101,"Meta Conseguida","Meta Non Conseguida")))) -> Introducir Meta e Resultado | O101: =+IF(AND(ISBLANK(M101),ISBLANK(N101)),"Introducir Meta e Resultado",IF(ISBLANK(M101),"Introducir Meta",IF(ISBLANK(N101),"Introducir Resultado",IF(N101>=M101,"Meta Conseguida","Meta Non Conseguida")))) -> Introducir Meta e Resultado
A102: I50-20 | B102: Indicador 20 | C102: DE-01: Programación e desenvolvemento estratéxico | D102: Cubrir Meta e Resultado Este indicador está establecido polo centro, e está asociado a esta titulación. | G102: =+IF(AND(ISBLANK(E102),ISBLANK(F102)),"Introducir Meta e Resultado",IF(ISBLANK(E102),"Introducir Meta",IF(ISBLANK(F102),"Introducir Resultado",IF(F102>=E102,"Meta Conseguida","Meta Non Conseguida")))) -> Introducir Meta e Resultado | K102: =+IF(AND(ISBLANK(I102),ISBLANK(J102)),"Introducir Meta e Resultado",IF(ISBLANK(I102),"Introducir Meta",IF(ISBLANK(J102),"Introducir Resultado",IF(J102>=I102,"Meta Conseguida","Meta Non Conseguida")))) -> Introducir Meta e Resultado | O102: =+IF(AND(ISBLANK(M102),ISBLANK(N102)),"Introducir Meta e Resultado",IF(ISBLANK(M102),"Introducir Meta",IF(ISBLANK(N102),"Introducir Resultado",IF(N102>=M102,"Meta Conseguida","Meta Non Conseguida")))) -> Introducir Meta e Resultado

Sheet MPemes
A2: Panel de indicadores- Cadro de mando do Máster Universitario en Dirección de PEMES
A4: Indicadores | C4: Procedimientos asociados | E4: =+Centro!E4 -> Curso X | I4: =+Centro!I4 -> Curso X+1 | M4: =+Centro!M4 -> Curso X+2
A5: Cod | B5: Denominación Indicador | C5: Denominación | D5: Descripción e Fonte de Información | E5: Meta | F5: Resultado | G5: Observacións | I5: Meta | J5: Resultado | K5: Observacións | M5: Meta | N5: Resultado | O5: Observacións
A6: Indicadores dos Programas de Calidade
A7: I1-I2 | B7: Nº Estudantes de novo ingreso (Grao e Máster) | C7: AC-01: Acceso, evolución e Expedición de Titulos Oficiais | D7: Cubrir Meta e Resultado Elixir o documento Grao ACC_1 ou Máster ACC_1, segundo o caso: https://secretaria.uvigo.gal/uv/web/transparencia/informe/show/5/51/63 Os resultados son do curso 23/24 | F7: 29 | G7: =+IF(AND(ISBLANK(E7),ISBLANK(F7)),"Introducir Meta e Resultado",IF(ISBLANK(E7),"Introducir Meta",IF(ISBLANK(F7),"Introducir Resultado",IF(F7>=E7,"Meta Conseguida","Meta Non Conseguida")))) -> Introducir Meta | K7: =+IF(AND(ISBLANK(I7),ISBLANK(J7)),"Introducir Meta e Resultado",IF(ISBLANK(I7),"Introducir Meta",IF(ISBLANK(J7),"Introducir Resultado",IF(J7>=I7,"Meta Conseguida","Meta Non Conseguida")))) -> Introducir Meta e Resultado | O7: =+IF(AND(ISBLANK(M7),ISBLANK(N7)),"Introducir Meta e Resultado",IF(ISBLANK(M7),"Introducir Meta",IF(ISBLANK(N7),"Introducir Resultado",IF(N7>=M7,"Meta Conseguida","Meta Non Conseguida")))) -> Introducir Meta e Resultado
A8: I3 | B8: Indicadores de mobilidade do estudantado | C8: DO-0205: Xestión da mobilidade | D8: Nº dos obxectivos I3-1 e I3-2 que se acadan | E8: =+COUNTA(E9:E10) -> 0 | F8: =+COUNTIF(G9:G10,"Meta Conseguida") -> 0 | G8: =+IF(F8=0,"Ningunha Meta Alcanzada",IF(F8>=E8,"Meta Totalmente Alcanzada",IF(F8>0,"Meta Parcialmente Alcanzada"))) -> Ningunha Meta Alcanzada | I8: =+COUNTA(I9:I10) -> 0 | J8: =+COUNTIF(K9:K10,"Meta Conseguida") -> 0 | K8: =+IF(J8=0,"Ningunha Meta Alcanzada",IF(J8>=I8,"Meta Totalmente Alcanzada",IF(J8>0,"Meta Parcialmente Alcanzada"))) -> Ningunha Meta Alcanzada | M8: =+COUNTA(M9:M10) -> 0 | N8: =+COUNTIF(O9:O10,"Meta Conseguida") -> 0 | O8: =+IF(N8=0,"Ningunha Meta Alcanzada",IF(N8>=M8,"Meta Totalmente Alcanzada",IF(N8>0,"Meta Parcialmente Alcanzada"))) -> Ningunha Meta Alcanzada
A9: I3-1 | B9: Nº Estudantes propios que participan en programas de mobilidade | C9: DO-0205: Xestión da mobilidade | D9: Cubrir Meta e Resultado Selecciónar o dato da titulación da columna "Total_SAÍNTE" da Folla Mobilidade_TOTAL do documento "Mobilidade" do portal de transparencia. https://secretaria.uvigo.gal/uv/web/transparencia/informe/show/5/4/19 Os resultados son do curso 23/24 | F9: 0 | G9: =+IF(AND(ISBLANK(E9),ISBLANK(F9)),"Introducir Meta e Resultado",IF(ISBLANK(E9),"Introducir Meta",IF(ISBLANK(F9),"Introducir Resultado",IF(F9>=E9,"Meta Conseguida","Meta Non Conseguida")))) -> Introducir Meta | K9: =+IF(AND(ISBLANK(I9),ISBLANK(J9)),"Introducir Meta e Resultado",IF(ISBLANK(I9),"Introducir Meta",IF(ISBLANK(J9),"Introducir Resultado",IF(J9>=I9,"Meta Conseguida","Meta Non Conseguida")))) -> Introducir Meta e Resultado | O9: =+IF(AND(ISBLANK(M9),ISBLANK(N9)),"Introducir Meta e Resultado",IF(ISBLANK(M9),"Introducir Meta",IF(ISBLANK(N9),"Introducir Resultado",IF(N9>=M9,"Meta Conseguida","Meta Non Conseguida")))) -> Introducir Meta e Resultado
A10: I3-2 | B10: % Estudantes que participan en programas de mobilidade | C10: DO-0205: Xestión da mobilidade | D10: Só Cubrir a Meta. O Resultado calcúlase de xeito automático % Estudantado que participa en programas de mobilidade con relación ao estudantado matriculado. Porcentaxe que se calcula de xeito automático, a partir do indicador I3-1 e I45 | F10: =+IFERROR(F$9/F$87,0) -> 0 | G10: =+IF(AND(ISBLANK(E10),ISBLANK(F10)),"Introducir Meta e Resultado",IF(ISBLANK(E10),"Introducir Meta",IF(ISBLANK(F10),"Introducir Resultado",IF(F10>=E10,"Meta Conseguida","Meta Non Conseguida")))) -> Introducir Meta | J10: =+IFERROR(J$9/J$87,0) -> 0 | K10: =+IF(AND(ISBLANK(I10),ISBLANK(J10)),"Introducir Meta e Resultado",IF(ISBLANK(I10),"Introducir Meta",IF(ISBLANK(J10),"Introducir Resultado",IF(J10>=I10,"Meta Conseguida","Meta Non Conseguida")))) -> Introducir Meta | N10: =+IFERROR(N$9/N$87,0) -> 0 | O10: =+IF(AND(ISBLANK(M10),ISBLANK(N10)),"Introducir Meta e Resultado",IF(ISBLANK(M10),"Introducir Meta",IF(ISBLANK(N10),"Introducir Resultado",IF(N10>=M10,"Meta Conseguida","Meta Non Conseguida")))) -> Introducir Meta
A11: I4 | B11: Resultados dos indicadores do SGC | C11: DE-02 Seguimento e Medición | D11: Non Cubrir a Meta nin o Resultado. Calcúlanse de xeito automático Este indicador mostra a porcentaxe dos obxectivos que acadan as súas metas establecidas. | E11: =+F11+COUNTIF(G$7:G$10,"Meta non Conseguida")+COUNTIF(G$12:G$102,"Meta non Conseguida") -> 3 | F11: =+COUNTIF(G$6:G$10,"Meta Conseguida")+COUNTIF(G$12:G$102,"Meta Conseguida") -> 3 | G11: =+IFERROR(F11/E11,"Introducir Meta") -> 1 | I11: =+J11+COUNTIF(K$7:K$10,"Meta non Conseguida")+COUNTIF(K$12:K$102,"Meta non Conseguida") -> 0 | J11: =+COUNTIF(K$6:K$10,"Meta Conseguida")+COUNTIF(K$12:K$102,"Meta Conseguida") -> 0 | K11: =+IFERROR(J11/I11,"Introducir Meta") -> Introducir Meta | M11: =+N11+COUNTIF(O$7:O$10,"Meta non Conseguida")+COUNTIF(O$12:O$102,"Meta non Conseguida") -> 0 | N11: =+COUNTIF(O$6:O$10,"Meta Conseguida")+COUNTIF(O$12:O$102,"Meta Conseguida") -> 0 | O11: =+IFERROR(N11/M11,"Introducir Meta") -> Introducir Meta
A12: I5 | B12: Indicadores de formación do PDI | C12: PE-02 Xestión de PDI | D12: Nº dos obxectivos I5-1 e I5-2 que se acadan | E12: =+COUNTA(E13:E14) -> 0 | F12: =+COUNTIF(G13:G14,"Meta Conseguida") -> 0 | G12: =+IF(F12=0,"Ningunha Meta Alcanzada",IF(F12>=E12,"Meta Totalmente Alcanzada",IF(F12>0,"Meta Parcialmente Alcanzada"))) -> Ningunha Meta Alcanzada | I12: =+COUNTA(I13:I14) -> 0 | J12: =+COUNTIF(K13:K14,"Meta Conseguida") -> 0 | K12: =+IF(J12=0,"Ningunha Meta Alcanzada",IF(J12>=I12,"Meta Totalmente Alcanzada",IF(J12>0,"Meta Parcialmente Alcanzada"))) -> Ningunha Meta Alcanzada | M12: =+COUNTA(M13:M14) -> 0 | N12: =+COUNTIF(O13:O14,"Meta Conseguida") -> 0 | O12: =+IF(N12=0,"Ningunha Meta Alcanzada",IF(N12>=M12,"Meta Totalmente Alcanzada",IF(N12>0,"Meta Parcialmente Alcanzada"))) -> Ningunha Meta Alcanzada
A13: I5-1 | B13: Nº PDI en plans de formación do título | C13: PE-02 Xestión de PDI | D13: Cubrir Meta e Resultado Seleccionar o dato na consulta "FOR.Formación e mobilidade do PDI" do portal de transparencia https://secretaria.uvigo.gal/uv/web/transparencia/informe/show/5/34/68 Os resultados son do curso 23/24 | F13: 5 | G13: =+IF(AND(ISBLANK(E13),ISBLANK(F13)),"Introducir Meta e Resultado",IF(ISBLANK(E13),"Introducir Meta",IF(ISBLANK(F13),"Introducir Resultado",IF(F13>=E13,"Meta Conseguida","Meta Non Conseguida")))) -> Introducir Meta | K13: =+IF(AND(ISBLANK(I13),ISBLANK(J13)),"Introducir Meta e Resultado",IF(ISBLANK(I13),"Introducir Meta",IF(ISBLANK(J13),"Introducir Resultado",IF(J13>=I13,"Meta Conseguida","Meta Non Conseguida")))) -> Introducir Meta e Resultado | O13: =+IF(AND(ISBLANK(M13),ISBLANK(N13)),"Introducir Meta e Resultado",IF(ISBLANK(M13),"Introducir Meta",IF(ISBLANK(N13),"Introducir Resultado",IF(N13>=M13,"Meta Conseguida","Meta Non Conseguida")))) -> Introducir Meta e Resultado
A14: I5-2 | B14: % Participación do PDI do título en plans de formación | C14: PE-02 Xestión de PDI | D14: Cubrir a Meta. O Resultado calcúlase de xeito automático. É a porcentaxe do PDI que participa en plans de formación, que se calcula de xeito automático a partir do indicador I5-1 e I46 | F14: =+IFERROR(F$13/F$88,0) -> 0.15625 | G14: =+IF(AND(ISBLANK(E14),ISBLANK(F14)),"Introducir Meta e Resultado",IF(ISBLANK(E14),"Introducir Meta",IF(ISBLANK(F14),"Introducir Resultado",IF(F14>=E14,"Meta Conseguida","Meta Non Conseguida")))) -> Introducir Meta | J14: =+IFERROR(J$13/J$88,0) -> 0 | K14: =+IF(AND(ISBLANK(I14),ISBLANK(J14)),"Introducir Meta e Resultado",IF(ISBLANK(I14),"Introducir Meta",IF(ISBLANK(J14),"Introducir Resultado",IF(J14>=I14,"Meta Conseguida","Meta Non Conseguida")))) -> Introducir Meta | N14: =+IFERROR(N$13/N$88,0) -> 0 | O14: =+IF(AND(ISBLANK(M14),ISBLANK(N14)),"Introducir Meta e Resultado",IF(ISBLANK(M14),"Introducir Meta",IF(ISBLANK(N14),"Introducir Resultado",IF(N14>=M14,"Meta Conseguida","Meta Non Conseguida")))) -> Introducir Meta
A15: I6-AI | B15: % Participación do PDI en Grupos de Innovación Docente | C15: PE-02 Xestión de PDI | D15: Só cubrir o Resultado, é un indicador informativo E a porcentaxe do PDI que participa en Grupos de innovación docente | E15: ---- | F15: 0 | G15: =+IF(ISBLANK(F15),"Introducir Resultado","Resultado Introducido") -> Resultado Introducido | I15: ---- | K15: =+IF(ISBLANK(J15),"Introducir Resultado","Resultado Introducido") -> Introducir Resultado | M15: ---- | O15: =+IF(ISBLANK(N15),"Introducir Resultado","Resultado Introducido") -> Introducir Resultado
A16: I7 | B16: % PDI do título avaliado polo programa DOCENTIA e resultados obtidos | C16: PE-02 Xestión de PDI | D16: Nº dos obxectivos (I7-1 e I7-2) que se acadan | E16: =+COUNTA(E17:E18) -> 0 | F16: =+COUNTIF(G17:G18,"Meta Conseguida") -> 0 | G16: =+IF(F16=0,"Ningunha Meta Alcanzada",IF(F16>=E16,"Meta Totalmente Alcanzada",IF(F16>0,"Meta Parcialmente Alcanzada"))) -> Ningunha Meta Alcanzada | I16: =+COUNTA(I17:I18) -> 0 | J16: =+COUNTIF(K17:K18,"Meta Conseguida") -> 0 | K16: =+IF(J16=0,"Ningunha Meta Alcanzada",IF(J16>=I16,"Meta Totalmente Alcanzada",IF(J16>0,"Meta Parcialmente Alcanzada"))) -> Ningunha Meta Alcanzada | M16: =+COUNTA(M17:M18) -> 0 | N16: =+COUNTIF(O17:O18,"Meta Conseguida") -> 0 | O16: =+IF(N16=0,"Ningunha Meta Alcanzada",IF(N16>=M16,"Meta Totalmente Alcanzada",IF(N16>0,"Meta Parcialmente Alcanzada"))) -> Ningunha Meta Alcanzada
A17: I7-1 | B17: Nº PDI avaliado en DOCENTIA | C17: PE-02 Xestión de PDI | D17: Cubrir Meta e Resultado Nº acumulado do PDI avaliado en todas as convocatorias do Docentia. Sumar o PDI avaliado do conxunto das convocatorias de avaliación (Suma das 4 convocatorias) | F17: 5 | G17: =+IF(AND(ISBLANK(E17),ISBLANK(F17)),"Introducir Meta e Resultado",IF(ISBLANK(E17),"Introducir Meta",IF(ISBLANK(F17),"Introducir Resultado",IF(F17>=E17,"Meta Conseguida","Meta Non Conseguida")))) -> Introducir Meta | K17: =+IF(AND(ISBLANK(I17),ISBLANK(J17)),"Introducir Meta e Resultado",IF(ISBLANK(I17),"Introducir Meta",IF(ISBLANK(J17),"Introducir Resultado",IF(J17>=I17,"Meta Conseguida","Meta Non Conseguida")))) -> Introducir Meta e Resultado | O17: =+IF(AND(ISBLANK(M17),ISBLANK(N17)),"Introducir Meta e Resultado",IF(ISBLANK(M17),"Introducir Meta",IF(ISBLANK(N17),"Introducir Resultado",IF(N17>=M17,"Meta Conseguida","Meta Non Conseguida")))) -> Introducir Meta e Resultado
A18: I7-2 | B18: % PDI que participa en DOCENTIA | C18: PE-02 Xestión de PDI | D18: Só Cubrir a Meta. O Resultado calcúlase de xeito automático. % do PDI avaliado entre o Nº total de PDI que imparte docencia na titulación, que se calcula a partir do indicador I7-1 e I46. | F18: =+IFERROR(F$17/F$88,0) -> 0.15625 | G18: =+IF(AND(ISBLANK(E18),ISBLANK(F18)),"Introducir Meta e Resultado",IF(ISBLANK(E18),"Introducir Meta",IF(ISBLANK(F18),"Introducir Resultado",IF(F18>=E18,"Meta Conseguida","Meta Non Conseguida")))) -> Introducir Meta | J18: =+IFERROR(J$17/J$88,0) -> 0 | K18: =+IF(AND(ISBLANK(I18),ISBLANK(J18)),"Introducir Meta e Resultado",IF(ISBLANK(I18),"Introducir Meta",IF(ISBLANK(J18),"Introducir Resultado",IF(J18>=I18,"Meta Conseguida","Meta Non Conseguida")))) -> Introducir Meta | N18: =+IFERROR(N$17/N$88,0) -> 0 | O18: =+IF(AND(ISBLANK(M18),ISBLANK(N18)),"Introducir Meta e Resultado",IF(ISBLANK(M18),"Introducir Meta",IF(ISBLANK(N18),"Introducir Resultado",IF(N18>=M18,"Meta Conseguida","Meta Non Conseguida")))) -> Introducir Meta
A19: I7-3 | B19: Resultados do PDI avaliado | C19: PE-02 Xestión de PDI | D19: Engadir a información da titulación da táboa "2.7 Resultados por centro" do informe institucional de resultados na folla de anexos https://www.uvigo.gal/universidade/calidade/programas-calidade/docencia/programa-docentia | E19: ---- | F19: ---- | G19: ---- | I19: ---- | J19: ---- | K19: ---- | M19: ---- | N19: ---- | O19: ----
A20: I8 | B20: Indicadores de mobilidade do PDI | C20: PE-02 Xestión de PDI | D20: Nº dos obxectivos (I8-1 e I8-2) que se acadan | E20: =+COUNTA(E21:E22) -> 0 | F20: =+COUNTIF(G21:G22,"Meta Conseguida") -> 0 | G20: =+IF(F20=0,"Ningunha Meta Alcanzada",IF(F20>=E20,"Meta Totalmente Alcanzada",IF(F20>0,"Meta Parcialmente Alcanzada"))) -> Ningunha Meta Alcanzada | I20: =+COUNTA(I21:I22) -> 0 | J20: =+COUNTIF(K21:K22,"Meta Conseguida") -> 0 | K20: =+IF(J20=0,"Ningunha Meta Alcanzada",IF(J20>=I20,"Meta Totalmente Alcanzada",IF(J20>0,"Meta Parcialmente Alcanzada"))) -> Ningunha Meta Alcanzada | M20: =+COUNTA(M21:M22) -> 0 | N20: =+COUNTIF(O21:O22,"Meta Conseguida") -> 0 | O20: =+IF(N20=0,"Ningunha Meta Alcanzada",IF(N20>=M20,"Meta Totalmente Alcanzada",IF(N20>0,"Meta Parcialmente Alcanzada"))) -> Ningunha Meta Alcanzada
A21: I8-1 | B21: Nº PDI propio que participa en programas de mobilidade | C21: PE-02 Xestión de PDI | D21: Cubrir Meta e Resultado Seleccionar o dato na consulta "FOR. Formación e mobilidade do PDI" do portal de transparencia https://secretaria.uvigo.gal/uv/web/transparencia/informe/show/5/34/68 Os resultados son do curso 23/24 | F21: 1 | G21: =+IF(AND(ISBLANK(E21),ISBLANK(F21)),"Introducir Meta e Resultado",IF(ISBLANK(E21),"Introducir Meta",IF(ISBLANK(F21),"Introducir Resultado",IF(F21>=E21,"Meta Conseguida","Meta Non Conseguida")))) -> Introducir Meta | K21: =+IF(AND(ISBLANK(I21),ISBLANK(J21)),"Introducir Meta e Resultado",IF(ISBLANK(I21),"Introducir Meta",IF(ISBLANK(J21),"Introducir Resultado",IF(J21>=I21,"Meta Conseguida","Meta Non Conseguida")))) -> Introducir Meta e Resultado | O21: =+IF(AND(ISBLANK(M21),ISBLANK(N21)),"Introducir Meta e Resultado",IF(ISBLANK(M21),"Introducir Meta",IF(ISBLANK(N21),"Introducir Resultado",IF(N21>=M21,"Meta Conseguida","Meta Non Conseguida")))) -> Introducir Meta e Resultado
A22: I8-2 | B22: % de PDI que participa en programas de mobilidade | C22: PE-02 Xestión de PDI | D22: Só Cubrir a Meta. O Resultado calcúlase de xeito automático. % de PDI que participa en programas de mobilidade con relación ao PDI total, que se calcula a partir dos indicadores I8-1 e I46 | F22: =+IFERROR(F$21/F$88,0) -> 0.03125 | G22: =+IF(AND(ISBLANK(E22),ISBLANK(F22)),"Introducir Meta e Resultado",IF(ISBLANK(E22),"Introducir Meta",IF(ISBLANK(F22),"Introducir Resultado",IF(F22>=E22,"Meta Conseguida","Meta Non Conseguida")))) -> Introducir Meta | J22: =+IFERROR(J$21/J$88,0) -> 0 | K22: =+IF(AND(ISBLANK(I22),ISBLANK(J22)),"Introducir Meta e Resultado",IF(ISBLANK(I22),"Introducir Meta",IF(ISBLANK(J22),"Introducir Resultado",IF(J22>=I22,"Meta Conseguida","Meta Non Conseguida")))) -> Introducir Meta | N22: =+IFERROR(N$21/N$88,0) -> 0 | O22: =+IF(AND(ISBLANK(M22),ISBLANK(N22)),"Introducir Meta e Resultado",IF(ISBLANK(M22),"Introducir Meta",IF(ISBLANK(N22),"Introducir Resultado",IF(N22>=M22,"Meta Conseguida","Meta Non Conseguida")))) -> Introducir Meta
A23: I9 | B23: Distribución de alumnado por centros de prácticas | C23: DO-0204 Xestión de prácticas | D23: Este indicador atópase no rexistro "R1 DO-0204" na aplicación SGIC da secretaría virtual: https://secretaria.uvigo.gal/uv/web/sgic/admin/evidencias/list | E23: ---- | F23: ---- | G23: ---- | I23: ---- | J23: ---- | K23: ---- | M23: ---- | N23: ---- | O23: ----
A24: I10 | B24: Indicadores de resultados | C24: DE-02 Seguimento e Medición; DE-03 Revisión do sistema pola dirección | D24: Nº dos obxectivos (I10-1 ata I10-12) que se acadan | E24: =+COUNTA(E25:E30)+COUNTA(E32:E33)+COUNTA(E35:E36) -> 0 | F24: =+COUNTIF(G25:G36,"Meta Conseguida") -> 0 | G24: =+IF(F24=0,"Ningunha Meta Alcanzada",IF(F24>=E24,"Meta Totalmente Alcanzada",IF(F24>0,"Meta Parcialmente Alcanzada"))) -> Ningunha Meta Alcanzada | I24: =+COUNTA(I25:I30)+COUNTA(I32:I33)+COUNTA(I35:I36) -> 0 | J24: =+COUNTIF(K25:K36,"Meta Conseguida") -> 0 | K24: =+IF(J24=0,"Ningunha Meta Alcanzada",IF(J24>=I24,"Meta Totalmente Alcanzada",IF(J24>0,"Meta Parcialmente Alcanzada"))) -> Ningunha Meta Alcanzada | M24: =+COUNTA(M25:M30)+COUNTA(M32:M33)+COUNTA(M35:M36) -> 0 | N24: =+COUNTIF(O25:O36,"Meta Conseguida") -> 0 | O24: =+IF(N24=0,"Ningunha Meta Alcanzada",IF(N24>=M24,"Meta Totalmente Alcanzada",IF(N24>0,"Meta Parcialmente Alcanzada"))) -> Ningunha Meta Alcanzada
A25: I10-1 | B25: Taxa de graduación da titulación | C25: DE-02 Seguimento e Medición; DE-03 Revisión do sistema pola dirección | D25: Cubrir Meta e Resultado Escoller o documento excel do grao ou máster segundo o caso, do menú de GRA. Graduación https://secretaria.uvigo.gal/uv/web/transparencia/informe/show/5/51/66 Os resultados son do curso 22/23 | F25: 0.83333333 | G25: =+IF(AND(ISBLANK(E25),ISBLANK(F25)),"Introducir Meta e Resultado",IF(ISBLANK(E25),"Introducir Meta",IF(ISBLANK(F25),"Introducir Resultado",IF(F25>=E25,"Meta Conseguida","Meta Non Conseguida")))) -> Introducir Meta | K25: =+IF(AND(ISBLANK(I25),ISBLANK(J25)),"Introducir Meta e Resultado",IF(ISBLANK(I25),"Introducir Meta",IF(ISBLANK(J25),"Introducir Resultado",IF(J25>=I25,"Meta Conseguida","Meta Non Conseguida")))) -> Introducir Meta e Resultado | O25: =+IF(AND(ISBLANK(M25),ISBLANK(N25)),"Introducir Meta e Resultado",IF(ISBLANK(M25),"Introducir Meta",IF(ISBLANK(N25),"Introducir Resultado",IF(N25>=M25,"Meta Conseguida","Meta Non Conseguida")))) -> Introducir Meta e Resultado
A26: I10-2 | B26: Taxa de abandono da titulación (CURSA) | C26: DE-02 Seguimento e Medición; DE-03 Revisión do sistema pola dirección | D26: Cubrir Meta e Resultado. O indicador acádase se o resultado é igual ou inferior á meta Escoller o documento excel do grao ou máster segundo o caso, do menú ABA: abandono https://secretaria.uvigo.gal/uv/web/transparencia/informe/show/5/51/65 Os resultados son do curso 23/24 | F26: 0.1 | G26: =+IF(AND(ISBLANK(E26),ISBLANK(F26)),"Introducir Meta e Resultado",IF(ISBLANK(E26),"Introducir Meta",IF(ISBLANK(F26),"Introducir Resultado",IF(F26<=E26,"Meta Conseguida","Meta Non Conseguida")))) -> Introducir Meta | K26: =+IF(AND(ISBLANK(I26),ISBLANK(J26)),"Introducir Meta e Resultado",IF(ISBLANK(I26),"Introducir Meta",IF(ISBLANK(J26),"Introducir Resultado",IF(J26<=I26,"Meta Conseguida","Meta Non Conseguida")))) -> Introducir Meta e Resultado | O26: =+IF(AND(ISBLANK(M26),ISBLANK(N26)),"Introducir Meta e Resultado",IF(ISBLANK(M26),"Introducir Meta",IF(ISBLANK(N26),"Introducir Resultado",IF(N26<=M26,"Meta Conseguida","Meta Non Conseguida")))) -> Introducir Meta e Resultado
A27: I10-3 | B27: Taxa de eficiencia | C27: DE-02 Seguimento e Medición; DE-03 Revisión do sistema pola dirección | D27: Cubrir Meta e Resultado Escoller o documento excel do grao ou máster segundo o caso, do menú de GRA. Graduación https://secretaria.uvigo.gal/uv/web/transparencia/informe/show/5/51/66 Os resultados son do curso 22/23 | F27: 0.97142857 | G27: =+IF(AND(ISBLANK(E27),ISBLANK(F27)),"Introducir Meta e Resultado",IF(ISBLANK(E27),"Introducir Meta",IF(ISBLANK(F27),"Introducir Resultado",IF(F27>=E27,"Meta Conseguida","Meta Non Conseguida")))) -> Introducir Meta | K27: =+IF(AND(ISBLANK(I27),ISBLANK(J27)),"Introducir Meta e Resultado",IF(ISBLANK(I27),"Introducir Meta",IF(ISBLANK(J27),"Introducir Resultado",IF(J27>=I27,"Meta Conseguida","Meta Non Conseguida")))) -> Introducir Meta e Resultado | O27: =+IF(AND(ISBLANK(M27),ISBLANK(N27)),"Introducir Meta e Resultado",IF(ISBLANK(M27),"Introducir Meta",IF(ISBLANK(N27),"Introducir Resultado",IF(N27>=M27,"Meta Conseguida","Meta Non Conseguida")))) -> Introducir Meta e Resultado
A28: I10-4 | B28: Taxa de Rendemento | C28: DE-02 Seguimento e Medición; DE-03 Revisión do sistema pola dirección | D28: Cubrir Meta e Resultado Elixir o documento excel do grao ou máster segundo o caso, do menú REN Rendemento https://secretaria.uvigo.gal/uv/web/transparencia/informe/show/5/51/64 Os resultados son do curso 23/24 | F28: 0.94256757 | G28: =+IF(AND(ISBLANK(E28),ISBLANK(F28)),"Introducir Meta e Resultado",IF(ISBLANK(E28),"Introducir Meta",IF(ISBLANK(F28),"Introducir Resultado",IF(F28>=E28,"Meta Conseguida","Meta Non Conseguida")))) -> Introducir Meta | K28: =+IF(AND(ISBLANK(I28),ISBLANK(J28)),"Introducir Meta e Resultado",IF(ISBLANK(I28),"Introducir Meta",IF(ISBLANK(J28),"Introducir Resultado",IF(J28>=I28,"Meta Conseguida","Meta Non Conseguida")))) -> Introducir Meta e Resultado | O28: =+IF(AND(ISBLANK(M28),ISBLANK(N28)),"Introducir Meta e Resultado",IF(ISBLANK(M28),"Introducir Meta",IF(ISBLANK(N28),"Introducir Resultado",IF(N28>=M28,"Meta Conseguida","Meta Non Conseguida")))) -> Introducir Meta e Resultado
A29: I10-5 | B29: Taxa de éxito | C29: DE-02 Seguimento e Medición; DE-03 Revisión do sistema pola dirección | D29: Cubrir Meta e Resultado Elixir o documento excel do grao ou máster segundo o caso, do menú REN Rendemento https://secretaria.uvigo.gal/uv/web/transparencia/informe/show/5/51/64 Os resultados son do curso 23/24 | F29: 1 | G29: =+IF(AND(ISBLANK(E29),ISBLANK(F29)),"Introducir Meta e Resultado",IF(ISBLANK(E29),"Introducir Meta",IF(ISBLANK(F29),"Introducir Resultado",IF(F29>=E29,"Meta Conseguida","Meta Non Conseguida")))) -> Introducir Meta | K29: =+IF(AND(ISBLANK(I29),ISBLANK(J29)),"Introducir Meta e Resultado",IF(ISBLANK(I29),"Introducir Meta",IF(ISBLANK(J29),"Introducir Resultado",IF(J29>=I29,"Meta Conseguida","Meta Non Conseguida")))) -> Introducir Meta e Resultado | O29: =+IF(AND(ISBLANK(M29),ISBLANK(N29)),"Introducir Meta e Resultado",IF(ISBLANK(M29),"Introducir Meta",IF(ISBLANK(N29),"Introducir Resultado",IF(N29>=M29,"Meta Conseguida","Meta Non Conseguida")))) -> Introducir Meta e Resultado
A30: I10-6 | B30: Taxa de avaliación | C30: DE-02 Seguimento e Medición; DE-03 Revisión do sistema pola dirección | D30: Cubrir Meta e Resultado Elixir o documento excel do grao ou máster segundo o caso, do menú REN Rendemento https://secretaria.uvigo.gal/uv/web/transparencia/informe/show/5/51/64 Os resultados son do curso 23/24 | F30: 0.94256757 | G30: =+IF(AND(ISBLANK(E30),ISBLANK(F30)),"Introducir Meta e Resultado",IF(ISBLANK(E30),"Introducir Meta",IF(ISBLANK(F30),"Introducir Resultado",IF(F30>=E30,"Meta Conseguida","Meta Non Conseguida")))) -> Introducir Meta | K30: =+IF(AND(ISBLANK(I30),ISBLANK(J30)),"Introducir Meta e Resultado",IF(ISBLANK(I30),"Introducir Meta",IF(ISBLANK(J30),"Introducir Resultado",IF(J30>=I30,"Meta Conseguida","Meta Non Conseguida")))) -> Introducir Meta e Resultado | O30: =+IF(AND(ISBLANK(M30),ISBLANK(N30)),"Introducir Meta e Resultado",IF(ISBLANK(M30),"Introducir Meta",IF(ISBLANK(N30),"Introducir Resultado",IF(N30>=M30,"Meta Conseguida","Meta Non Conseguida")))) -> Introducir Meta e Resultado
A31: I10-7 | B31: Taxa de Rendemento por materia | C31: DE-02 Seguimento e Medición; DE-03 Revisión do sistema pola dirección | D31: Engadir a información na Folla Anexos do Cadro de Mando, sobre as taxas de rendemento das titulación que se pode obter na consulta REN. Rendemento por materia https://secretaria.uvigo.gal/uv/web/transparencia/informe/show/5/51/64 | E31: ---- | F31: ---- | G31: ---- | I31: ---- | J31: ---- | K31: ---- | M31: ---- | N31: ---- | O31: ----
A32: I10-8 | B32: Valor mínimo das taxas de Rendemento dunha materia da titulación | C32: DE-02 Seguimento e Medición; DE-03 Revisión do sistema pola dirección | D32: Só Cubrir a Meta. O Resultado calcúlase de xeito automático. Indicar o valor mínimo das taxas de rendemento das materias da titulación, do indicador I10-7 | F32: =+MIN(Anexos!$R$106:$R$200) -> 0.65853659 | G32: =+IF(AND(ISBLANK(E32),ISBLANK(F32)),"Introducir Meta e Resultado",IF(ISBLANK(E32),"Introducir Meta",IF(ISBLANK(F32),"Introducir Resultado",IF(F32>=E32,"Meta Conseguida","Meta Non Conseguida")))) -> Introducir Meta | J32: =+MIN(Anexos!$AR$106:$AR$200) -> 0 | K32: =+IF(AND(ISBLANK(I32),ISBLANK(J32)),"Introducir Meta e Resultado",IF(ISBLANK(I32),"Introducir Meta",IF(ISBLANK(J32),"Introducir Resultado",IF(J32>=I32,"Meta Conseguida","Meta Non Conseguida")))) -> Introducir Meta | N32: =+MIN(Anexos!$BR$106:$BR$200) -> 0 | O32: =+IF(AND(ISBLANK(M32),ISBLANK(N32)),"Introducir Meta e Resultado",IF(ISBLANK(M32),"Introducir Meta",IF(ISBLANK(N32),"Introducir Resultado",IF(N32>=M32,"Meta Conseguida","Meta Non Conseguida")))) -> Introducir Meta
A33: I10-9 | B33: % de materias que acadan unha Taxa de Rendemento de XX% | C33: DE-02 Seguimento e Medición; DE-03 Revisión do sistema pola dirección | D33: Só Cubrir a Meta. O Resultado calcúlase de xeito automático. Indicar a % de materias cunha taxa de rendemento igual ou superior a un valor establecido (Por exemplo o 50%). O Resultado calcúlase de xeito automático, indicando na columna T da folla "Anexos" o valor establecido da taxa de cada materia | F33: =Anexos!$V$103 -> 1 | G33: =+IF(AND(ISBLANK(E33),ISBLANK(F33)),"Introducir Meta e Resultado",IF(ISBLANK(E33),"Introducir Meta",IF(ISBLANK(F33),"Introducir Resultado",IF(F33>=E33,"Meta Conseguida","Meta Non Conseguida")))) -> Introducir Meta | J33: =Anexos!$AV$103 -> 0 | K33: =+IF(AND(ISBLANK(I33),ISBLANK(J33)),"Introducir Meta e Resultado",IF(ISBLANK(I33),"Introducir Meta",IF(ISBLANK(J33),"Introducir Resultado",IF(J33>=I33,"Meta Conseguida","Meta Non Conseguida")))) -> Introducir Meta | N33: =Anexos!$BV$103 -> 0 | O33: =+IF(AND(ISBLANK(M33),ISBLANK(N33)),"Introducir Meta e Resultado",IF(ISBLANK(M33),"Introducir Meta",IF(ISBLANK(N33),"Introducir Resultado",IF(N33>=M33,"Meta Conseguida","Meta Non Conseguida")))) -> Introducir Meta
A34: I10-10 | B34: Taxa de éxito por materia | C34: DE-02 Seguimento e Medición; DE-03 Revisión do sistema pola dirección | D34: Engadir a información na Folla Anexos do Cadro de Mando, sobre as taxas de Éxito das titulación que se pode obter na consulta REN. Rendemento por materia https://secretaria.uvigo.gal/uv/web/transparencia/informe/show/5/51/64 | E34: ---- | F34: ---- | G34: ---- | I34: ---- | J34: ---- | K34: ---- | M34: ---- | N34: ---- | O34: ----
A35: I10-11 | B35: Valor mínimo das taxas de Éxito dunha materia da titulación | C35: DE-02 Seguimento e Medición; DE-03 Revisión do sistema pola dirección | D35: Só Cubrir a Meta. O Resultado calcúlase de xeito automático. Indicar o valor mínimo das taxas de Éxito das materias da titulación, do indicador I10-10 | F35: =+MIN(Anexos!$Q$106:$Q$200) -> 1 | G35: =+IF(AND(ISBLANK(E35),ISBLANK(F35)),"Introducir Meta e Resultado",IF(ISBLANK(E35),"Introducir Meta",IF(ISBLANK(F35),"Introducir Resultado",IF(F35>=E35,"Meta Conseguida","Meta Non Conseguida")))) -> Introducir Meta | J35: =+MIN(Anexos!$AQ$106:$AQ$200) -> 0 | K35: =+IF(AND(ISBLANK(I35),ISBLANK(J35)),"Introducir Meta e Resultado",IF(ISBLANK(I35),"Introducir Meta",IF(ISBLANK(J35),"Introducir Resultado",IF(J35>=I35,"Meta Conseguida","Meta Non Conseguida")))) -> Introducir Meta | N35: =+MIN(Anexos!$BQ$106:$BQ$200) -> 0 | O35: =+IF(AND(ISBLANK(M35),ISBLANK(N35)),"Introducir Meta e Resultado",IF(ISBLANK(M35),"Introducir Meta",IF(ISBLANK(N35),"Introducir Resultado",IF(N35>=M35,"Meta Conseguida","Meta Non Conseguida")))) -> Introducir Meta
A36: I10-12 | B36: Xº de materias que acadan unha Taxa de Éxito de XX% | C36: DE-02 Seguimento e Medición; DE-03 Revisión do sistema pola dirección | D36: Só Cubrir a Meta. O Resultado calcúlase de xeito automático. Indicar a % de materias cunha taxa de Éxito igual ou superior a un valor establecido (Por exemplo o 50%). O Resultado calcúlase de xeito automático, indicando na columna S da folla "Anexos" o valor establecido da taxa de cada materia | F36: =Anexos!$U$103 -> 1 | G36: =+IF(AND(ISBLANK(E36),ISBLANK(F36)),"Introducir Meta e Resultado",IF(ISBLANK(E36),"Introducir Meta",IF(ISBLANK(F36),"Introducir Resultado",IF(F36>=E36,"Meta Conseguida","Meta Non Conseguida")))) -> Introducir Meta | J36: =Anexos!$AU$103 -> 0 | K36: =+IF(AND(ISBLANK(I36),ISBLANK(J36)),"Introducir Meta e Resultado",IF(ISBLANK(I36),"Introducir Meta",IF(ISBLANK(J36),"Introducir Resultado",IF(J36>=I36,"Meta Conseguida","Meta Non Conseguida")))) -> Introducir Meta | N36: =Anexos!$BU$103 -> 0 | O36: =+IF(AND(ISBLANK(M36),ISBLANK(N36)),"Introducir Meta e Resultado",IF(ISBLANK(M36),"Introducir Meta",IF(ISBLANK(N36),"Introducir Resultado",IF(N36>=M36,"Meta Conseguida","Meta Non Conseguida")))) -> Introducir Meta
A37: I11 | B37: Relación de Oferta / Demanda de prazas | C37: AC-01: Acceso, evolución e Expedición de Titulos Oficiais | D37: Nº dos obxectivos (I11-1, I11-2 e I11-3) que se acadan | E37: =+COUNTA(E38:E40) -> 3 | F37: =+COUNTIF(G38:G40,"Meta Conseguida") -> 3 | G37: =+IF(F37=0,"Ningunha Meta Alcanzada",IF(F37>=E37,"Meta Totalmente Alcanzada",IF(F37>0,"Meta Parcialmente Alcanzada"))) -> Meta Totalmente Alcanzada | I37: =+COUNTA(I38:I40) -> 0 | J37: =+COUNTIF(K38:K40,"Meta Conseguida") -> 0 | K37: =+IF(J37=0,"Ningunha Meta Alcanzada",IF(J37>=I37,"Meta Totalmente Alcanzada",IF(J37>0,"Meta Parcialmente Alcanzada"))) -> Ningunha Meta Alcanzada | M37: =+COUNTA(M38:M40) -> 0 | N37: =+COUNTIF(O38:O40,"Meta Conseguida") -> 0 | O37: =+IF(N37=0,"Ningunha Meta Alcanzada",IF(N37>=M37,"Meta Totalmente Alcanzada",IF(N37>0,"Meta Parcialmente Alcanzada"))) -> Ningunha Meta Alcanzada
A38: I11-1 | B38: Taxa de Ocupación | C38: AC-01: Acceso, evolución e Expedición de Titulos Oficiais | D38: Cubrir Meta e Resultado (só Graos) Acceder á consulta de PRE.GRA Admisión de Grao, https://secretaria.uvigo.gal/uv/web/transparencia/informe/show/5/51/3 Posteriormente elixir a folla de Taxas de ocupación, preferencia e adecuación Son os resultados do curso 23-24 | E38: ---- | F38: ---- | G38: =+IF(AND(ISBLANK(E38),ISBLANK(F38)),"Introducir Meta e Resultado",IF(ISBLANK(E38),"Introducir Meta",IF(ISBLANK(F38),"Introducir Resultado",IF(F38>=E38,"Meta Conseguida","Meta Non Conseguida")))) -> Meta Conseguida | K38: =+IF(AND(ISBLANK(I38),ISBLANK(J38)),"Introducir Meta e Resultado",IF(ISBLANK(I38),"Introducir Meta",IF(ISBLANK(J38),"Introducir Resultado",IF(J38>=I38,"Meta Conseguida","Meta Non Conseguida")))) -> Introducir Meta e Resultado | O38: =+IF(AND(ISBLANK(M38),ISBLANK(N38)),"Introducir Meta e Resultado",IF(ISBLANK(M38),"Introducir Meta",IF(ISBLANK(N38),"Introducir Resultado",IF(N38>=M38,"Meta Conseguida","Meta Non Conseguida")))) -> Introducir Meta e Resultado
A39: I11-2 | B39: Taxa de Preferencia (só Graos) | C39: AC-01: Acceso, evolución e Expedición de Titulos Oficiais | D39: Cubrir Meta e Resultado (só Graos) Acceder á consulta de PRE.GRA Admisión de Grao, https://secretaria.uvigo.gal/uv/web/transparencia/informe/show/5/51/3 Posteriormente elixir a folla de Taxas de ocupación, preferencia e adecuación Son os resultados do curso 23-24 | E39: ---- | F39: ---- | G39: =+IF(AND(ISBLANK(E39),ISBLANK(F39)),"Introducir Meta e Resultado",IF(ISBLANK(E39),"Introducir Meta",IF(ISBLANK(F39),"Introducir Resultado",IF(F39>=E39,"Meta Conseguida","Meta Non Conseguida")))) -> Meta Conseguida | K39: =+IF(AND(ISBLANK(I39),ISBLANK(J39)),"Introducir Meta e Resultado",IF(ISBLANK(I39),"Introducir Meta",IF(ISBLANK(J39),"Introducir Resultado",IF(J39>=I39,"Meta Conseguida","Meta Non Conseguida")))) -> Introducir Meta e Resultado | O39: =+IF(AND(ISBLANK(M39),ISBLANK(N39)),"Introducir Meta e Resultado",IF(ISBLANK(M39),"Introducir Meta",IF(ISBLANK(N39),"Introducir Resultado",IF(N39>=M39,"Meta Conseguida","Meta Non Conseguida")))) -> Introducir Meta e Resultado
A40: I11-3 | B40: Taxa de Adecuación (só Graos) | C40: AC-01: Acceso, evolución e Expedición de Titulos Oficiais | D40: Cubrir Meta e Resultado (só Graos) Acceder á consulta de PRE.GRA Admisión de Grao, https://secretaria.uvigo.gal/uv/web/transparencia/informe/show/5/51/3 Posteriormente elixir a folla de Taxas de ocupación, preferencia e adecuación Son os resultados do curso 23-24 | E40: ---- | F40: ---- | G40: =+IF(AND(ISBLANK(E40),ISBLANK(F40)),"Introducir Meta e Resultado",IF(ISBLANK(E40),"Introducir Meta",IF(ISBLANK(F40),"Introducir Resultado",IF(F40>=E40,"Meta Conseguida","Meta Non Conseguida")))) -> Meta Conseguida | K40: =+IF(AND(ISBLANK(I40),ISBLANK(J40)),"Introducir Meta e Resultado",IF(ISBLANK(I40),"Introducir Meta",IF(ISBLANK(J40),"Introducir Resultado",IF(J40>=I40,"Meta Conseguida","Meta Non Conseguida")))) -> Introducir Meta e Resultado | O40: =+IF(AND(ISBLANK(M40),ISBLANK(N40)),"Introducir Meta e Resultado",IF(ISBLANK(M40),"Introducir Meta",IF(ISBLANK(N40),"Introducir Resultado",IF(N40>=M40,"Meta Conseguida","Meta Non Conseguida")))) -> Introducir Meta e Resultado
A41: I12 | B41: Resultados de inserción laboral | C41: DE-02 Seguimento e Medición; DE-03 Revisión do sistema pola dirección | D41: Só cubrir o Resultado, é un indicador informativo Introducir a inserción laboral da da titulación da secretaría virtual https://secretaria.uvigo.gal/uv/web/transparencia/grupo/show/5/69 Son os resultados do informe da UVIGO do 2020/21 | E41: ---- | F41: ---- | G41: =+IF(ISBLANK(F41),"Introducir Resultado","Indicador Completado") -> Indicador Completado | I41: ---- | K41: =+IF(ISBLANK(J41),"Introducir Resultado","Indicador Completado") -> Introducir Resultado | M41: ---- | O41: =+IF(ISBLANK(N41),"Introducir Resultado","Indicador Completado") -> Introducir Resultado
A42: I13 | B42: Media alumnos por grupo de docencia ou PDA | C42: DO-0201 Planificación e desenvolvemento da ensinanza | D42: Este indicador atópase no rexistro "R1 DO-0201 PDA" na aplicación SGIC da secretaría virtual: https://secretaria.uvigo.gal/uv/web/sgic/admin/evidencias/list | E42: ---- | F42: ---- | G42: ---- | I42: ---- | J42: ---- | K42: ---- | M42: ---- | N42: ---- | O42: ----
A44: Indicadores institucionais da Universidade de Vigo
A46: I20 | B46: Índice das enquisas de satisfacción coas titulacións | C46: MC-05 Medición satisfacción | D46: Nº dos obxectivos (I20-1, I20-2, I20-3 e I20-4) que se acadan | E46: =+COUNTA(E47:E51) -> 0 | F46: =+COUNTIF(G47:G51,"Meta Conseguida") -> 0 | G46: =+IF(F46=0,"Ningunha Meta Alcanzada",IF(F46>=E46,"Meta Totalmente Alcanzada",IF(F46>0,"Meta Parcialmente Alcanzada"))) -> Ningunha Meta Alcanzada | I46: =+COUNTA(I47:I51) -> 0 | J46: =+COUNTIF(K47:K51,"Meta Conseguida") -> 0 | K46: =+IF(J46=0,"Ningunha Meta Alcanzada",IF(J46>=I46,"Meta Totalmente Alcanzada",IF(J46>0,"Meta Parcialmente Alcanzada"))) -> Ningunha Meta Alcanzada | M46: =+COUNTA(M47:M51) -> 0 | N46: =+COUNTIF(O47:O51,"Meta Conseguida") -> 0 | O46: =+IF(N46=0,"Ningunha Meta Alcanzada",IF(N46>=M46,"Meta Totalmente Alcanzada",IF(N46>0,"Meta Parcialmente Alcanzada"))) -> Ningunha Meta Alcanzada
A47: I20-1 | B47: Índice de satisfacción do Estudantado coas titulacións | C47: MC-05 Medición satisfacción | D47: Cubrir Meta e Resultado. A meta poderá estar entre os valores [1-5] Introducir o Grao de satisfacción do estudantado coa titulación, que se atopa na folla "Titulación", na columna "Resultado" na fila de "ValoraciónTotal" da titulación do informe do portal de transparencia. https://secretaria.uvigo.gal/uv/web/transparencia/grupo/show/5/28 Os resultados son do curso 23-24 | F47: 4.1869159 | G47: =+IF(AND(ISBLANK(E47),ISBLANK(F47)),"Introducir Meta e Resultado",IF(ISBLANK(E47),"Introducir Meta",IF(ISBLANK(F47),"Introducir Resultado",IF(F47>=E47,"Meta Conseguida","Meta Non Conseguida")))) -> Introducir Meta | K47: =+IF(AND(ISBLANK(I47),ISBLANK(J47)),"Introducir Meta e Resultado",IF(ISBLANK(I47),"Introducir Meta",IF(ISBLANK(J47),"Introducir Resultado",IF(J47>=I47,"Meta Conseguida","Meta Non Conseguida")))) -> Introducir Meta e Resultado | O47: =+IF(AND(ISBLANK(M47),ISBLANK(N47)),"Introducir Meta e Resultado",IF(ISBLANK(M47),"Introducir Meta",IF(ISBLANK(N47),"Introducir Resultado",IF(N47>=M47,"Meta Conseguida","Meta Non Conseguida")))) -> Introducir Meta e Resultado
A48: I20-2 | B48: Índice de satisfacción do Profesorado coas titulacións | C48: MC-05 Medición satisfacción | D48: Cubrir Meta e Resultado. A meta poderá estar entre os valores [1-5] Introducir o Grao de satisfacción do PDI coa titulación, que se atopa na folla "Titulación", na columna "Resultado" na fila de "Valoración Total" da titulación do informe do portal de transparencia. https://secretaria.uvigo.gal/uv/web/transparencia/grupo/show/5/28 No caso que no curso de referencia non houbera resultados, seleccionar o índice do curso pasado Os resultados son do curso 22-23 | F48: 4.6623377 | G48: =+IF(AND(ISBLANK(E48),ISBLANK(F48)),"Introducir Meta e Resultado",IF(ISBLANK(E48),"Introducir Meta",IF(ISBLANK(F48),"Introducir Resultado",IF(F48>=E48,"Meta Conseguida","Meta Non Conseguida")))) -> Introducir Meta | K48: =+IF(AND(ISBLANK(I48),ISBLANK(J48)),"Introducir Meta e Resultado",IF(ISBLANK(I48),"Introducir Meta",IF(ISBLANK(J48),"Introducir Resultado",IF(J48>=I48,"Meta Conseguida","Meta Non Conseguida")))) -> Introducir Meta e Resultado | O48: =+IF(AND(ISBLANK(M48),ISBLANK(N48)),"Introducir Meta e Resultado",IF(ISBLANK(M48),"Introducir Meta",IF(ISBLANK(N48),"Introducir Resultado",IF(N48>=M48,"Meta Conseguida","Meta Non Conseguida")))) -> Introducir Meta e Resultado
A49: I20-3 | B49: Índice de satisfacción das Persoas tituladas coas titulacións | C49: MC-05 Medición satisfacción | D49: Cubrir Meta e Resultado. A meta poderá estar entre os valores [1-5] Introducir o Grao de satisfacción das Persoas Tituladas coa titulación, que se atopa na folla "Titulación", na columna "Resultado" na fila de "Valoración Total" da titulación do informe do portal de transparencia. https://secretaria.uvigo.gal/uv/web/transparencia/grupo/show/5/28 Os resultados son do curso 23-24 | F49: 2.796875 | G49: =+IF(AND(ISBLANK(E49),ISBLANK(F49)),"Introducir Meta e Resultado",IF(ISBLANK(E49),"Introducir Meta",IF(ISBLANK(F49),"Introducir Resultado",IF(F49>=E49,"Meta Conseguida","Meta Non Conseguida")))) -> Introducir Meta | K49: =+IF(AND(ISBLANK(I49),ISBLANK(J49)),"Introducir Meta e Resultado",IF(ISBLANK(I49),"Introducir Meta",IF(ISBLANK(J49),"Introducir Resultado",IF(J49>=I49,"Meta Conseguida","Meta Non Conseguida")))) -> Introducir Meta e Resultado | O49: =+IF(AND(ISBLANK(M49),ISBLANK(N49)),"Introducir Meta e Resultado",IF(ISBLANK(M49),"Introducir Meta",IF(ISBLANK(N49),"Introducir Resultado",IF(N49>=M49,"Meta Conseguida","Meta Non Conseguida")))) -> Introducir Meta e Resultado
A50: I20-4 | B50: Índice de satisfacción do PTXAS coas titulacións | C50: MC-05 Medición satisfacción | D50: Cubrir Meta e Resultado. A meta poderá estar entre os valores [1-5] Introducir o Grao de satisfacción do PTXAS coa titulación, que se atopa na folla "Titulación", na columna "Resultado" na fila de "Valoración Total" da titulación do informe do portal de transparencia. https://secretaria.uvigo.gal/uv/web/transparencia/grupo/show/5/28 No caso que no curso de referencia non houbera resultados, seleccionar o índice do curso pasado Os resultados son do curso 22-23 | F50: 4.7333333 | G50: =+IF(AND(ISBLANK(E50),ISBLANK(F50)),"Introducir Meta e Resultado",IF(ISBLANK(E50),"Introducir Meta",IF(ISBLANK(F50),"Introducir Resultado",IF(F50>=E50,"Meta Conseguida","Meta Non Conseguida")))) -> Introducir Meta | K50: =+IF(AND(ISBLANK(I50),ISBLANK(J50)),"Introducir Meta e Resultado",IF(ISBLANK(I50),"Introducir Meta",IF(ISBLANK(J50),"Introducir Resultado",IF(J50>=I50,"Meta Conseguida","Meta Non Conseguida")))) -> Introducir Meta e Resultado | O50: =+IF(AND(ISBLANK(M50),ISBLANK(N50)),"Introducir Meta e Resultado",IF(ISBLANK(M50),"Introducir Meta",IF(ISBLANK(N50),"Introducir Resultado",IF(N50>=M50,"Meta Conseguida","Meta Non Conseguida")))) -> Introducir Meta e Resultado
A51: I20-5 | B51: Índice de satisfacción de entidades empregadoras coas titulacións | C51: MC-05 Medición satisfacción | D51: Cubrir Meta e Resultado. A meta poderá estar entre os valores [1-5] Introducir o Grao de satisfacción das entidades empregadoras coa titulación, que se atopa na folla "Titulación", na columna "Resultado" do informe achegado pola Área de Calidade. No caso que no curso de referencia non houbera resultados, seleccionar o índice do curso pasado Os resultados son do curso 23-24 | F51: ---- | G51: =+IF(AND(ISBLANK(E51),ISBLANK(F51)),"Introducir Meta e Resultado",IF(ISBLANK(E51),"Introducir Meta",IF(ISBLANK(F51),"Introducir Resultado",IF(F51>=E51,"Meta Conseguida","Meta Non Conseguida")))) -> Introducir Meta | K51: =+IF(AND(ISBLANK(I51),ISBLANK(J51)),"Introducir Meta e Resultado",IF(ISBLANK(I51),"Introducir Meta",IF(ISBLANK(J51),"Introducir Resultado",IF(J51>=I51,"Meta Conseguida","Meta Non Conseguida")))) -> Introducir Meta e Resultado | O51: =+IF(AND(ISBLANK(M51),ISBLANK(N51)),"Introducir Meta e Resultado",IF(ISBLANK(M51),"Introducir Meta",IF(ISBLANK(N51),"Introducir Resultado",IF(N51>=M51,"Meta Conseguida","Meta Non Conseguida")))) -> Introducir Meta e Resultado
A52: I21 | B52: Taxa de abandono (Egreso) | C52: DE-02 Seguimento e Medición; DE-03 Revisión do sistema pola dirección | D52: Cubrir Meta e Resultado. O indicador acádase se o resultado é igual ou inferior á meta Elixir o documento excel do grao ou máster segundo o caso, do menú ABA. abandono https://secretaria.uvigo.gal/uv/web/transparencia/informe/show/5/51/65 Os resultados son do curso 23-24 | F52: 0.1 | G52: =+IF(AND(ISBLANK(E52),ISBLANK(F52)),"Introducir Meta e Resultado",IF(ISBLANK(E52),"Introducir Meta",IF(ISBLANK(F52),"Introducir Resultado",IF(F52<=E52,"Meta Conseguida","Meta Non Conseguida")))) -> Introducir Meta | K52: =+IF(AND(ISBLANK(I52),ISBLANK(J52)),"Introducir Meta e Resultado",IF(ISBLANK(I52),"Introducir Meta",IF(ISBLANK(J52),"Introducir Resultado",IF(J52<=I52,"Meta Conseguida","Meta Non Conseguida")))) -> Introducir Meta e Resultado | O52: =+IF(AND(ISBLANK(M52),ISBLANK(N52)),"Introducir Meta e Resultado",IF(ISBLANK(M52),"Introducir Meta",IF(ISBLANK(N52),"Introducir Resultado",IF(N52<=M52,"Meta Conseguida","Meta Non Conseguida")))) -> Introducir Meta e Resultado
A53: I22 | B53: Taxa de cambio de estudo | C53: DE-02 Seguimento e Medición; DE-03 Revisión do sistema pola dirección | D53: Cubrir Meta e Resultado. O indicador acádase se o resultado é igual ou inferior á meta Elixir o documento excel do grao ou máster segundo o caso, do menú ABA. abandono https://secretaria.uvigo.gal/uv/web/transparencia/informe/show/5/51/65 Os resultados son do curso 23-24 | F53: 0 | G53: =+IF(AND(ISBLANK(E53),ISBLANK(F53)),"Introducir Meta e Resultado",IF(ISBLANK(E53),"Introducir Meta",IF(ISBLANK(F53),"Introducir Resultado",IF(F53<=E53,"Meta Conseguida","Meta Non Conseguida")))) -> Introducir Meta | K53: =+IF(AND(ISBLANK(I53),ISBLANK(J53)),"Introducir Meta e Resultado",IF(ISBLANK(I53),"Introducir Meta",IF(ISBLANK(J53),"Introducir Resultado",IF(J53<=I53,"Meta Conseguida","Meta Non Conseguida")))) -> Introducir Meta e Resultado | O53: =+IF(AND(ISBLANK(M53),ISBLANK(N53)),"Introducir Meta e Resultado",IF(ISBLANK(M53),"Introducir Meta",IF(ISBLANK(N53),"Introducir Resultado",IF(N53<=M53,"Meta Conseguida","Meta Non Conseguida")))) -> Introducir Meta e Resultado
A54: I23 | B54: Índice de satisfacción cos recursos materiais e servizos | C54: IA-01: Xestión dos recursos materiais e dos servizos | D54: Nº dos obxectivos (I23-1, I23-2, I23-3 e I23-4) que se acadan | E54: =+COUNTA(E55:E58) -> 0 | F54: =+COUNTIF(G55:G58,"Meta Conseguida") -> 0 | G54: =+IF(F54=0,"Ningunha Meta Alcanzada",IF(F54>=E54,"Meta Totalmente Alcanzada",IF(F54>0,"Meta Parcialmente Alcanzada"))) -> Ningunha Meta Alcanzada | I54: =+COUNTA(I55:I58) -> 0 | J54: =+COUNTIF(K55:K58,"Meta Conseguida") -> 0 | K54: =+IF(J54=0,"Ningunha Meta Alcanzada",IF(J54>=I54,"Meta Totalmente Alcanzada",IF(J54>0,"Meta Parcialmente Alcanzada"))) -> Ningunha Meta Alcanzada | M54: =+COUNTA(M55:M58) -> 0 | N54: =+COUNTIF(O55:O58,"Meta Conseguida") -> 0 | O54: =+IF(N54=0,"Ningunha Meta Alcanzada",IF(N54>=M54,"Meta Totalmente Alcanzada",IF(N54>0,"Meta Parcialmente Alcanzada"))) -> Ningunha Meta Alcanzada
A55: I23-1 | B55: Satisfacción do Estudantado cos recursos materiais e servizos | C55: IA-01: Xestión dos recursos materiais e dos servizos | D55: Cubrir Meta e Resultado. A meta poderá estar entre os valores [1-5] Introducir o valor que se atopa na folla de "Bloque", na columna "Resultado" na fila "Valoración Total" do "Bloque 5 Recursos materiais e servizos" da titulación do informe de "Enquisas de Satisfacción de estudantado" do portal de transparencia. https://secretaria.uvigo.gal/uv/web/transparencia/grupo/show/5/28 Os resultados son do curso 23-24 | F55: 4.4166667 | G55: =+IF(AND(ISBLANK(E55),ISBLANK(F55)),"Introducir Meta e Resultado",IF(ISBLANK(E55),"Introducir Meta",IF(ISBLANK(F55),"Introducir Resultado",IF(F55>=E55,"Meta Conseguida","Meta Non Conseguida")))) -> Introducir Meta | K55: =+IF(AND(ISBLANK(I55),ISBLANK(J55)),"Introducir Meta e Resultado",IF(ISBLANK(I55),"Introducir Meta",IF(ISBLANK(J55),"Introducir Resultado",IF(J55>=I55,"Meta Conseguida","Meta Non Conseguida")))) -> Introducir Meta e Resultado | O55: =+IF(AND(ISBLANK(M55),ISBLANK(N55)),"Introducir Meta e Resultado",IF(ISBLANK(M55),"Introducir Meta",IF(ISBLANK(N55),"Introducir Resultado",IF(N55>=M55,"Meta Conseguida","Meta Non Conseguida")))) -> Introducir Meta e Resultado
A56: I23-2 | B56: Satisfacción do Profesorado cos recursos materiais e servizos | C56: IA-01: Xestión dos recursos materiais e dos servizos | D56: Cubrir Meta e Resultado. A meta poderá estar entre os valores [1-5] Introducir o valor que se atopa na folla de "Bloque", na columna "Resultado" na fila "Valoración Total" do "Bloque 5 Recursos materiais e servizos" da titulación do informe de "Enquisas de Satisfacción do Profesorado" do portal de transparencia. https://secretaria.uvigo.gal/uv/web/transparencia/grupo/show/5/28 No caso que no curso de referencia non houbera resultados, seleccionar o índice do curso pasado Os resultados son do curso 22-23 | F56: 4.6363636 | G56: =+IF(AND(ISBLANK(E56),ISBLANK(F56)),"Introducir Meta e Resultado",IF(ISBLANK(E56),"Introducir Meta",IF(ISBLANK(F56),"Introducir Resultado",IF(F56>=E56,"Meta Conseguida","Meta Non Conseguida")))) -> Introducir Meta | K56: =+IF(AND(ISBLANK(I56),ISBLANK(J56)),"Introducir Meta e Resultado",IF(ISBLANK(I56),"Introducir Meta",IF(ISBLANK(J56),"Introducir Resultado",IF(J56>=I56,"Meta Conseguida","Meta Non Conseguida")))) -> Introducir Meta e Resultado | O56: =+IF(AND(ISBLANK(M56),ISBLANK(N56)),"Introducir Meta e Resultado",IF(ISBLANK(M56),"Introducir Meta",IF(ISBLANK(N56),"Introducir Resultado",IF(N56>=M56,"Meta Conseguida","Meta Non Conseguida")))) -> Introducir Meta e Resultado
A57: I23-3 | B57: Satisfacción das Persoas tituladas cos recursos materiais e servizos | C57: IA-01: Xestión dos recursos materiais e dos servizos | D57: Cubrir Meta e Resultado. A meta poderá estar entre os valores [1-5] Introducir o valor que se atopa na folla de "Bloque", na columna "Resultado" na fila "Valoración Total" do "Bloque 5 Recursos materiais e servizos" da titulación do informe de "Enquisas de Satisfacción dos/das egresados/as " do portal de transparencia. https://secretaria.uvigo.gal/uv/web/transparencia/grupo/show/5/28 Os resultados son do curso 23-24 | F57: 3.0833333 | G57: =+IF(AND(ISBLANK(E57),ISBLANK(F57)),"Introducir Meta e Resultado",IF(ISBLANK(E57),"Introducir Meta",IF(ISBLANK(F57),"Introducir Resultado",IF(F57>=E57,"Meta Conseguida","Meta Non Conseguida")))) -> Introducir Meta | K57: =+IF(AND(ISBLANK(I57),ISBLANK(J57)),"Introducir Meta e Resultado",IF(ISBLANK(I57),"Introducir Meta",IF(ISBLANK(J57),"Introducir Resultado",IF(J57>=I57,"Meta Conseguida","Meta Non Conseguida")))) -> Introducir Meta e Resultado | O57: =+IF(AND(ISBLANK(M57),ISBLANK(N57)),"Introducir Meta e Resultado",IF(ISBLANK(M57),"Introducir Meta",IF(ISBLANK(N57),"Introducir Resultado",IF(N57>=M57,"Meta Conseguida","Meta Non Conseguida")))) -> Introducir Meta e Resultado
A58: I23-4 | B58: Satisfacción do PTXAS cos recursos materiais e servizos | C58: IA-01: Xestión dos recursos materiais e dos servizos | D58: Cubrir Meta e Resultado. A meta poderá estar entre os valores [1-5] Introducir o valor que se atopa na folla de "Bloque", na columna "Resultado" na fila "Valoración Total" do "Bloque 4 Recursos materiais e servizos" da titulación do informe de "Enquisas de Satisfacción do PTXAS" do portal de transparencia. https://secretaria.uvigo.gal/uv/web/transparencia/grupo/show/5/28 No caso que no curso de referencia non houbera resultados, seleccionar o índice do curso pasado Os resultados son do curso 22-23 | F58: 4.5 | G58: =+IF(AND(ISBLANK(E58),ISBLANK(F58)),"Introducir Meta e Resultado",IF(ISBLANK(E58),"Introducir Meta",IF(ISBLANK(F58),"Introducir Resultado",IF(F58>=E58,"Meta Conseguida","Meta Non Conseguida")))) -> Introducir Meta | K58: =+IF(AND(ISBLANK(I58),ISBLANK(J58)),"Introducir Meta e Resultado",IF(ISBLANK(I58),"Introducir Meta",IF(ISBLANK(J58),"Introducir Resultado",IF(J58>=I58,"Meta Conseguida","Meta Non Conseguida")))) -> Introducir Meta e Resultado | O58: =+IF(AND(ISBLANK(M58),ISBLANK(N58)),"Introducir Meta e Resultado",IF(ISBLANK(M58),"Introducir Meta",IF(ISBLANK(N58),"Introducir Resultado",IF(N58>=M58,"Meta Conseguida","Meta Non Conseguida")))) -> Introducir Meta e Resultado
A59: I24 | B59: Índice de satisfacción coa orientación recibida no centro | C59: DO-0203: Orientación do estudantado e atención ás NEAE | D59: Nº dos obxectivos (I24-1, I24-2, I24-3 e I24-4) que se acadan | E59: =+COUNTA(E60:E63) -> 0 | F59: =+COUNTIF(G60:G63,"Meta Conseguida") -> 0 | G59: =+IF(F59=0,"Ningunha Meta Alcanzada",IF(F59=E59,"Meta Totalmente Alcanzada",IF(F59>0,"Meta Parcialmente Alcanzada"))) -> Ningunha Meta Alcanzada | I59: =+COUNTA(I60:I63) -> 0 | J59: =+COUNTIF(K60:K63,"Meta Conseguida") -> 0 | K59: =+IF(J59=0,"Ningunha Meta Alcanzada",IF(J59=I59,"Meta Totalmente Alcanzada",IF(J59>0,"Meta Parcialmente Alcanzada"))) -> Ningunha Meta Alcanzada | M59: =+COUNTA(M60:M63) -> 0 | N59: =+COUNTIF(O60:O63,"Meta Conseguida") -> 0 | O59: =+IF(N59=0,"Ningunha Meta Alcanzada",IF(N59=M59,"Meta Totalmente Alcanzada",IF(N59>0,"Meta Parcialmente Alcanzada"))) -> Ningunha Meta Alcanzada
A60: I24-1 | B60: Satisfacción do Estudantado coa orientación recibida no centro | C60: DO-0203: Orientación do estudantado e atención ás NEAE | D60: Cubrir Meta e Resultado. A meta poderá estar entre os valores [1-5] Introducir o Valor que se atopa na folla "Preguntas", na columna "Resultado" na fila "Valoración Total" da pregunta Nº 6 "Orientación académica recibida no PAT"do informe "Enquisas de Satisfacción de estudantado", do portal de transparencia. https://secretaria.uvigo.gal/uv/web/transparencia/grupo/show/5/28 Os resultados son do curso 23-24 | F60: 3.8333333 | G60: =+IF(AND(ISBLANK(E60),ISBLANK(F60)),"Introducir Meta e Resultado",IF(ISBLANK(E60),"Introducir Meta",IF(ISBLANK(F60),"Introducir Resultado",IF(F60>=E60,"Meta Conseguida","Meta Non Conseguida")))) -> Introducir Meta | K60: =+IF(AND(ISBLANK(I60),ISBLANK(J60)),"Introducir Meta e Resultado",IF(ISBLANK(I60),"Introducir Meta",IF(ISBLANK(J60),"Introducir Resultado",IF(J60>=I60,"Meta Conseguida","Meta Non Conseguida")))) -> Introducir Meta e Resultado | O60: =+IF(AND(ISBLANK(M60),ISBLANK(N60)),"Introducir Meta e Resultado",IF(ISBLANK(M60),"Introducir Meta",IF(ISBLANK(N60),"Introducir Resultado",IF(N60>=M60,"Meta Conseguida","Meta Non Conseguida")))) -> Introducir Meta e Resultado
A61: I24-2 | B61: Satisfacción do Profesorado coa orientación académica recibida no centro | C61: DO-0203: Orientación do estudantado e atención ás NEAE | D61: Cubrir Meta e Resultado. A meta poderá estar entre os valores [1-5] Introducir o Valor que se atopa na folla "Preguntas", na columna "Resultado" na fila "Valoración Total" da pregunta Nº 6 "Orientación académica programada no PAT"do informe "Enquisas de Satisfacción de profesorado do portal de transparencia. https://secretaria.uvigo.gal/uv/web/transparencia/grupo/show/5/28 Os resultados son do curso 22-23 | F61: 4.6363636 | G61: =+IF(AND(ISBLANK(E61),ISBLANK(F61)),"Introducir Meta e Resultado",IF(ISBLANK(E61),"Introducir Meta",IF(ISBLANK(F61),"Introducir Resultado",IF(F61>=E61,"Meta Conseguida","Meta Non Conseguida")))) -> Introducir Meta | K61: =+IF(AND(ISBLANK(I61),ISBLANK(J61)),"Introducir Meta e Resultado",IF(ISBLANK(I61),"Introducir Meta",IF(ISBLANK(J61),"Introducir Resultado",IF(J61>=I61,"Meta Conseguida","Meta Non Conseguida")))) -> Introducir Meta e Resultado | O61: =+IF(AND(ISBLANK(M61),ISBLANK(N61)),"Introducir Meta e Resultado",IF(ISBLANK(M61),"Introducir Meta",IF(ISBLANK(N61),"Introducir Resultado",IF(N61>=M61,"Meta Conseguida","Meta Non Conseguida")))) -> Introducir Meta e Resultado
A62: I24-3 | B62: Satisfacción das Persoas tituladas coa orientación académica recibida no centro | C62: DO-0203: Orientación do estudantado e atención ás NEAE | D62: Cubrir Meta e Resultado. A meta poderá estar entre os valores [1-5] Introducir o valor que se atopa na folla "Preguntas", na columna "Resultado" nas filas "Valoración Total da pregunta Nº4 "Orientación académica recibida" do informe "Enquisas de Satisfacción dos/das egresados/as", do portal de transparencia. https://secretaria.uvigo.gal/uv/web/transparencia/grupo/show/5/28 Os resultados son do curso 23-24 | F62: 3 | G62: =+IF(AND(ISBLANK(E62),ISBLANK(F62)),"Introducir Meta e Resultado",IF(ISBLANK(E62),"Introducir Meta",IF(ISBLANK(F62),"Introducir Resultado",IF(F62>=E62,"Meta Conseguida","Meta Non Conseguida")))) -> Introducir Meta | K62: =+IF(AND(ISBLANK(I62),ISBLANK(J62)),"Introducir Meta e Resultado",IF(ISBLANK(I62),"Introducir Meta",IF(ISBLANK(J62),"Introducir Resultado",IF(J62>=I62,"Meta Conseguida","Meta Non Conseguida")))) -> Introducir Meta e Resultado | O62: =+IF(AND(ISBLANK(M62),ISBLANK(N62)),"Introducir Meta e Resultado",IF(ISBLANK(M62),"Introducir Meta",IF(ISBLANK(N62),"Introducir Resultado",IF(N62>=M62,"Meta Conseguida","Meta Non Conseguida")))) -> Introducir Meta e Resultado
A63: I24-4 | B63: Satisfacción das Persoas tituladas coa orientación profesional e laboral recibida no centro | C63: DO-0203: Orientación do estudantado e atención ás NEAE | D63: Cubrir Meta e Resultado Introducir o valor que se atopa na folla "Preguntas", na columna "Resultado" nas filas "Valoración Total da pregunta Nº5 "Orientación profesional e laboral recibida", do informe "Enquisas de Satisfacción dos/das egresados/as", do portal de transparencia" https://secretaria.uvigo.gal/uv/web/transparencia/grupo/show/5/28 Os resultados son do curso 23-24 | F63: 1.5 | G63: =+IF(AND(ISBLANK(E63),ISBLANK(F63)),"Introducir Meta e Resultado",IF(ISBLANK(E63),"Introducir Meta",IF(ISBLANK(F63),"Introducir Resultado",IF(F63>=E63,"Meta Conseguida","Meta Non Conseguida")))) -> Introducir Meta | K63: =+IF(AND(ISBLANK(I63),ISBLANK(J63)),"Introducir Meta e Resultado",IF(ISBLANK(I63),"Introducir Meta",IF(ISBLANK(J63),"Introducir Resultado",IF(J63>=I63,"Meta Conseguida","Meta Non Conseguida")))) -> Introducir Meta e Resultado | O63: =+IF(AND(ISBLANK(M63),ISBLANK(N63)),"Introducir Meta e Resultado",IF(ISBLANK(M63),"Introducir Meta",IF(ISBLANK(N63),"Introducir Resultado",IF(N63>=M63,"Meta Conseguida","Meta Non Conseguida")))) -> Introducir Meta e Resultado
A64: I25 | B64: % Alumnado en prácticas académicas | C64: DO-0204: Xestión das prácticas académicas | D64: Cubrir Meta e Resultado % estudantes en prácticas sobre matrícula da titulación do documentos "prácticas" https://secretaria.uvigo.gal/uv/web/transparencia/informe/show/5/5/9 | G64: =+IF(AND(ISBLANK(E64),ISBLANK(F64)),"Introducir Meta e Resultado",IF(ISBLANK(E64),"Introducir Meta",IF(ISBLANK(F64),"Introducir Resultado",IF(F64>=E64,"Meta Conseguida","Meta Non Conseguida")))) -> Introducir Meta e Resultado | K64: =+IF(AND(ISBLANK(I64),ISBLANK(J64)),"Introducir Meta e Resultado",IF(ISBLANK(I64),"Introducir Meta",IF(ISBLANK(J64),"Introducir Resultado",IF(J64>=I64,"Meta Conseguida","Meta Non Conseguida")))) -> Introducir Meta e Resultado | O64: =+IF(AND(ISBLANK(M64),ISBLANK(N64)),"Introducir Meta e Resultado",IF(ISBLANK(M64),"Introducir Meta",IF(ISBLANK(N64),"Introducir Resultado",IF(N64>=M64,"Meta Conseguida","Meta Non Conseguida")))) -> Introducir Meta e Resultado
A65: I26 | B65: Índice de satisfacción coa promoción da titulación e a información pública na web | C65: DO-0301 Información Pública | D65: Nº dos obxectivos (I26-1, I26-2, I26-3 e I26-4) que se acadan | E65: =+COUNTA(E66:E69) -> 0 | F65: =+COUNTIF(G66:G69,"Meta Conseguida") -> 0 | G65: =+IF(F65=0,"Ningunha Meta Alcanzada",IF(F65=E65,"Meta Totalmente Alcanzada",IF(F65>0,"Meta Parcialmente Alcanzada"))) -> Ningunha Meta Alcanzada | I65: =+COUNTA(I66:I69) -> 0 | J65: =+COUNTIF(K66:K69,"Meta Conseguida") -> 0 | K65: =+IF(J65=0,"Ningunha Meta Alcanzada",IF(J65=I65,"Meta Totalmente Alcanzada",IF(J65>0,"Meta Parcialmente Alcanzada"))) -> Ningunha Meta Alcanzada | M65: =+COUNTA(M66:M69) -> 0 | N65: =+COUNTIF(O66:O69,"Meta Conseguida") -> 0 | O65: =+IF(N65=0,"Ningunha Meta Alcanzada",IF(N65=M65,"Meta Totalmente Alcanzada",IF(N65>0,"Meta Parcialmente Alcanzada"))) -> Ningunha Meta Alcanzada
A66: I26-1 | B66: Satisfacción do Estudantado coa promoción da titulación e a información pública na web | C66: DO-0301 Información Pública | D66: Cubrir Meta e Resultado. A meta poderá estar entre os valores [1-5] Indicar o Valor que se atopa na folla de "Bloque", na columna "Resultado" na fila "Valoración Total" do "Bloque 2 Información e Transparencia" da titulación correspondente do informe de "Enquisas de Satisfacción de estudantado" do portal de transparencia. https://secretaria.uvigo.gal/uv/web/transparencia/grupo/show/5/28 Os resultados son do curso 23-24 | F66: 4.1111111 | G66: =+IF(AND(ISBLANK(E66),ISBLANK(F66)),"Introducir Meta e Resultado",IF(ISBLANK(E66),"Introducir Meta",IF(ISBLANK(F66),"Introducir Resultado",IF(F66>=E66,"Meta Conseguida","Meta Non Conseguida")))) -> Introducir Meta | K66: =+IF(AND(ISBLANK(I66),ISBLANK(J66)),"Introducir Meta e Resultado",IF(ISBLANK(I66),"Introducir Meta",IF(ISBLANK(J66),"Introducir Resultado",IF(J66>=I66,"Meta Conseguida","Meta Non Conseguida")))) -> Introducir Meta e Resultado | O66: =+IF(AND(ISBLANK(M66),ISBLANK(N66)),"Introducir Meta e Resultado",IF(ISBLANK(M66),"Introducir Meta",IF(ISBLANK(N66),"Introducir Resultado",IF(N66>=M66,"Meta Conseguida","Meta Non Conseguida")))) -> Introducir Meta e Resultado
A67: I26-2 | B67: Satisfacción do Profesorado coa promoción da titulación e a información pública na web | C67: DO-0301 Información Pública | D67: Cubrir Meta e Resultado. A meta poderá estar entre os valores [1-5] Indicar o Valor que se atopa na folla de "Bloque", na columna "Resultado" na fila "Valoración Total" do "Bloque 2 Información e Transparencia" da titulación correspondente do informe de "Enquisas de Satisfacción do Profesorado" do portal de transparencia. https://secretaria.uvigo.gal/uv/web/transparencia/grupo/show/5/28 No caso que no curso de referencia non houbera resultados, seleccionar o índice do curso pasado Os resultados son do curso 22-23 | F67: 4.75 | G67: =+IF(AND(ISBLANK(E67),ISBLANK(F67)),"Introducir Meta e Resultado",IF(ISBLANK(E67),"Introducir Meta",IF(ISBLANK(F67),"Introducir Resultado",IF(F67>=E67,"Meta Conseguida","Meta Non Conseguida")))) -> Introducir Meta | K67: =+IF(AND(ISBLANK(I67),ISBLANK(J67)),"Introducir Meta e Resultado",IF(ISBLANK(I67),"Introducir Meta",IF(ISBLANK(J67),"Introducir Resultado",IF(J67>=I67,"Meta Conseguida","Meta Non Conseguida")))) -> Introducir Meta e Resultado | O67: =+IF(AND(ISBLANK(M67),ISBLANK(N67)),"Introducir Meta e Resultado",IF(ISBLANK(M67),"Introducir Meta",IF(ISBLANK(N67),"Introducir Resultado",IF(N67>=M67,"Meta Conseguida","Meta Non Conseguida")))) -> Introducir Meta e Resultado
A68: I26-3 | B68: Satisfacción das Persoas tituladas coa promoción da titulación e a información pública na web | C68: DO-0301 Información Pública | D68: Cubrir Meta e Resultado. A meta poderá estar entre os valores [1-5] Indicar o Valor que se atopa na folla de "Bloque", na columna "Resultado" na fila "Valoración Total" do "Bloque 2 Información e Transparencia" da titulación correspondente do informe de "Enquisas de Satisfacción dos/das egresados/as " do portal de transparencia. https://secretaria.uvigo.gal/uv/web/transparencia/grupo/show/5/28 Os resultados son do curso 23-24 | F68: 2.5 | G68: =+IF(AND(ISBLANK(E68),ISBLANK(F68)),"Introducir Meta e Resultado",IF(ISBLANK(E68),"Introducir Meta",IF(ISBLANK(F68),"Introducir Resultado",IF(F68>=E68,"Meta Conseguida","Meta Non Conseguida")))) -> Introducir Meta | K68: =+IF(AND(ISBLANK(I68),ISBLANK(J68)),"Introducir Meta e Resultado",IF(ISBLANK(I68),"Introducir Meta",IF(ISBLANK(J68),"Introducir Resultado",IF(J68>=I68,"Meta Conseguida","Meta Non Conseguida")))) -> Introducir Meta e Resultado | O68: =+IF(AND(ISBLANK(M68),ISBLANK(N68)),"Introducir Meta e Resultado",IF(ISBLANK(M68),"Introducir Meta",IF(ISBLANK(N68),"Introducir Resultado",IF(N68>=M68,"Meta Conseguida","Meta Non Conseguida")))) -> Introducir Meta e Resultado
A69: I26-4 | B69: Satisfacción do PTXAS coa promoción da titulación e a información pública na web | C69: DO-0301 Información Pública | D69: Cubrir Meta e Resultado. A meta poderá estar entre os valores [1-5] Indicar o Valor que se atopa na folla de "Bloque", na columna "Resultado" na fila "Valoración Total" do "Bloque 1 Información Xeral" da titulación do informe de "Enquisas de Satisfacción do PAS" do portal de transparencia. https://secretaria.uvigo.gal/uv/web/transparencia/grupo/show/5/28 No caso que no curso de referencia non houbera resultados, seleccionar o índice do curso pasado Os resultados son do curso 22-23 | F69: 4.6666667 | G69: =+IF(AND(ISBLANK(E69),ISBLANK(F69)),"Introducir Meta e Resultado",IF(ISBLANK(E69),"Introducir Meta",IF(ISBLANK(F69),"Introducir Resultado",IF(F69>=E69,"Meta Conseguida","Meta Non Conseguida")))) -> Introducir Meta | K69: =+IF(AND(ISBLANK(I69),ISBLANK(J69)),"Introducir Meta e Resultado",IF(ISBLANK(I69),"Introducir Meta",IF(ISBLANK(J69),"Introducir Resultado",IF(J69>=I69,"Meta Conseguida","Meta Non Conseguida")))) -> Introducir Meta e Resultado | O69: =+IF(AND(ISBLANK(M69),ISBLANK(N69)),"Introducir Meta e Resultado",IF(ISBLANK(M69),"Introducir Meta",IF(ISBLANK(N69),"Introducir Resultado",IF(N69>=M69,"Meta Conseguida","Meta Non Conseguida")))) -> Introducir Meta e Resultado
A70: I34 | B70: Nº Accións de mellora definidas neste curso | C70: DO-0102: Seguimento e mellora das titulacións | D70: Só cubrir o Resultado, é un indicador informativo Nº de melloras rexistradas asociadas á titulación na aplicación SGIC neste curso | E70: ---- | G70: =+IF(ISBLANK(F70),"Introducir Resultado","Indicador Completado") -> Introducir Resultado | I70: ---- | K70: =+IF(ISBLANK(J70),"Introducir Resultado","Indicador Completado") -> Introducir Resultado | M70: ---- | O70: =+IF(ISBLANK(N70),"Introducir Resultado","Indicador Completado") -> Introducir Resultado
A71: I35 | B71: Nota media do acceso | C71: DO-0202 Promoción das titulacións | D71: Cubrir Meta e Resultado Escoller o documento de Nota Media dos graos ou másters segundo o caso: https://secretaria.uvigo.gal/uv/web/transparencia/informe/show/5/51/63 Posteriormente elixir a columna "Nota media de acceso" da fila "Título de Bacharelato do Sistema Educativo Español" da titulación. Son os resultados do curso 23-24 | F71: 7.0307242 | G71: =+IF(AND(ISBLANK(E71),ISBLANK(F71)),"Introducir Meta e Resultado",IF(ISBLANK(E71),"Introducir Meta",IF(ISBLANK(F71),"Introducir Resultado",IF(F71>=E71,"Meta Conseguida","Meta Non Conseguida")))) -> Introducir Meta | K71: =+IF(AND(ISBLANK(I71),ISBLANK(J71)),"Introducir Meta e Resultado",IF(ISBLANK(I71),"Introducir Meta",IF(ISBLANK(J71),"Introducir Resultado",IF(J71>=I71,"Meta Conseguida","Meta Non Conseguida")))) -> Introducir Meta e Resultado | O71: =+IF(AND(ISBLANK(M71),ISBLANK(N71)),"Introducir Meta e Resultado",IF(ISBLANK(M71),"Introducir Meta",IF(ISBLANK(N71),"Introducir Resultado",IF(N71>=M71,"Meta Conseguida","Meta Non Conseguida")))) -> Introducir Meta e Resultado
A72: I36 | B72: Nº Estudantado titorizado | C72: DO-0203: Orientación do estudantado e atención ás NEAE | D72: Só cubrir o Resultado, é un indicador informativo Nº de estudantado incluído no PAT | E72: ---- | G72: =+IF(ISBLANK(F72),"Introducir Resultado","Indicador Completado") -> Introducir Resultado | I72: ---- | K72: =+IF(ISBLANK(J72),"Introducir Resultado","Indicador Completado") -> Introducir Resultado | M72: ---- | O72: =+IF(ISBLANK(N72),"Introducir Resultado","Indicador Completado") -> Introducir Resultado
A73: I37 | B73: Grao de Satisfacción do estudantado co PAT | C73: DO-0203: Orientación do estudantado e atención ás NEAE | D73: Cubrir Meta e Resultado. Introducir o Grao de satisfacción do estudantado co PAT, mediante unha enquisa de realización propia. No caso de utilizar a enquisa do Anexo IV-A da "Guía para a elaboración do PAT", incluiríase o valor do ítem 4 " Valore o grao de utilidade do PAT" | G73: =+IF(AND(ISBLANK(E73),ISBLANK(F73)),"Introducir Meta e Resultado",IF(ISBLANK(E73),"Introducir Meta",IF(ISBLANK(F73),"Introducir Resultado",IF(F73>=E73,"Meta Conseguida","Meta Non Conseguida")))) -> Introducir Meta e Resultado | K73: =+IF(AND(ISBLANK(I73),ISBLANK(J73)),"Introducir Meta e Resultado",IF(ISBLANK(I73),"Introducir Meta",IF(ISBLANK(J73),"Introducir Resultado",IF(J73>=I73,"Meta Conseguida","Meta Non Conseguida")))) -> Introducir Meta e Resultado | O73: =+IF(AND(ISBLANK(M73),ISBLANK(N73)),"Introducir Meta e Resultado",IF(ISBLANK(M73),"Introducir Meta",IF(ISBLANK(N73),"Introducir Resultado",IF(N73>=M73,"Meta Conseguida","Meta Non Conseguida")))) -> Introducir Meta e Resultado
A74: I38 | B74: Grao de satisfacción das Persoas Tituladas coas Prácticas | C74: DO-0204: Xestión das prácticas académicas | D74: Cubrir Meta e Resultado. A meta poderá estar entre os valores [1-5] Indicar o Valor que se atopa na Folla de "Bloque", na columna "Resultado" na fila "Valoración Total" do "Bloque 7 Prácticas Externas" da titulación correspondente do informe de "Enquisas de satisfacción de egresados/as" do portal de transparencia https://secretaria.uvigo.gal/uv/web/transparencia/grupo/show/5/28 Son os resultados do curso 23-24 | F74: 2 | G74: =+IF(AND(ISBLANK(E74),ISBLANK(F74)),"Introducir Meta e Resultado",IF(ISBLANK(E74),"Introducir Meta",IF(ISBLANK(F74),"Introducir Resultado",IF(F74>=E74,"Meta Conseguida","Meta Non Conseguida")))) -> Introducir Meta | K74: =+IF(AND(ISBLANK(I74),ISBLANK(J74)),"Introducir Meta e Resultado",IF(ISBLANK(I74),"Introducir Meta",IF(ISBLANK(J74),"Introducir Resultado",IF(J74>=I74,"Meta Conseguida","Meta Non Conseguida")))) -> Introducir Meta e Resultado | O74: =+IF(AND(ISBLANK(M74),ISBLANK(N74)),"Introducir Meta e Resultado",IF(ISBLANK(M74),"Introducir Meta",IF(ISBLANK(N74),"Introducir Resultado",IF(N74>=M74,"Meta Conseguida","Meta Non Conseguida")))) -> Introducir Meta e Resultado
A75: I39 | B75: Grao de satisfacción cos RRHH | C75: PE-01 Xestión do PAS | D75: Nº dos obxectivos (I39-1, I39-2, I39-3 e I39-4) que se acadan | E75: =+COUNTA(E76:E79) -> 0 | F75: =+COUNTIF(G76:G79,"Meta Conseguida") -> 0 | G75: =+IF(F75=0,"Ningunha Meta Alcanzada",IF(F75=E75,"Meta Totalmente Alcanzada",IF(F75>0,"Meta Parcialmente Alcanzada"))) -> Ningunha Meta Alcanzada | I75: =+COUNTA(I76:I79) -> 0 | J75: =+COUNTIF(K76:K79,"Meta Conseguida") -> 0 | K75: =+IF(J75=0,"Ningunha Meta Alcanzada",IF(J75=I75,"Meta Totalmente Alcanzada",IF(J75>0,"Meta Parcialmente Alcanzada"))) -> Ningunha Meta Alcanzada | M75: =+COUNTA(M76:M79) -> 0 | N75: =+COUNTIF(O76:O79,"Meta Conseguida") -> 0 | O75: =+IF(N75=0,"Ningunha Meta Alcanzada",IF(N75=M75,"Meta Totalmente Alcanzada",IF(N75>0,"Meta Parcialmente Alcanzada"))) -> Ningunha Meta Alcanzada
A76: I39-1 | B76: Satisfacción do Estudantado cos RRHH da titulación | C76: PE-01 Xestión do PAS | D76: Cubrir Meta e Resultado. A meta poderá estar entre os valores [1-5] Introducir o Valor que se atopa na folla de "Bloque", na columna "Resultado" na fila "Valoración Total" do "Bloque 4 Recursos Humanos" da titulación de "Enquisas de Satisfacción de estudantado" do portal de transparencia. https://secretaria.uvigo.gal/uv/web/transparencia/grupo/show/5/28 Os resultados son do curso 23-24 | F76: 4.6666667 | G76: =+IF(AND(ISBLANK(E76),ISBLANK(F76)),"Introducir Meta e Resultado",IF(ISBLANK(E76),"Introducir Meta",IF(ISBLANK(F76),"Introducir Resultado",IF(F76>=E76,"Meta Conseguida","Meta Non Conseguida")))) -> Introducir Meta | K76: =+IF(AND(ISBLANK(I76),ISBLANK(J76)),"Introducir Meta e Resultado",IF(ISBLANK(I76),"Introducir Meta",IF(ISBLANK(J76),"Introducir Resultado",IF(J76>=I76,"Meta Conseguida","Meta Non Conseguida")))) -> Introducir Meta e Resultado | O76: =+IF(AND(ISBLANK(M76),ISBLANK(N76)),"Introducir Meta e Resultado",IF(ISBLANK(M76),"Introducir Meta",IF(ISBLANK(N76),"Introducir Resultado",IF(N76>=M76,"Meta Conseguida","Meta Non Conseguida")))) -> Introducir Meta e Resultado
A77: I39-2 | B77: Satisfacción do Profesorado cos RRHH da titulación | C77: PE-01 Xestión do PAS | D77: Cubrir Meta e Resultado. A meta poderá estar entre os valores [1-5] Introducir o valor que se atopa na folla de "Bloque", na columna "Resultado" na fila "Valoración Total" do "Bloque 4 Recursos Humanos" da titulación de "Enquisas de Satisfacción do Profesorado" do portal de transparencia. https://secretaria.uvigo.gal/uv/web/transparencia/grupo/show/5/28 Os resultados son do curso 22-23 | F77: 4.375 | G77: =+IF(AND(ISBLANK(E77),ISBLANK(F77)),"Introducir Meta e Resultado",IF(ISBLANK(E77),"Introducir Meta",IF(ISBLANK(F77),"Introducir Resultado",IF(F77>=E77,"Meta Conseguida","Meta Non Conseguida")))) -> Introducir Meta | K77: =+IF(AND(ISBLANK(I77),ISBLANK(J77)),"Introducir Meta e Resultado",IF(ISBLANK(I77),"Introducir Meta",IF(ISBLANK(J77),"Introducir Resultado",IF(J77>=I77,"Meta Conseguida","Meta Non Conseguida")))) -> Introducir Meta e Resultado | O77: =+IF(AND(ISBLANK(M77),ISBLANK(N77)),"Introducir Meta e Resultado",IF(ISBLANK(M77),"Introducir Meta",IF(ISBLANK(N77),"Introducir Resultado",IF(N77>=M77,"Meta Conseguida","Meta Non Conseguida")))) -> Introducir Meta e Resultado
A78: I39-3 | B78: Satisfacción das Persoas tituladas cos RRHH da titulación | C78: PE-01 Xestión do PAS | D78: Cubrir Meta e Resultado. A meta poderá estar entre os valores [1-5] Introducir o valor que se atopa na folla de "Bloque", na columna "Resultado" na fila "Valoración Total" do "Bloque 4 Recursos Humanos" da titulación de "Enquisas de Satisfacción dos/das egresados/as " do portal de transparencia. https://secretaria.uvigo.gal/uv/web/transparencia/grupo/show/5/28 Os resultados son do curso 23-24 | F78: 3.375 | G78: =+IF(AND(ISBLANK(E78),ISBLANK(F78)),"Introducir Meta e Resultado",IF(ISBLANK(E78),"Introducir Meta",IF(ISBLANK(F78),"Introducir Resultado",IF(F78>=E78,"Meta Conseguida","Meta Non Conseguida")))) -> Introducir Meta | K78: =+IF(AND(ISBLANK(I78),ISBLANK(J78)),"Introducir Meta e Resultado",IF(ISBLANK(I78),"Introducir Meta",IF(ISBLANK(J78),"Introducir Resultado",IF(J78>=I78,"Meta Conseguida","Meta Non Conseguida")))) -> Introducir Meta e Resultado | O78: =+IF(AND(ISBLANK(M78),ISBLANK(N78)),"Introducir Meta e Resultado",IF(ISBLANK(M78),"Introducir Meta",IF(ISBLANK(N78),"Introducir Resultado",IF(N78>=M78,"Meta Conseguida","Meta Non Conseguida")))) -> Introducir Meta e Resultado
A79: I39-4 | B79: Satisfacción do PTXAS cos RRHH da titulación | C79: PE-01 Xestión do PAS | D79: Cubrir Meta e Resultado. A meta poderá estar entre os valores [1-5] Introducir o valor que se atopa na folla de "Bloque", na columna "Resultado" na fila "Valoración Total" do "Bloque 3 Recursos Humanos " da titulación de "Enquisas de Satisfacción do PTXAS" do portal de transparencia. https://secretaria.uvigo.gal/uv/web/transparencia/grupo/show/5/28 Os resultados son do curso 22-23 | F79: 5 | G79: =+IF(AND(ISBLANK(E79),ISBLANK(F79)),"Introducir Meta e Resultado",IF(ISBLANK(E79),"Introducir Meta",IF(ISBLANK(F79),"Introducir Resultado",IF(F79>=E79,"Meta Conseguida","Meta Non Conseguida")))) -> Introducir Meta | K79: =+IF(AND(ISBLANK(I79),ISBLANK(J79)),"Introducir Meta e Resultado",IF(ISBLANK(I79),"Introducir Meta",IF(ISBLANK(J79),"Introducir Resultado",IF(J79>=I79,"Meta Conseguida","Meta Non Conseguida")))) -> Introducir Meta e Resultado | O79: =+IF(AND(ISBLANK(M79),ISBLANK(N79)),"Introducir Meta e Resultado",IF(ISBLANK(M79),"Introducir Meta",IF(ISBLANK(N79),"Introducir Resultado",IF(N79>=M79,"Meta Conseguida","Meta Non Conseguida")))) -> Introducir Meta e Resultado
A80: I42 | B80: % Accións de Mellora finalizadas en prazo | C80: XD-01: Control dos documentos e dos rexistros | D80: Cubrir Meta e Resultado Porcentaxe das accións de mellora que está prevista a súa finalización neste curso, e efectivamente están finalizadas, sobre o total das accións de mellora que finalizaban o curso de referencia. | G80: =+IF(AND(ISBLANK(E80),ISBLANK(F80)),"Introducir Meta e Resultado",IF(ISBLANK(E80),"Introducir Meta",IF(ISBLANK(F80),"Introducir Resultado",IF(F80>=E80,"Meta Conseguida","Meta Non Conseguida")))) -> Introducir Meta e Resultado | K80: =+IF(AND(ISBLANK(I80),ISBLANK(J80)),"Introducir Meta e Resultado",IF(ISBLANK(I80),"Introducir Meta",IF(ISBLANK(J80),"Introducir Resultado",IF(J80>=I80,"Meta Conseguida","Meta Non Conseguida")))) -> Introducir Meta e Resultado | O80: =+IF(AND(ISBLANK(M80),ISBLANK(N80)),"Introducir Meta e Resultado",IF(ISBLANK(M80),"Introducir Meta",IF(ISBLANK(N80),"Introducir Resultado",IF(N80>=M80,"Meta Conseguida","Meta Non Conseguida")))) -> Introducir Meta e Resultado
A81: I43 | B81: Resultados EAD | C81: PE-02 Xestión de PDI | D81: Cubrir Meta e Resultado. A meta poderá estar entre os valores [1-5] Indicar o valor que se atopa na columna "Global" e na filla "GLOBAL", do informe de avaliación docente por titulación que se atopa na secretaría virtual. https://secretaria.uvigo.gal/uvigo.sv/index.php?modulo=informes&accion=InformeEadTitulacion Os resultados son do curso 22-23 | F81: 3.51 | G81: =+IF(AND(ISBLANK(E81),ISBLANK(F81)),"Introducir Meta e Resultado",IF(ISBLANK(E81),"Introducir Meta",IF(ISBLANK(F81),"Introducir Resultado",IF(F81>=E81,"Meta Conseguida","Meta Non Conseguida")))) -> Introducir Meta | K81: =+IF(AND(ISBLANK(I81),ISBLANK(J81)),"Introducir Meta e Resultado",IF(ISBLANK(I81),"Introducir Meta",IF(ISBLANK(J81),"Introducir Resultado",IF(J81>=I81,"Meta Conseguida","Meta Non Conseguida")))) -> Introducir Meta e Resultado | O81: =+IF(AND(ISBLANK(M81),ISBLANK(N81)),"Introducir Meta e Resultado",IF(ISBLANK(M81),"Introducir Meta",IF(ISBLANK(N81),"Introducir Resultado",IF(N81>=M81,"Meta Conseguida","Meta Non Conseguida")))) -> Introducir Meta e Resultado
A82: I44 | B82: Índice de satisfacción coa organización e o desenvolvemento | C82: DO-0201 Planificación e desenvolvemento da ensinanza | D82: Nº dos obxectivos (I44-1, I44-2, I44-3 e I44-4) que se acadan | E82: =+COUNTA(E83:E86) -> 0 | F82: =+COUNTIF(G83:G86,"Meta Conseguida") -> 0 | G82: =+IF(F82=0,"Ningunha Meta Alcanzada",IF(F82=E82,"Meta Totalmente Alcanzada",IF(F82>0,"Meta Parcialmente Alcanzada"))) -> Ningunha Meta Alcanzada | I82: =+COUNTA(I83:I86) -> 0 | J82: =+COUNTIF(K83:K86,"Meta Conseguida") -> 0 | K82: =+IF(J82=0,"Ningunha Meta Alcanzada",IF(J82=I82,"Meta Totalmente Alcanzada",IF(J82>0,"Meta Parcialmente Alcanzada"))) -> Ningunha Meta Alcanzada | M82: =+COUNTA(M83:M86) -> 0 | N82: =+COUNTIF(O83:O86,"Meta Conseguida") -> 0 | O82: =+IF(N82=0,"Ningunha Meta Alcanzada",IF(N82=M82,"Meta Totalmente Alcanzada",IF(N82>0,"Meta Parcialmente Alcanzada"))) -> Ningunha Meta Alcanzada
A83: I44-1 | B83: Satisfacción do Estudantado coa organización e o desenvolvemento | C83: DO-0201 Planificación e desenvolvemento da ensinanza | D83: Cubrir Meta e Resultado. A meta poderá estar entre os valores [1-5] Introducir o Valor que se atopa na folla de "Bloque", na columna "Resultado" na fila "Valoración Total" do "Bloque 1 Organización e Desenvolvemento" da titulación do informe de "Enquisas de Satisfacción de estudantado" do portal de transparencia. https://secretaria.uvigo.gal/uv/web/transparencia/grupo/show/5/28 Os resultados son do curso 23-24 | F83: 3.9714286 | G83: =+IF(AND(ISBLANK(E83),ISBLANK(F83)),"Introducir Meta e Resultado",IF(ISBLANK(E83),"Introducir Meta",IF(ISBLANK(F83),"Introducir Resultado",IF(F83>=E83,"Meta Conseguida","Meta Non Conseguida")))) -> Introducir Meta | K83: =+IF(AND(ISBLANK(I83),ISBLANK(J83)),"Introducir Meta e Resultado",IF(ISBLANK(I83),"Introducir Meta",IF(ISBLANK(J83),"Introducir Resultado",IF(J83>=I83,"Meta Conseguida","Meta Non Conseguida")))) -> Introducir Meta e Resultado | O83: =+IF(AND(ISBLANK(M83),ISBLANK(N83)),"Introducir Meta e Resultado",IF(ISBLANK(M83),"Introducir Meta",IF(ISBLANK(N83),"Introducir Resultado",IF(N83>=M83,"Meta Conseguida","Meta Non Conseguida")))) -> Introducir Meta e Resultado
A84: I44-2 | B84: Satisfacción do Profesorado coa organización e o desenvolvemento | C84: DO-0201 Planificación e desenvolvemento da ensinanza | D84: Cubrir Meta e Resultado. A meta poderá estar entre os valores [1-5] Introducir o Valor que se atopa na folla de "Bloque", na columna "Resultado" na fila "Valoración Total" do "Bloque 1 Organización e Desenvolvemento" da titulación do informe de "Enquisas de Satisfacción do Profesorado" do portal de transparencia. https://secretaria.uvigo.gal/uv/web/transparencia/grupo/show/5/28 Os resultados son do curso 22-23 | F84: 4.75 | G84: =+IF(AND(ISBLANK(E84),ISBLANK(F84)),"Introducir Meta e Resultado",IF(ISBLANK(E84),"Introducir Meta",IF(ISBLANK(F84),"Introducir Resultado",IF(F84>=E84,"Meta Conseguida","Meta Non Conseguida")))) -> Introducir Meta | K84: =+IF(AND(ISBLANK(I84),ISBLANK(J84)),"Introducir Meta e Resultado",IF(ISBLANK(I84),"Introducir Meta",IF(ISBLANK(J84),"Introducir Resultado",IF(J84>=I84,"Meta Conseguida","Meta Non Conseguida")))) -> Introducir Meta e Resultado | O84: =+IF(AND(ISBLANK(M84),ISBLANK(N84)),"Introducir Meta e Resultado",IF(ISBLANK(M84),"Introducir Meta",IF(ISBLANK(N84),"Introducir Resultado",IF(N84>=M84,"Meta Conseguida","Meta Non Conseguida")))) -> Introducir Meta e Resultado
A85: I44-3 | B85: Satisfacción das Persoas tituladas coa organización e o desenvolvemento | C85: DO-0201 Planificación e desenvolvemento da ensinanza | D85: Cubrir Meta e Resultado. A meta poderá estar entre os valores [1-5] Introducir o Valor que se atopa na folla de "Bloque", na columna "Resultado" na fila "Valoración Total" do "Bloque 1 Organización e Desenvolvemento" da titulación corresponden do informe de "Enquisas de Satisfacción dos/das egresados/as " do portal de transparencia. https://secretaria.uvigo.gal/uv/web/transparencia/grupo/show/5/28 Os resultados son do curso 23-24 | F85: 2.7368421 | G85: =+IF(AND(ISBLANK(E85),ISBLANK(F85)),"Introducir Meta e Resultado",IF(ISBLANK(E85),"Introducir Meta",IF(ISBLANK(F85),"Introducir Resultado",IF(F85>=E85,"Meta Conseguida","Meta Non Conseguida")))) -> Introducir Meta | K85: =+IF(AND(ISBLANK(I85),ISBLANK(J85)),"Introducir Meta e Resultado",IF(ISBLANK(I85),"Introducir Meta",IF(ISBLANK(J85),"Introducir Resultado",IF(J85>=I85,"Meta Conseguida","Meta Non Conseguida")))) -> Introducir Meta e Resultado | O85: =+IF(AND(ISBLANK(M85),ISBLANK(N85)),"Introducir Meta e Resultado",IF(ISBLANK(M85),"Introducir Meta",IF(ISBLANK(N85),"Introducir Resultado",IF(N85>=M85,"Meta Conseguida","Meta Non Conseguida")))) -> Introducir Meta e Resultado
A86: I44-3 | B86: Satisfacción do PTXAS coa organización e o desenvolvemento | C86: DO-0201 Planificación e desenvolvemento da ensinanza | D86: Cubrir Meta e Resultado. A meta poderá estar entre os valores [1-5] Introducir o Valor que se atopa na folla de "Preguntas", na columna "Resultado" na fila "Valoración Total" da "Pregunta 15 a xestión das titulacións" da titulación correspondente do informe de "Enquisas de Satisfacción do PTXAS" do portal de transparencia. https://secretaria.uvigo.gal/uv/web/transparencia/grupo/show/5/28 Os resultados son do curso 22-23 | F86: 4 | G86: =+IF(AND(ISBLANK(E86),ISBLANK(F86)),"Introducir Meta e Resultado",IF(ISBLANK(E86),"Introducir Meta",IF(ISBLANK(F86),"Introducir Resultado",IF(F86>=E86,"Meta Conseguida","Meta Non Conseguida")))) -> Introducir Meta | K86: =+IF(AND(ISBLANK(I86),ISBLANK(J86)),"Introducir Meta e Resultado",IF(ISBLANK(I86),"Introducir Meta",IF(ISBLANK(J86),"Introducir Resultado",IF(J86>=I86,"Meta Conseguida","Meta Non Conseguida")))) -> Introducir Meta e Resultado | O86: =+IF(AND(ISBLANK(M86),ISBLANK(N86)),"Introducir Meta e Resultado",IF(ISBLANK(M86),"Introducir Meta",IF(ISBLANK(N86),"Introducir Resultado",IF(N86>=M86,"Meta Conseguida","Meta Non Conseguida")))) -> Introducir Meta e Resultado
A87: I45 | B87: Nº Estudantado matriculado | C87: AC-01: Acceso, evolución e Expedición de Titulos Oficiais | D87: Só Cubrir o Resultado. Este indicador utilizase para calcular outros indicadores Elixir o documento estudantes matriculados de Grao ou Máster segundo sea o caso. https://secretaria.uvigo.gal/uv/web/transparencia/informe/show/5/51/61 Indicar o Nº total de Estudantes matriculados da titulación e neste curso Os resultados son do curso 23-24 | E87: ---- | F87: 37 | G87: =+IF(ISBLANK(F87),"Introducir Resultado","Indicador Completado") -> Indicador Completado | I87: ---- | K87: =+IF(ISBLANK(J87),"Introducir Resultado","Indicador Completado") -> Introducir Resultado | M87: ---- | O87: =+IF(ISBLANK(N87),"Introducir Resultado","Indicador Completado") -> Introducir Resultado
A88: I46 | B88: Nº PDI que imparte docencia en titulación | C88: PE-02 Xestión de PDI | D88: Só Cubrir o Resultado. Este indicador utilizase para calcular outros indicadores Acceder á consulta DOC. Profesorado con Docencia, do portal de transparencia. https://secretaria.uvigo.gal/uv/web/transparencia/informe/show/5/34/25 Posteriormente indicar o Nº de profesorado da titulación e neste curso. Os resultados son do curso 23-24 | E88: ---- | F88: 32 | G88: =+IF(ISBLANK(F88),"Introducir Resultado","Indicador Completado") -> Indicador Completado | I88: ---- | K88: =+IF(ISBLANK(J88),"Introducir Resultado","Indicador Completado") -> Introducir Resultado | M88: ---- | O88: =+IF(ISBLANK(N88),"Introducir Resultado","Indicador Completado") -> Introducir Resultado
A90: Indicadores do programa estratéxico de centro
A92: I50 | B92: Indicadores do programa estratexico do centro asociado á Titulación | C92: DE-01: Programación e desenvolvemento estratéxico | D92: Nº dos obxectivos I50-11 ata I50-20 que se acadan | E92: =+COUNTA(G93:G102)-COUNTIF(G93:G102,"Non hai indicador")-COUNTIF(G93:G102,"Introducir Meta e Resultado") -> 0 | F92: =+COUNTIF(G93:G102,"Meta Conseguida") -> 0 | G92: =+IF(F92=0,"Ningunha Meta Alcanzada",IF(F92=E92,"Meta Totalmente Alcanzada",IF(F92>0,"Meta Parcialmente Alcanzada"))) -> Ningunha Meta Alcanzada | I92: =+COUNTA(K93:K102)-COUNTIF(K93:K102,"Non hai indicador")-COUNTIF(K93:K102,"Introducir Meta e Resultado") -> 0 | J92: =+COUNTIF(K93:K102,"Meta Conseguida") -> 0 | K92: =+IF(J92=0,"Ningunha Meta Alcanzada",IF(J92=I92,"Meta Totalmente Alcanzada",IF(J92>0,"Meta Parcialmente Alcanzada"))) -> Ningunha Meta Alcanzada | M92: =+COUNTA(O93:O102)-COUNTIF(O93:O102,"Non hai indicador")-COUNTIF(O93:O102,"Introducir Meta e Resultado") -> 0 | N92: =+COUNTIF(O93:O102,"Meta Conseguida") -> 0 | O92: =+IF(N92=0,"Ningunha Meta Alcanzada",IF(N92=M92,"Meta Totalmente Alcanzada",IF(N92>0,"Meta Parcialmente Alcanzada"))) -> Ningunha Meta Alcanzada
A93: I50-21 | B93: Indicador 21 | C93: DE-01: Programación e desenvolvemento estratéxico | D93: Cubrir Meta e Resultado Este indicador está establecido polo centro, e está asociado a esta titulación. | G93: =+IF(AND(ISBLANK(E93),ISBLANK(F93)),"Introducir Meta e Resultado",IF(ISBLANK(E93),"Introducir Meta",IF(ISBLANK(F93),"Introducir Resultado",IF(F93>=E93,"Meta Conseguida","Meta Non Conseguida")))) -> Introducir Meta e Resultado | K93: =+IF(AND(ISBLANK(I93),ISBLANK(J93)),"Introducir Meta e Resultado",IF(ISBLANK(I93),"Introducir Meta",IF(ISBLANK(J93),"Introducir Resultado",IF(J93>=I93,"Meta Conseguida","Meta Non Conseguida")))) -> Introducir Meta e Resultado | O93: =+IF(AND(ISBLANK(M93),ISBLANK(N93)),"Introducir Meta e Resultado",IF(ISBLANK(M93),"Introducir Meta",IF(ISBLANK(N93),"Introducir Resultado",IF(N93>=M93,"Meta Conseguida","Meta Non Conseguida")))) -> Introducir Meta e Resultado
